Workbook

Sheet PA 2023
A1: PLAN DE ACCIÓN - PLAN DE DESARROLLO MUNICIPAL INSTITUTO MUNICIPAL DE EMPLEO Y FOMENTO EMPRESARIAL DE BUCARAMANGA - IMEBU | AP1: Código: F-DPM-1210-238,37-030
AP2: Versión: 1.0
AP3: Fecha aprobación: Marzo-06-2023
AP4: Página: 1 de 1
A5: FECHA DE SUSCRIPCIÓN: | D5: 44992
A6: FECHA DE CORTE: | D6: 45016
B7: PDM 2020-2023 | G7: PROYECTOS DE INVERSIÓN | L7: CUMPLIMIENTO DE META | P7: RECURSOS PROGRAMADOS | W7: RECURSOS APROPIADOS | AC7: RECURSOS COMPROMETIDOS | AI7: RECURSOS OBLIGADOS | AO7: EJECUCIÓN PPTAL | AP7: RECURSOS GESTIONADOS | AQ7: RESPONSABLES
A8: No. | B8: Línea estratégica | C8: Componente | D8: Programa | E8: Meta PDM | F8: Indicador de producto | G8: Código BPIN | H8: Nombre del Proyecto | I8: Actividades | J8: Fecha inicio | K8: Fecha de terminación | L8: Meta programada | M8: Meta ejecutada | N8: PESO | O8: AVANCE | P8: Rubro | Q8: RECURSOS PROPIOS MUNICIPIO | R8: SGP | S8: SGR | T8: RECURSOS PROPIOS INSTITUTOS | U8: OTROS | V8: TOTAL PROGRAMADO | W8: RECURSOS PROPIOS MUNICIPIO | X8: SGP | Y8: SGR | Z8: RECURSOS PROPIOS INSTITUTOS | AA8: OTROS | AB8: TOTAL APROPIADO | AC8: RECURSOS PROPIOS MUNICIPIO | AD8: SGP | AE8: SGR | AF8: RECURSOS PROPIOS INSTITUTOS | AG8: OTROS | AH8: TOTAL COMPROMETIDO | AI8: RECURSOS PROPIOS MUNICIPIO | AJ8: SGP | AK8: SGR | AL8: RECURSOS PROPIOS INSTITUTOS | AM8: OTROS | AN8: TOTAL OBLIGADO | AQ8: Dependencia | AR8: Responsable
A9: 180 | B9: BUCARAMANGA PRODUCTIVA Y COMPETITIVA: EMPRESAS INNOVADORAS, RESPONSABLES Y CONSCIENTES | C9: Emprendimiento, Innovación, Formalización Y Dinamización Empresarial | D9: Emprendimiento E Innovación | E9: Fortalecer a 5.000 empresas, emprendimientos y/o unidades productivas, a través de la implementación de un programa de incubación y aceleración de emprendimientos innovadores articulados con el ecosistema de emprendimiento, que caracterice las capacidades tecnológicas instaladas (duras y blandas) con enfoque diferencial. | F9: Número de empresas, emprendimientos y/o unidades productivas fortalecidas a través de la implementación de un programa de incubación y aceleración de emprendimientos innovadores articulados con el ecosistema de emprendimiento, que caracterice las capacidades tecnológicas instaladas (duras y blandas) con enfoque diferencial. | G9: 2020680010157 | H9: FORTALECIMIENTO DEL COWORKING COMO ESTRATEGIA PARA EL EMPRENDIMIENTO, INNOVACIÓN, DINAMIZACIÓN Y ACELERACIÓN EMPRESARIAL EN EL MUNICIPIO DE BUCARAMANGA | I9: Asesorar técnicamente a emprendedores y/o empresarios en etapa de aceleración en programas de formación empresarial. Realizar adecuaciones en espacio para prestación de servicios de consultoria a emprendedores y/o empresarios en etapa de aceleración y Coworking. | J9: 44939 | K9: 45291 | L9: 3100 | M9: =SUM('Resultado por Estrategias'!C3:C9) -> 294 | N9: =IFERROR(AN9/$AN$22,"-") -> 0.14078843 | O9: =IFERROR(IF(M9/L9>1,(1*N9),((M9/L9)*N9)),"-") -> 0.013352193 | P9: 2.3.2.02.02.007.01 2.3.2.02.02.009.05 | Q9: =Gastos_Febrero!$M$82 -> 695900000 | V9: =SUM(Q9:U9) -> 695900000 | W9: =SUMIF(Contratación!$A$2:$A$270,"180",Contratación!$L$2:$L$270) -> 614625000 | AB9: =SUM(W9:AA9) -> 614625000 | AC9: =SUMIF(Contratación!$A$2:$A$270,"180",Contratación!$M$2:$M$270) -> 614625000 | AH9: =SUM(AC9:AG9) -> 614625000 | AI9: =SUMIF(Contratación!$A$2:$A$270,"180",Contratación!$N$2:$N$270) -> 52916875 | AN9: =SUM(AI9:AM9) -> 52916875 | AO9: =IFERROR(AN9/AB9,"-") -> 0.086096197 | AP9: ='Recursos Gestionados'!G2+'Recursos Gestionados'!G3 -> 174057134 | AQ9: IMEBU | AR9: Luis Gonzalo Gómez Guerrero
A10: 182 | B10: BUCARAMANGA PRODUCTIVA Y COMPETITIVA: EMPRESAS INNOVADORAS, RESPONSABLES Y CONSCIENTES | C10: Emprendimiento, Innovación, Formalización Y Dinamización Empresarial | D10: Centros De Desarrollo Empresarial | E10: Implementar 1 programa de desarrollo empresarial y de empleabilidad para las micro y pequeñas empresas (incluyendo unidades productivas). | F10: Número de programas de desarrollo empresariales y de empleabilidad implementados para las micro y pequeñas empresas (incluyendo unidades productivas). | G10: 2020680010074 | H10: FORTALECIMIENTO DEL CENTRO DE DESARROLLO EMPRESARIAL Y DE EMPLEABILIDAD EN EL MUNICIPIO DE BUCARAMANGA | I10: Asesorar a emprendedores y empresarios en programas de formación empresarial (Modelo de Negocios y diseño Planes de Mejora). Implementar Estrategia comunitaria para el emprendimiento y el desarrollo empresarial. Formulación de la estrategia de reactivación y sostenimiento de la economía. Brindar acompañamiento a los proyectos productivos de la población victima. | J10: 44944 | K10: 45291 | L10: 1 | M10: 1 | N10: =IFERROR(AN10/$AN$22,"-") -> 0 | O10: =IFERROR(IF(M10/L10>1,(1*N10),((M10/L10)*N10)),"-") -> 0 | P10: 2.3.2.02.02.007.02 | Q10: =Gastos_Febrero!$M$80*'% METAS CDE'!F4 -> 5.4335822e+08 | V10: =SUM(Q10:U10) -> 5.4335822e+08 | W10: =SUMIF(Contratación!$A$2:$A$270,"182",Contratación!$L$2:$L$270) -> 499013636 | AB10: =SUM(W10:AA10) -> 499013636 | AC10: =SUMIF(Contratación!$A$2:$A$270,"182",Contratación!$M$2:$M$270) -> 499013636 | AH10: =SUM(AC10:AG10) -> 499013636 | AI10: =SUMIF(Contratación!$A$2:$A$270,"182",Contratación!$N$2:$N$270) -> 0 | AN10: =SUM(AI10:AM10) -> 0 | AO10: =IFERROR(AN10/AB10,"-") -> 0 | AP10: ='Recursos Gestionados'!G4+'Recursos Gestionados'!G5 -> 352090048 | AQ10: IMEBU | AR10: Luis Gonzalo Gómez Guerrero
A11: 183 | B11: BUCARAMANGA PRODUCTIVA Y COMPETITIVA: EMPRESAS INNOVADORAS, RESPONSABLES Y CONSCIENTES | C11: Emprendimiento, Innovación, Formalización Y Dinamización Empresarial | D11: Centros De Desarrollo Empresarial | E11: Desarrollar el modelo CDE virtual para que amplíen la cobertura en la ciudad. | F11: Porcentaje de avance en el desarrollo del modelo CDE virtual para que amplíen la cobertura en la ciudad. | G11: 2020680010074 | H11: FORTALECIMIENTO DEL CENTRO DE DESARROLLO EMPRESARIAL Y DE EMPLEABILIDAD EN EL MUNICIPIO DE BUCARAMANGA | I11: Asesorar a emprendedores y empresarios en programas de formación empresarial (Modelo de Negocios y diseño Planes de Mejora). Implementar Estrategia comunitaria para el emprendimiento y el desarrollo empresarial. Formulación de la estrategia de reactivación y sostenimiento de la economía. | J11: 44944 | K11: 45291 | L11: 0.3 | M11: 0 | N11: =IFERROR(AN11/$AN$22,"-") -> 0.007139164 | O11: =IFERROR(IF(M11/L11>1,(1*N11),((M11/L11)*N11)),"-") -> 0 | P11: 2.3.2.02.02.009.03 | Q11: =Gastos_Febrero!$M$80*'% METAS CDE'!F5 -> 47256718 | V11: =SUM(Q11:U11) -> 47256718 | W11: =SUMIF(Contratación!$A$2:$A$270,"183",Contratación!$L$2:$L$270) -> 43400000 | AB11: =SUM(W11:AA11) -> 43400000 | AC11: =SUMIF(Contratación!$A$2:$A$270,"183",Contratación!$M$2:$M$270) -> 43400000 | AH11: =SUM(AC11:AG11) -> 43400000 | AI11: =SUMIF(Contratación!$A$2:$A$270,"183",Contratación!$N$2:$N$270) -> 2683333 | AN11: =SUM(AI11:AM11) -> 2683333 | AO11: =IFERROR(AN11/AB11,"-") -> 0.061827949 | AQ11: IMEBU | AR11: Luis Gonzalo Gómez Guerrero
A12: 184 | B12: BUCARAMANGA PRODUCTIVA Y COMPETITIVA: EMPRESAS INNOVADORAS, RESPONSABLES Y CONSCIENTES | C12: Emprendimiento, Innovación, Formalización Y Dinamización Empresarial | D12: Centros De Desarrollo Empresarial | E12: Formar a 7.000 emprendedores a través de un programa de formación teórica, empresarial y/o artesanal con enfoque diferencial para emprendimientos artísticos, culturales, creativos, negocios verdes, microempresarios y/o unidades productivas urbanas y rurales. | F12: Número de emprendedores formados a través de un programa de formación teórica, empresarial y/o artesanal con enfoque diferencial para emprendimientos artísticos, culturales, creativos, negocios verdes, microempresarios y/o unidades productivas urbanas y rurales. | G12: 2020680010074 | H12: FORTALECIMIENTO DEL CENTRO DE DESARROLLO EMPRESARIAL Y DE EMPLEABILIDAD EN EL MUNICIPIO DE BUCARAMANGA | I12: Asesorar a emprendedores y empresarios en programas de formación empresarial (Modelo de Negocios y diseño Planes de Mejora). Implementar Estrategia comunitaria para el emprendimiento y el desarrollo empresarial. Formulación de la estrategia de reactivación y sostenimiento de la economía. | J12: 44944 | K12: 45291 | L12: 0 | M12: =SUM('Resultado por Estrategias'!C11:C16) -> 599 | N12: =IFERROR(AN12/$AN$22,"-") -> 0.38416766 | O12: =IFERROR(IF(M12/L12>1,(1*N12),((M12/L12)*N12)),"-") -> - | P12: 2.3.2.02.02.006.01 2.3.2.02.02.007.02 2.3.2.02.02.009.03 | Q12: =Gastos_Febrero!$M$80*'% METAS CDE'!F6 -> 8.4953533e+08 | V12: =SUM(Q12:U12) -> 8.4953533e+08 | W12: =SUMIF(Contratación!$A$2:$A$270,"184",Contratación!$L$2:$L$270) -> 780203000 | AB12: =SUM(W12:AA12) -> 780203000 | AC12: =SUMIF(Contratación!$A$2:$A$270,"184",Contratación!$M$2:$M$270) -> 760778000 | AH12: =SUM(AC12:AG12) -> 760778000 | AI12: =SUMIF(Contratación!$A$2:$A$270,"184",Contratación!$N$2:$N$270) -> 144393624 | AN12: =SUM(AI12:AM12) -> 144393624 | AO12: =IFERROR(AN12/AB12,"-") -> 0.18507186 | AQ12: IMEBU | AR12: Luis Gonzalo Gómez Guerrero
A13: 185 | B13: BUCARAMANGA PRODUCTIVA Y COMPETITIVA: EMPRESAS INNOVADORAS, RESPONSABLES Y CONSCIENTES | C13: Emprendimiento, Innovación, Formalización Y Dinamización Empresarial | D13: Centros De Desarrollo Empresarial | E13: Implementar en 4.000 mipymes planes estratégicos orientados a innovar y/o incorporación tecnológica en áreas empresariales estratégicas con apoyo de Universidades y actores económicos clave. | F13: Número de mipymes con planes estratégicos implementados orientados a innovar y/o incorporación tecnológica en áreas empresariales estratégicas con apoyo de Universidades y actores económicos clave. | G13: 2020680010074 | H13: FORTALECIMIENTO DEL CENTRO DE DESARROLLO EMPRESARIAL Y DE EMPLEABILIDAD EN EL MUNICIPIO DE BUCARAMANGA | I13: Identificar habilidades y destrezas de emprendedores, empresarios y ciudadanos para orientarlos hacia el emprendimiento o la empleabilidad. | J13: 44944 | K13: 45291 | L13: 2400 | M13: =SUM('Resultado por Estrategias'!C12:C17) -> 496 | N13: =IFERROR(AN13/$AN$22,"-") -> 0 | O13: =IFERROR(IF(M13/L13>1,(1*N13),((M13/L13)*N13)),"-") -> 0 | P13: 2.3.2.02.02.007.02 2.3.2.02.02.009.03 | Q13: =Gastos_Febrero!$M$80*'% METAS CDE'!F7 -> 2.1428172e+08 | V13: =SUM(Q13:U13) -> 2.1428172e+08 | W13: =SUMIF(Contratación!$A$2:$A$270,"185",Contratación!$L$2:$L$270) -> 196793750 | AB13: =SUM(W13:AA13) -> 196793750 | AC13: =SUMIF(Contratación!$A$2:$A$270,"185",Contratación!$M$2:$M$270) -> 177368750 | AH13: =SUM(AC13:AG13) -> 177368750 | AI13: =SUMIF(Contratación!$A$2:$A$270,"185",Contratación!$N$2:$N$270) -> 0 | AN13: =SUM(AI13:AM13) -> 0 | AO13: =IFERROR(AN13/AB13,"-") -> 0 | AQ13: IMEBU | AR13: Luis Gonzalo Gómez Guerrero
A14: 186 | B14: BUCARAMANGA PRODUCTIVA Y COMPETITIVA: EMPRESAS INNOVADORAS, RESPONSABLES Y CONSCIENTES | C14: Emprendimiento, Innovación, Formalización Y Dinamización Empresarial | D14: Banca Ciudadana | E14: Intervenir a 4.000 empresas y/o emprendimientos mediante apalancamiento financiero orientado a realizar inversión en innovación y/o tecnología en la zona rural y urbana con enfoque diferencial. | F14: Número de empresas y/o emprendimientos intervenidos mediante apalancamiento financiero orientado a realizar inversión en innovación y/o tecnología en la zona rural y urbana con enfoque diferencial. | G14: 2020680010084 | H14: APOYO DEL FONDO DE FOMENTO Y CRÉDITO DE APOYO DEL IMEBU, PROGRAMA BANCA CIUDADANA EN EL MUNICIPIO DE BUCARAMANGA | I14: Otorgar créditos para el emprendimiento y/o fortalecimiento financiero de empresas orientados a capital de trabajo, nómina y/o activos fijos. Realizar acompañamiento técnico y visitas pos crédito a los emprendimientos y/o empresas apoyadas. | J14: 44939 | K14: 45291 | L14: 2569 | M14: =SUM('Resultado por Estrategias'!C19) -> 232 | N14: =IFERROR(AN14/$AN$22,"-") -> 0.02354594 | O14: =IFERROR(IF(M14/L14>1,(1*N14),((M14/L14)*N14)),"-") -> 0.0021263753 | P14: 2.3.2.02.02.009.01 2.3.2.02.02.009.02 | Q14: 3000000 | T14: 2000000 | V14: =SUM(Q14:U15) -> 617180000 | W14: 0 | AB14: =SUM(W14:AA15) -> 111362500 | AC14: 0 | AH14: =SUM(AC14:AG15) -> 111362500 | AI14: 0 | AN14: =SUM(AI14:AM15) -> 8849999.5 | AO14: =IFERROR(AN14/AB14,"-") -> 0.079470194 | AQ14: IMEBU | AR14: Luis Gonzalo Gómez Guerrero
A15: 186 | B15: BUCARAMANGA PRODUCTIVA Y COMPETITIVA: EMPRESAS INNOVADORAS, RESPONSABLES Y CONSCIENTES | C15: Emprendimiento, Innovación, Formalización Y Dinamización Empresarial | D15: Banca Ciudadana | E15: Intervenir a 4.000 empresas y/o emprendimientos mediante apalancamiento financiero orientado a realizar inversión en innovación y/o tecnología en la zona rural y urbana con enfoque diferencial. | F15: Número de empresas y/o emprendimientos intervenidos mediante apalancamiento financiero orientado a realizar inversión en innovación y/o tecnología en la zona rural y urbana con enfoque diferencial. | G15: 2022680010037 | H15: APOYO A LAS LÍNEAS DE CRÉDITO CONDONABLE Y NO CONDONABLE DEL FONDO DE FOMENTO Y CRÉDITO DEL IMEBU PROGRAMA BANCA CIUDADANA EN EL MUNICIPIO DE BUCARAMANGA | I15: Otorgar créditos no condonables para el fortalecimiento financiero de empresas y/o emprendimientos Otorgar créditos condonables para el fortalecimiento financiero de proyectos productivos, empresas y/o emprendimientos de población vulnerable | J15: 44949 | K15: 45291 | O15: =IFERROR(IF(M15/L15>1,(1*N15),((M15/L15)*N15)),"-") -> - | P15: 2.3.2.02.02.009.01 2.3.2.02.02.009.02 | Q15: 612180000 | W15: =SUMIF(Contratación!$A$2:$A$270,"186",Contratación!$L$2:$L$270) -> 111362500 | AC15: =SUMIF(Contratación!$A$2:$A$270,"186",Contratación!$M$2:$M$270) -> 111362500 | AI15: =SUMIF(Contratación!$A$2:$A$270,"186",Contratación!$N$2:$N$270) -> 8849999.5
A16: 187 | B16: BUCARAMANGA PRODUCTIVA Y COMPETITIVA: EMPRESAS INNOVADORAS, RESPONSABLES Y CONSCIENTES | C16: Emprendimiento, Innovación, Formalización Y Dinamización Empresarial | D16: Banca Ciudadana | E16: Otorgar 6.000 créditos a emprendimientos y mipymes de orientados a capital de trabajo o destinos de inversión diferente a innovación y/o tecnología en zonas urbanas y rurales. | F16: Número de créditos otorgados a emprendimientos y mipymes de orientados a capital de trabajo o destinos de inversión diferente a innovación y/o tecnología en zonas urbanas y rurales. | G16: 2022680010037 | H16: APOYO A LAS LÍNEAS DE CRÉDITO CONDONABLE Y NO CONDONABLE DEL FONDO DE FOMENTO Y CRÉDITO DEL IMEBU PROGRAMA BANCA CIUDADANA EN EL MUNICIPIO DE BUCARAMANGA | I16: Otorgar créditos no condonables para el fortalecimiento financiero de empresas y/o emprendimientos Otorgar créditos condonables para el fortalecimiento financiero de proyectos productivos, empresas y/o emprendimientos de población vulnerable | J16: 44949 | K16: 45291 | L16: 1263 | M16: =SUM('Resultado por Estrategias'!C20) -> 341 | N16: =IFERROR(AN16/$AN$22,"-") -> 0.02354594 | O16: =IFERROR(IF(M16/L16>1,(1*N16),((M16/L16)*N16)),"-") -> 0.0063572174 | P16: 2.3.2.02.02.009.01 2.3.2.02.02.009.02 | Q16: 612180000 | V16: =SUM(Q16:U17) -> 617180000 | W16: =SUMIF(Contratación!$A$2:$A$270,"186",Contratación!$L$2:$L$270) -> 111362500 | AB16: =SUM(W16:AA17) -> 111362500 | AC16: =SUMIF(Contratación!$A$2:$A$270,"186",Contratación!$M$2:$M$270) -> 111362500 | AH16: =SUM(AC16:AG17) -> 111362500 | AI16: =SUMIF(Contratación!$A$2:$A$270,"186",Contratación!$N$2:$N$270) -> 8849999.5 | AN16: =SUM(AI16:AM17) -> 8849999.5 | AO16: =IFERROR(AN16/AB16,"-") -> 0.079470194 | AQ16: IMEBU | AR16: Luis Gonzalo Gómez Guerrero
A17: 187 | B17: BUCARAMANGA PRODUCTIVA Y COMPETITIVA: EMPRESAS INNOVADORAS, RESPONSABLES Y CONSCIENTES | C17: Emprendimiento, Innovación, Formalización Y Dinamización Empresarial | D17: Banca Ciudadana | E17: Otorgar 6.000 créditos a emprendimientos y mipymes de orientados a capital de trabajo o destinos de inversión diferente a innovación y/o tecnología en zonas urbanas y rurales. | F17: Número de créditos otorgados a emprendimientos y mipymes de orientados a capital de trabajo o destinos de inversión diferente a innovación y/o tecnología en zonas urbanas y rurales. | G17: 2020680010084 | H17: APOYO DEL FONDO DE FOMENTO Y CRÉDITO DE APOYO DEL IMEBU, PROGRAMA BANCA CIUDADANA EN EL MUNICIPIO DE BUCARAMANGA | I17: Otorgar créditos para el emprendimiento y/o fortalecimiento financiero de empresas orientados a capital de trabajo, nómina y/o activos fijos. Realizar acompañamiento técnico y visitas pos crédito a los emprendimientos y/o empresas apoyadas. | J17: 44939 | K17: 45291 | O17: =IFERROR(IF(M17/L17>1,(1*N17),((M17/L17)*N17)),"-") -> - | P17: 2.3.2.02.02.009.01 2.3.2.02.02.009.02 | Q17: 3000000 | T17: 2000000 | AI17: 0
A18: 188 | B18: BUCARAMANGA PRODUCTIVA Y COMPETITIVA: EMPRESAS INNOVADORAS, RESPONSABLES Y CONSCIENTES | C18: Empleabilidad, Empleo Y Trabajo Decente | D18: Empleo Y Empleabilidad | E18: Registrar 5.000 hojas de vida para facilitar el proceso de inserción en el mercado laboral identificando habilidades, destrezas y que competencias para el trabajo. | F18: Número de hojas de vida registradas para facilitar el proceso de inserción en el mercado laboral identificando habilidades, destrezas y que competencias para el trabajo. | G18: 2022680010086 | H18: FORTALECIMIENTO DE LA OFICINA DE FOMENTO A LA EMPLEABILIDAD, EL EMPLEO Y EL TRABAJO DECENTE EN EL MUNICIPIO DE BUCARAMANGA | I18: Brindar formación en competencias personales y/o técnicas para el trabajo Realizar intermediación laboral entre oferentes de trabajo y buscadores de empleo. Ofrecer acompañamiento a las empresas en la estructuración y selección de perfiles adecuados a sus requerimientos. Formular la política pública de empleo y trabajo decente de la ciudad. Garantizar la operatividad y continuidad del programa de empleo y la oficina de empleabilidad del Instituto Municipal de Empleo y fomento empresarial - IMEBU. | J18: 44942 | K18: 45291 | L18: 0 | M18: =SUM('Resultado por Estrategias'!C21) -> 1192 | N18: =IFERROR(AN18/$AN$22,"-") -> 0.042454048 | O18: =IFERROR(IF(M18/L18>1,(1*N18),((M18/L18)*N18)),"-") -> - | P18: 2.3.2.02.02.009.04 | Q18: =Gastos_Febrero!$M$83/3 -> 79590000 | V18: =SUM(Q18:U18) -> 79590000 | W18: =SUMIF(Contratación!$A$2:$A$270,"188",Contratación!$L$2:$L$270) -> 73203333 | AB18: =SUM(W18:AA18) -> 73203333 | AC18: =SUMIF(Contratación!$A$2:$A$270,"188",Contratación!$M$2:$M$270) -> 73203333 | AH18: =SUM(AC18:AG18) -> 73203333 | AI18: =SUMIF(Contratación!$A$2:$A$270,"188",Contratación!$N$2:$N$270) -> 15956819 | AN18: =SUM(AI18:AM18) -> 15956819 | AO18: =IFERROR(AN18/AB18,"-") -> 0.2179794 | AQ18: IMEBU | AR18: Luis Gonzalo Gómez Guerrero
A19: 189 | B19: BUCARAMANGA PRODUCTIVA Y COMPETITIVA: EMPRESAS INNOVADORAS, RESPONSABLES Y CONSCIENTES | C19: Empleabilidad, Empleo Y Trabajo Decente | D19: Empleo Y Empleabilidad | E19: Formar 3.000 jóvenes y adultos en competencias personales y/o técnicas para el trabajo con el fin de facilitar su inserción en el mercado laboral. | F19: Número de jóvenes y adultos formados en competencias personales y/o técnicas para el trabajo con el fin de facilitar su inserción en el mercado laboral. | G19: 2022680010086 | H19: FORTALECIMIENTO DE LA OFICINA DE FOMENTO A LA EMPLEABILIDAD, EL EMPLEO Y EL TRABAJO DECENTE EN EL MUNICIPIO DE BUCARAMANGA | I19: Brindar formación en competencias personales y/o técnicas para el trabajo Realizar intermediación laboral entre oferentes de trabajo y buscadores de empleo. Ofrecer acompañamiento a las empresas en la estructuración y selección de perfiles adecuados a sus requerimientos. Formular la política pública de empleo y trabajo decente de la ciudad. Garantizar la operatividad y continuidad del programa de empleo y la oficina de empleabilidad del Instituto Municipal de Empleo y fomento empresarial - IMEBU. | J19: 44942 | K19: 45291 | L19: 0 | M19: =SUM('Resultado por Estrategias'!C22) -> 1192 | N19: =IFERROR(AN19/$AN$22,"-") -> 0.042454048 | O19: =IFERROR(IF(M19/L19>1,(1*N19),((M19/L19)*N19)),"-") -> - | P19: 2.3.2.02.02.009.04 | Q19: =Gastos_Febrero!$M$83/3 -> 79590000 | V19: =SUM(Q19:U19) -> 79590000 | W19: =SUMIF(Contratación!$A$2:$A$270,"189",Contratación!$L$2:$L$270) -> 73203333 | AB19: =SUM(W19:AA19) -> 73203333 | AC19: =SUMIF(Contratación!$A$2:$A$270,"189",Contratación!$M$2:$M$270) -> 73203333 | AH19: =SUM(AC19:AG19) -> 73203333 | AI19: =SUMIF(Contratación!$A$2:$A$270,"189",Contratación!$N$2:$N$270) -> 15956819 | AN19: =SUM(AI19:AM19) -> 15956819 | AO19: =IFERROR(AN19/AB19,"-") -> 0.2179794 | AQ19: IMEBU | AR19: Luis Gonzalo Gómez Guerrero
A20: 190 | B20: BUCARAMANGA PRODUCTIVA Y COMPETITIVA: EMPRESAS INNOVADORAS, RESPONSABLES Y CONSCIENTES | C20: Empleabilidad, Empleo Y Trabajo Decente | D20: Empleo Y Empleabilidad | E20: Acompañar a 1.500 empresas en el fomento de una cultura del empleo y trabajo decente para capturar vacantes que permitan realizar la intermediación laboral. | F20: Número de empresas acompañadas en el fomento de una cultura del empleo y trabajo decente para capturar vacantes que permitan realizar la intermediación laboral. | G20: 2022680010086 | H20: FORTALECIMIENTO DE LA OFICINA DE FOMENTO A LA EMPLEABILIDAD, EL EMPLEO Y EL TRABAJO DECENTE EN EL MUNICIPIO DE BUCARAMANGA | I20: Brindar formación en competencias personales y/o técnicas para el trabajo Realizar intermediación laboral entre oferentes de trabajo y buscadores de empleo. Ofrecer acompañamiento a las empresas en la estructuración y selección de perfiles adecuados a sus requerimientos. Formular la política pública de empleo y trabajo decente de la ciudad. Garantizar la operatividad y continuidad del programa de empleo y la oficina de empleabilidad del Instituto Municipal de Empleo y fomento empresarial - IMEBU. | J20: 44942 | K20: 45291 | L20: 0 | M20: =SUM('Resultado por Estrategias'!C23) -> 51 | N20: =IFERROR(AN20/$AN$22,"-") -> 0.042454048 | O20: =IFERROR(IF(M20/L20>1,(1*N20),((M20/L20)*N20)),"-") -> - | P20: 2.3.2.02.02.009.04 | Q20: =Gastos_Febrero!$M$83/3 -> 79590000 | V20: =SUM(Q20:U20) -> 79590000 | W20: =SUMIF(Contratación!$A$2:$A$270,"190",Contratación!$L$2:$L$270) -> 73203333 | AB20: =SUM(W20:AA20) -> 73203333 | AC20: =SUMIF(Contratación!$A$2:$A$270,"190",Contratación!$M$2:$M$270) -> 73203333 | AH20: =SUM(AC20:AG20) -> 73203333 | AI20: =SUMIF(Contratación!$A$2:$A$270,"190",Contratación!$N$2:$N$270) -> 15956819 | AN20: =SUM(AI20:AM20) -> 15956819 | AO20: =IFERROR(AN20/AB20,"-") -> 0.2179794 | AQ20: IMEBU | AR20: Luis Gonzalo Gómez Guerrero
A21: 302 | B21: BUCARAMANGA TERRITORIO LIBRE DE CORRUPCIÓN: INSTITUCIONES SÓLIDAS Y CONFIABLES | C21: Administración Pública Moderna E Innovadora | D21: Gobierno Fortalecido Para Ser Y Hacer | E21: Mantener en funcionamiento el 100% de los programas del Instituto Municipal del Empleo. | F21: Porcentaje de los programas de Instituto Municipal del Empleo mantenidos en funcionamiento. | G21: 2021680010176 | H21: FORTALECIMIENTO DE LOS PROCESOS DEL INSTITUTO MUNICIPAL DE EMPLEO Y FOMENTO EMPRESARIAL DEL MUNICIPIO DE BUCARAMANGA | I21: Apoyar los procesos administrativos, juridicos y de control interno del IMEBU. Realizar acompañamiento, seguimiento y control de los programas y proyectos misionales del IMEBU. | J21: 44936 | K21: 45291 | L21: 1 | M21: 1 | N21: =IFERROR(AN21/$AN$22,"-") -> 0.29345072 | O21: =IFERROR(IF(M21/L21>1,(1*N21),((M21/L21)*N21)),"-") -> 0.29345072 | P21: 2.3.2.02.02.009.06 | Q21: =Gastos_Febrero!$M$84 -> 541456051 | V21: =SUM(Q21:U21) -> 541456051 | W21: =SUMIF(Contratación!$A$2:$A$270,"302",Contratación!$L$2:$L$270) -> 538083602 | AB21: =SUM(W21:AA21) -> 538083602 | AC21: =SUMIF(Contratación!$A$2:$A$270,"302",Contratación!$M$2:$M$270) -> 538083602 | AH21: =SUM(AC21:AG21) -> 538083602 | AI21: =SUMIF(Contratación!$A$2:$A$270,"302",Contratación!$N$2:$N$270) -> 110296666 | AN21: =SUM(AI21:AM21) -> 110296666 | AO21: =IFERROR(AN21/AB21,"-") -> 0.20498054 | AQ21: IMEBU | AR21: Luis Gonzalo Gómez Guerrero
A22: {=SUM(--(FREQUENCY(A9:A21,A9:A21)>0))} -> 11 | M22: TOTALES | O22: =IFERROR(SUM(O9:O21),"-") -> 0.3152865 | Q22: =SUM(Q9:Q21) -> 4360918051 | R22: =SUM(R9:R21) -> 0 | S22: =SUM(S9:S21) -> 0 | T22: =SUM(T9:T21) -> 4000000 | U22: =SUM(U9:U21) -> 0 | V22: =SUBTOTAL(9,V9:V21) -> 4364918051 | W22: =SUBTOTAL(9,W9:W21) -> 3.114454e+09 | X22: =SUBTOTAL(9,X9:X21) -> 0 | Y22: =SUBTOTAL(9,Y9:Y21) -> 0 | Z22: =SUBTOTAL(9,Z9:Z21) -> 0 | AA22: =SUBTOTAL(9,AA9:AA21) -> 0 | AB22: =SUBTOTAL(9,AB9:AB21) -> 3.114454e+09 | AC22: =SUBTOTAL(9,AC9:AC21) -> 3.075604e+09 | ... AN22: =SUBTOTAL(9,AN9:AN21) -> 375860954 | AO22: =IFERROR(AN22/AB22,"-") -> 0.12068278 | AP22: =SUBTOTAL(9,AP9:AP21) -> 526147182

Sheet Contratación
A1: No. Meta (la del PA) | B1: Meta PDM (Copiar la meta del PA) | C1: BPIN | D1: Nombre proyecto de inversión | E1: Objeto de la contratación/pago/transferencia/etc | F1: No. contrato/convenio/pago/resolución/etc | G1: Tipo de contrato | H1: Modalidad | I1: Nombre Contratista | J1: Rubro | K1: Fecha RP | L1: Total apropiado | M1: Total comprometido | N1: Total obligado (pagos+cxp) | O1: Referencia Secop II
A2: 180 | B2: Fortalecer a 5.000 empresas, emprendimientos y/o unidades productivas, a través de la implementación de un programa de incubación y aceleración de emprendimientos innovadores articulados con el ecosistema de emprendimiento, que caracterice las capacidades tecnológicas instaladas (duras y blandas) con enfoque diferencial. | C2: 2020680010157 | D2: FORTALECIMIENTO DEL COWORKING COMO ESTRATEGIA PARA EL EMPRENDIMIENTO, INNOVACIÓN, DINAMIZACIÓN Y ACELERACIÓN EMPRESARIAL EN EL MUNICIPIO DE BUCARAMANGA | E2: PRESTAR LOS SERVICIOS PROFESIONALES DE CARACTER TEMPORAL PARA COADYUVAR A TRAVES DE ACOMPAÑAMIENTOS EN DESARROLLO Y PROGRAMACION WEB A EMPRESARIOS Y/O EMPRENDEDORES DE LA CIUDAD DE BUCARAMANGA, QUE REQUIERAN OPTIMIZAR SUS RECURSOS DIGITALES Y WEB, ACORDE AL PROCESO DE AVCELERACION DEL PROGRAMA COWORKING BAJO LA ESTRATEGIA AVANZA BGA DEL IMEBU. CPS-103-2023, DURACIÓN SIETE (07) MESES. | F2: 103-2023 | G2: CPS | H2: DIRECTA | I2: APARICIO DURAN BRAYAN | J2: 2.3.2.02.02.009.05 | K2: 45014 | L2: 28000000 | M2: 28000000
A3: 180 | B3: Fortalecer a 5.000 empresas, emprendimientos y/o unidades productivas, a través de la implementación de un programa de incubación y aceleración de emprendimientos innovadores articulados con el ecosistema de emprendimiento, que caracterice las capacidades tecnológicas instaladas (duras y blandas) con enfoque diferencial. | C3: 2020680010157 | D3: FORTALECIMIENTO DEL COWORKING COMO ESTRATEGIA PARA EL EMPRENDIMIENTO, INNOVACIÓN, DINAMIZACIÓN Y ACELERACIÓN EMPRESARIAL EN EL MUNICIPIO DE BUCARAMANGA | E3: PRESTAR LOS SERVICIOS PROFESIONALES DE CARÁCTER TEMPORAL, PARA BRINDAR APOYO Y SEGUIMIENTO, TÉCNICO, ADMINISTRATIVO, FINANCIERO Y COMERCIAL A EMPRENDEDORES Y EMPRESARIOS DE LA CIUDAD DE BUCARAMANGA, DE ACUERDO A LA ESTRATEGIA INCUBADORA DE EMPRENDIMIENTOS, EN EL MARCO DEL PROGRAMA MISIONAL COWORKING DEL IMEBU. | F3: 076-2023 | G3: CPS | H3: DIRECTA | I3: ARCINIEGAS VARGAS OSCAR ORLANDO | J3: 2.3.2.02.02.009.05 | K3: 44978 | L3: 14700000 | M3: 14700000 | N3: 1225000 | O3: https://community.secop.gov.co/Public/Tendering/OpportunityDetail/Index?noticeUID=CO1.NTC.4041667&isFromPublicArea=True&isModal=False
A4: 180 | B4: Fortalecer a 5.000 empresas, emprendimientos y/o unidades productivas, a través de la implementación de un programa de incubación y aceleración de emprendimientos innovadores articulados con el ecosistema de emprendimiento, que caracterice las capacidades tecnológicas instaladas (duras y blandas) con enfoque diferencial. | C4: 2020680010157 | D4: FORTALECIMIENTO DEL COWORKING COMO ESTRATEGIA PARA EL EMPRENDIMIENTO, INNOVACIÓN, DINAMIZACIÓN Y ACELERACIÓN EMPRESARIAL EN EL MUNICIPIO DE BUCARAMANGA | E4: PRESTAR LOS SERVICIOS PROFESIONALES DE CARÁCTER TEMPORAL PARA BRINDAR APOYO Y ACOMPAÑAMIENTO A EMPRESARIOS Y EMPRENDEDORES DE LA CIUDAD, EN EL DISEÑO Y CREACIÓN DE PÁGINAS WEB EN EL MARCO DEL PROGRAMA COWORKING DEL IMEBU | F4: 063-2023 | G4: CPS | H4: DIRECTA | I4: BAYONA GARCIA MARIO JESUS | J4: 2.3.2.02.02.009.05 | K4: 44957 | L4: 33600000 | M4: 33600000 | N4: 4200000 | O4: https://community.secop.gov.co/Public/Tendering/OpportunityDetail/Index?noticeUID=CO1.NTC.3892847&isFromPublicArea=True&isModal=False
A5: 180 | B5: Fortalecer a 5.000 empresas, emprendimientos y/o unidades productivas, a través de la implementación de un programa de incubación y aceleración de emprendimientos innovadores articulados con el ecosistema de emprendimiento, que caracterice las capacidades tecnológicas instaladas (duras y blandas) con enfoque diferencial. | C5: 2020680010157 | D5: FORTALECIMIENTO DEL COWORKING COMO ESTRATEGIA PARA EL EMPRENDIMIENTO, INNOVACIÓN, DINAMIZACIÓN Y ACELERACIÓN EMPRESARIAL EN EL MUNICIPIO DE BUCARAMANGA | E5: AUNAR ESFUERZOS PARA FOMENTAR EL EMPRENDIMIENTO, LA CIENCIA, TECNOLOGÍA E INNOVACIÓN MEDIANTE LA PARTICIPACIÓN EN EL PROYECTO S-INNOVA BUCARAMANGA. | F5: 002-2023 | G5: CA | H5: DIRECTA | I5: CAMARA DE COMERCIO DE BUCARAMANGA | J5: 2.3.2.02.02.007.01 | K5: 44974 | L5: 170000000 | M5: 170000000 | N5: 0 | O5: https://community.secop.gov.co/Public/Tendering/OpportunityDetail/Index?noticeUID=CO1.NTC.4002380&isFromPublicArea=True&isModal=False
A6: 180 | B6: Fortalecer a 5.000 empresas, emprendimientos y/o unidades productivas, a través de la implementación de un programa de incubación y aceleración de emprendimientos innovadores articulados con el ecosistema de emprendimiento, que caracterice las capacidades tecnológicas instaladas (duras y blandas) con enfoque diferencial. | C6: 2020680010157 | D6: FORTALECIMIENTO DEL COWORKING COMO ESTRATEGIA PARA EL EMPRENDIMIENTO, INNOVACIÓN, DINAMIZACIÓN Y ACELERACIÓN EMPRESARIAL EN EL MUNICIPIO DE BUCARAMANGA | E6: PRESTAR LOS SERVICIOS DE APOYO A LA GESTIÓN, PARA COADYUVAR EN LAS ACTIVIDADES ASISTENCIALES, OPERATIVAS Y LOGÍSTICAS REQUERIDAS PARA LA ESTRATEGIA INCUBADORA DE EMPRENDIMIENTOS, EN EL MARCO DEL PROGRAMA MISIONAL COWORKING DEL IMEBU. | F6: 080-2023 | G6: CPS | H6: DIRECTA | I6: CARDENAS BARILLAS SANDRA LILIANA | J6: 2.3.2.02.02.009.05 | K6: 44978 | L6: 11025000 | M6: 11025000 | N6: 826875 | O6: https://community.secop.gov.co/Public/Tendering/OpportunityDetail/Index?noticeUID=CO1.NTC.4051159&isFromPublicArea=True&isModal=False
A7: 180 | B7: Fortalecer a 5.000 empresas, emprendimientos y/o unidades productivas, a través de la implementación de un programa de incubación y aceleración de emprendimientos innovadores articulados con el ecosistema de emprendimiento, que caracterice las capacidades tecnológicas instaladas (duras y blandas) con enfoque diferencial. | C7: 2020680010157 | D7: FORTALECIMIENTO DEL COWORKING COMO ESTRATEGIA PARA EL EMPRENDIMIENTO, INNOVACIÓN, DINAMIZACIÓN Y ACELERACIÓN EMPRESARIAL EN EL MUNICIPIO DE BUCARAMANGA | E7: PRESTAR LOS SERVICIOS PROFESIONALES DE CARACTER TEMPORAL PARA BRINDAR APOYO Y SEGUIMIENTO TECNICO, ADMINISTRATIVO Y COMERCIAL A EMPRENDEDORES Y EMPRESARIOS DE LA CIUDAD, DE ACUERDO A LA ESTRATEGIA INCUBADORA DE EMPRENDIMIENTOS, EN EL MARCO DEL PROGRAMA MISIONAL COWORKING DEL IMEBU | F7: 048-2023 | G7: CPS | H7: DIRECTA | I7: CHARRY BOLIVAR LORENA | J7: 2.3.2.02.02.009.05 | K7: 44953 | L7: 14700000 | M7: 14700000 | N7: =490000+3675000 -> 4165000 | O7: https://community.secop.gov.co/Public/Tendering/OpportunityDetail/Index?noticeUID=CO1.NTC.3855802&isFromPublicArea=True&isModal=False
A8: 180 | B8: Fortalecer a 5.000 empresas, emprendimientos y/o unidades productivas, a través de la implementación de un programa de incubación y aceleración de emprendimientos innovadores articulados con el ecosistema de emprendimiento, que caracterice las capacidades tecnológicas instaladas (duras y blandas) con enfoque diferencial. | C8: 2020680010157 | D8: FORTALECIMIENTO DEL COWORKING COMO ESTRATEGIA PARA EL EMPRENDIMIENTO, INNOVACIÓN, DINAMIZACIÓN Y ACELERACIÓN EMPRESARIAL EN EL MUNICIPIO DE BUCARAMANGA | E8: PRESTAR LOS SERVICIOS PROFESIONALES DE CARACTER TEMPORAL, PARA BRINDAR APOYO Y ACOMPAÑAMIENTO A LOS MODELOS DE NEGOCIOS DE EMPRENDEDORES Y EMPRESARIOS DE LA CIUDAD DE BUCARAMANGA, DE ACUERDO A LA ESTRATEGIA INCUBADORA DE EMPRENDIMIENTOS, EN EL MARCO DEL PROGRAMA MISIONAL COWORKING DEL IMEBU. CPS-093-2023, DURACIÓN SEIS (06) MESES. | F8: 093-2023 | G8: CPS | H8: DIRECTA | I8: DELGADO GALVIS MARTHA LILIANA | J8: 2.3.2.02.02.009.05 | K8: 44995 | L8: 22800000 | M8: 22800000
A9: 180 | B9: Fortalecer a 5.000 empresas, emprendimientos y/o unidades productivas, a través de la implementación de un programa de incubación y aceleración de emprendimientos innovadores articulados con el ecosistema de emprendimiento, que caracterice las capacidades tecnológicas instaladas (duras y blandas) con enfoque diferencial. | C9: 2020680010157 | D9: FORTALECIMIENTO DEL COWORKING COMO ESTRATEGIA PARA EL EMPRENDIMIENTO, INNOVACIÓN, DINAMIZACIÓN Y ACELERACIÓN EMPRESARIAL EN EL MUNICIPIO DE BUCARAMANGA | E9: PRESTAR LOS SERVICIOS PROFESIONALES DE CARÁCTER TEMPORAL PARA APOYAR EN LAS DIFERENTES ESTRATEGIAS DE MARKETING A EMPRESARIOS Y EMPRENDEDORES DE LA CIUDAD, EN EL MARCO DEL PROGRAMA COWORKING DEL IMEBU | F9: 053-2023 | G9: CPS | H9: DIRECTA | I9: GARCIA ORTIZ SILVIA JULIANA | J9: 2.3.2.02.02.009.05 | K9: 44957 | L9: 33600000 | M9: 33600000 | N9: 4200000 | O9: https://community.secop.gov.co/Public/Tendering/OpportunityDetail/Index?noticeUID=CO1.NTC.3890153&isFromPublicArea=True&isModal=False | Q9: =Gastos_Febrero!$M$82 -> 695900000 | W9: =SUMIF(Contratación!$A$2:$A$270,"180",Contratación!$L$2:$L$270) -> 614625000 | AC9: =SUMIF(Contratación!$A$2:$A$270,"180",Contratación!$M$2:$M$270) -> 614625000 | AI9: =SUMIF(Contratación!$A$2:$A$270,"180",Contratación!$N$2:$N$270) -> 52916875
A10: 180 | B10: Fortalecer a 5.000 empresas, emprendimientos y/o unidades productivas, a través de la implementación de un programa de incubación y aceleración de emprendimientos innovadores articulados con el ecosistema de emprendimiento, que caracterice las capacidades tecnológicas instaladas (duras y blandas) con enfoque diferencial. | C10: 2020680010157 | D10: FORTALECIMIENTO DEL COWORKING COMO ESTRATEGIA PARA EL EMPRENDIMIENTO, INNOVACIÓN, DINAMIZACIÓN Y ACELERACIÓN EMPRESARIAL EN EL MUNICIPIO DE BUCARAMANGA | E10: PRESTAR LOS SERVICIOS PROFESIONALES DE CARÁCTER TEMPORAL COMO PRODUCTOR Y FOTÓGRAFO QUE CONTRIBUYA A IMPULSAR Y FORTALECER LAS CAMPAÑAS CREATIVAS DE EMPRESARIOS Y EMPRENDEDORES DE LA CIUDAD, EN EL MARCO DEL PROGRAMA COWORKING DEL IMEBU | F10: 054-2023 | G10: CPS | H10: DIRECTA | I10: LEAL MORENO CRISTIAN CAMILO | J10: 2.3.2.02.02.009.05 | K10: 44957 | L10: 33600000 | M10: 33600000 | N10: 4200000 | O10: https://community.secop.gov.co/Public/Tendering/OpportunityDetail/Index?noticeUID=CO1.NTC.3891354&isFromPublicArea=True&isModal=False | Q10: =Gastos_Febrero!$M$80*'% METAS CDE'!F4 -> 5.4335822e+08 | W10: =SUMIF(Contratación!$A$2:$A$270,"182",Contratación!$L$2:$L$270) -> 499013636 | AC10: =SUMIF(Contratación!$A$2:$A$270,"182",Contratación!$M$2:$M$270) -> 499013636 | AI10: =SUMIF(Contratación!$A$2:$A$270,"182",Contratación!$N$2:$N$270) -> 0
A11: 180 | B11: Fortalecer a 5.000 empresas, emprendimientos y/o unidades productivas, a través de la implementación de un programa de incubación y aceleración de emprendimientos innovadores articulados con el ecosistema de emprendimiento, que caracterice las capacidades tecnológicas instaladas (duras y blandas) con enfoque diferencial. | C11: 2020680010157 | D11: FORTALECIMIENTO DEL COWORKING COMO ESTRATEGIA PARA EL EMPRENDIMIENTO, INNOVACIÓN, DINAMIZACIÓN Y ACELERACIÓN EMPRESARIAL EN EL MUNICIPIO DE BUCARAMANGA | E11: PRESTAR LOS SERVICIOS PROFESIONALES DE CARÁCTER TEMPORAL PARA BRINDAR APOYO EN ESTRATEGIAS DIGITALES Y AUTOMATIZACIÓN DE MARKETING, DIRIGIDO A EMPRESARIOS Y EMPRENDEDORES DE LA CIUDAD EN EL MARCO DE LA ESTRATEGIA AVANZA BGA-PROGRAMA COWORKING DEL IMEBU. | F11: 035-2023 | G11: CPS | H11: DIRECTA | I11: LIZARAZO GUERRERO JUAN SEBASTIAN | J11: 2.3.2.02.02.009.05 | K11: 44950 | L11: 33600000 | M11: 33600000 | N11: =980000+4200000 -> 5180000 | O11: https://community.secop.gov.co/Public/Tendering/OpportunityDetail/Index?noticeUID=CO1.NTC.3824914&isFromPublicArea=True&isModal=False | Q11: =Gastos_Febrero!$M$80*'% METAS CDE'!F5 -> 47256718 | W11: =SUMIF(Contratación!$A$2:$A$270,"183",Contratación!$L$2:$L$270) -> 43400000 | AC11: =SUMIF(Contratación!$A$2:$A$270,"183",Contratación!$M$2:$M$270) -> 43400000 | AI11: =SUMIF(Contratación!$A$2:$A$270,"183",Contratación!$N$2:$N$270) -> 2683333
A12: 180 | B12: Fortalecer a 5.000 empresas, emprendimientos y/o unidades productivas, a través de la implementación de un programa de incubación y aceleración de emprendimientos innovadores articulados con el ecosistema de emprendimiento, que caracterice las capacidades tecnológicas instaladas (duras y blandas) con enfoque diferencial. | C12: 2020680010157 | D12: FORTALECIMIENTO DEL COWORKING COMO ESTRATEGIA PARA EL EMPRENDIMIENTO, INNOVACIÓN, DINAMIZACIÓN Y ACELERACIÓN EMPRESARIAL EN EL MUNICIPIO DE BUCARAMANGA | E12: CD 23-00082, PRESTAR LOS SERVICIOS PROFESIONALES DE CARÁCTER TEMPORAL PARA BRINDAR APOYO A LA SUBDIRECCIÓN TÉCNICA EN LA GESTIÓN DE ESTRATEGIAS DIGITALES Y AUTOMATIZACIÓN DE MARKETING, DIRIGIDO A EMPRESARIOS Y EMPRENDEDORES DE BUCARAMANGA EN EL MARCO DE LA ESTRATEGIA AVANZA BGA -PROGRAMA COWORKING DEL IMEBU. CPS 071 DURACIÓN OCHO (08) MESES. | F12: 071-2023 | G12: CPS | H12: DIRECTA | I12: LOPEZ LOPEZ YULIET DAYANA | J12: 2.3.2.02.02.009.05 | K12: 44966 | L12: 33600000 | M12: 33600000 | N12: 3080000 | O12: https://community.secop.gov.co/Public/Tendering/OpportunityDetail/Index?noticeUID=CO1.NTC.3961646&isFromPublicArea=True&isModal=False | Q12: =Gastos_Febrero!$M$80*'% METAS CDE'!F6 -> 8.4953533e+08 | W12: =SUMIF(Contratación!$A$2:$A$270,"184",Contratación!$L$2:$L$270) -> 780203000 | AC12: =SUMIF(Contratación!$A$2:$A$270,"184",Contratación!$M$2:$M$270) -> 760778000 | AI12: =SUMIF(Contratación!$A$2:$A$270,"184",Contratación!$N$2:$N$270) -> 144393624
A13: 180 | B13: Fortalecer a 5.000 empresas, emprendimientos y/o unidades productivas, a través de la implementación de un programa de incubación y aceleración de emprendimientos innovadores articulados con el ecosistema de emprendimiento, que caracterice las capacidades tecnológicas instaladas (duras y blandas) con enfoque diferencial. | C13: 2020680010157 | D13: FORTALECIMIENTO DEL COWORKING COMO ESTRATEGIA PARA EL EMPRENDIMIENTO, INNOVACIÓN, DINAMIZACIÓN Y ACELERACIÓN EMPRESARIAL EN EL MUNICIPIO DE BUCARAMANGA | E13: CD 23-00093, PRESTAR LOS SERVICIOS PROFESIONALES DE CARÁCTER TEMPORAL, PARA BRINDAR APOYO Y SEGUIMIENTO, TÉCNICO, ADMINISTRATIVO, FINANCIERO Y COMERCIAL A EMPRENDEDORES Y EMPRESARIOS DE LA CIUDAD DE BUCARAMANGA, DE ACUERDO A LA ESTRATEGIA INCUBADORA DE EMPRENDIMIENTOS, EN EL MARCO DEL PROGRAMA MISIONAL COWORKING DEL IMEBU. CPS074, DURACIÓN CUATRO (04) MESES. | F13: 074-2023 | G13: CPS | H13: DIRECTA | I13: MUñOZ AYALA DIANA CONSTANZA | J13: 2.3.2.02.02.009.05 | K13: 44974 | L13: 14700000 | M13: 14700000 | N13: 1715000 | O13: https://community.secop.gov.co/Public/Tendering/OpportunityDetail/Index?noticeUID=CO1.NTC.4022369&isFromPublicArea=True&isModal=False | Q13: =Gastos_Febrero!$M$80*'% METAS CDE'!F7 -> 2.1428172e+08 | W13: =SUMIF(Contratación!$A$2:$A$270,"185",Contratación!$L$2:$L$270) -> 196793750 | AC13: =SUMIF(Contratación!$A$2:$A$270,"185",Contratación!$M$2:$M$270) -> 177368750 | AI13: =SUMIF(Contratación!$A$2:$A$270,"185",Contratación!$M$2:$N$270) -> 177368750
A14: 180 | B14: Fortalecer a 5.000 empresas, emprendimientos y/o unidades productivas, a través de la implementación de un programa de incubación y aceleración de emprendimientos innovadores articulados con el ecosistema de emprendimiento, que caracterice las capacidades tecnológicas instaladas (duras y blandas) con enfoque diferencial. | C14: 2020680010157 | D14: FORTALECIMIENTO DEL COWORKING COMO ESTRATEGIA PARA EL EMPRENDIMIENTO, INNOVACIÓN, DINAMIZACIÓN Y ACELERACIÓN EMPRESARIAL EN EL MUNICIPIO DE BUCARAMANGA | E14: CD 23-00095, PRESTAR LOS SERVICIOS PROFESIONALES DE CARÁCTER TEMPORAL, PARA BRINDAR APOYO Y SEGUIMIENTO TÉCNICO, ADMINISTRATIVO, FINANCIERO Y COMERCIAL A EMPRENDEDORES Y EMPRESARIOS DE LA CIUDAD DE BUCARAMANGA, DE ACUERDO A LA ESTRATEGIA INCUBADORA DE EMPRENDIMIENTOS, EN EL MARCO DEL PROGRAMA MISIONAL COWORKING DEL IMEBU. CPS 079, DURACIÓN CUATRO (04) MESES. | F14: 079-2023 | G14: CPS | H14: DIRECTA | I14: PARRA ARCHILA ENITH DURLEY | J14: 2.3.2.02.02.009.05 | K14: 44978 | L14: 14700000 | M14: 14700000 | N14: 1225000 | O14: https://community.secop.gov.co/Public/Tendering/OpportunityDetail/Index?noticeUID=CO1.NTC.4043084&isFromPublicArea=True&isModal=False | W14: 0 | AC14: 0 | AI14: 0
A15: 180 | B15: Fortalecer a 5.000 empresas, emprendimientos y/o unidades productivas, a través de la implementación de un programa de incubación y aceleración de emprendimientos innovadores articulados con el ecosistema de emprendimiento, que caracterice las capacidades tecnológicas instaladas (duras y blandas) con enfoque diferencial. | C15: 2020680010157 | D15: FORTALECIMIENTO DEL COWORKING COMO ESTRATEGIA PARA EL EMPRENDIMIENTO, INNOVACIÓN, DINAMIZACIÓN Y ACELERACIÓN EMPRESARIAL EN EL MUNICIPIO DE BUCARAMANGA | E15: PRESTAR LOS SERVICIOS PROFESIONALES DE CARÁCTER TEMPORAL PARA APOYAR LA GESTIÓN, RECEPCIÓN Y ENTREGA DE HERRAMIENTAS TECNOLÓGICAS, REQUERIDAS PARA EL PROCESO DE ACELERACIÓN EMPRESARIAL EN EL MARCO DEL PROGRAMA COWORKING DE LA ENTIDAD. | F15: 018-2023 | G15: CPS | H15: DIRECTA | I15: PEREZ ROMERO LUIS JULIAN | J15: 2.3.2.02.02.009.05 | K15: 44945 | L15: 40800000 | M15: 40800000 | N15: =1360000+5100000 -> 6460000 | O15: https://community.secop.gov.co/Public/Tendering/OpportunityDetail/Index?noticeUID=CO1.NTC.3789237&isFromPublicArea=True&isModal=False | W15: =SUMIF(Contratación!$A$2:$A$270,"186",Contratación!$L$2:$L$270) -> 111362500 | AC15: =SUMIF(Contratación!$A$2:$A$270,"186",Contratación!$M$2:$M$270) -> 111362500 | AI15: =SUMIF(Contratación!$A$2:$A$270,"186",Contratación!$N$2:$N$270) -> 8849999.5
A16: 180 | B16: Fortalecer a 5.000 empresas, emprendimientos y/o unidades productivas, a través de la implementación de un programa de incubación y aceleración de emprendimientos innovadores articulados con el ecosistema de emprendimiento, que caracterice las capacidades tecnológicas instaladas (duras y blandas) con enfoque diferencial. | C16: 2020680010157 | D16: FORTALECIMIENTO DEL COWORKING COMO ESTRATEGIA PARA EL EMPRENDIMIENTO, INNOVACIÓN, DINAMIZACIÓN Y ACELERACIÓN EMPRESARIAL EN EL MUNICIPIO DE BUCARAMANGA | E16: PRESTAR LOS SERVICIOS PROFESIONALES DE CARÁCTER TEMPORAL PARA COADYUVAR EN LA COORDINACIÓN, PUESTA EN MARCHA Y SEGUIMIENTO DE LAS ACCIONES REQUERIDAS BAJO LA ESTRATEGIA DE INCUBACIÓN EMPRESARIAL CREA BGA, EN EL MARCO DEL PROGRAMA COWORKING DEL IMEBU. | F16: 049-2023 | G16: CPS | H16: DIRECTA | I16: PITA BERMUDEZ LAURA NATHALIA | J16: 2.3.2.02.02.009.05 | K16: 44953 | L16: 40800000 | M16: 40800000 | N16: =680000+5100000 -> 5780000 | O16: https://community.secop.gov.co/Public/Tendering/OpportunityDetail/Index?noticeUID=CO1.NTC.3855639&isFromPublicArea=True&isModal=False | W16: =SUMIF(Contratación!$A$2:$A$270,"186",Contratación!$L$2:$L$270) -> 111362500 | AC16: =SUMIF(Contratación!$A$2:$A$270,"186",Contratación!$M$2:$M$270) -> 111362500 | AI16: =SUMIF(Contratación!$A$2:$A$270,"186",Contratación!$N$2:$N$270) -> 8849999.5
A17: 180 | B17: Fortalecer a 5.000 empresas, emprendimientos y/o unidades productivas, a través de la implementación de un programa de incubación y aceleración de emprendimientos innovadores articulados con el ecosistema de emprendimiento, que caracterice las capacidades tecnológicas instaladas (duras y blandas) con enfoque diferencial. | C17: 2020680010157 | D17: FORTALECIMIENTO DEL COWORKING COMO ESTRATEGIA PARA EL EMPRENDIMIENTO, INNOVACIÓN, DINAMIZACIÓN Y ACELERACIÓN EMPRESARIAL EN EL MUNICIPIO DE BUCARAMANGA | E17: PRESTAR LOS SERVICIOS PROFESIONALES DE CARÁCTER TEMPORAL PARA BRINDAR APOYO EN LA COORDINACIÓN DE PROYECTOS DE INNOVACIÓN SOCIAL, EN EL MARCO DEL PROGRAMA MISIONAL DE LA ENTIDAD COWORKING. | F17: 017-2023 | G17: CPS | H17: DIRECTA | I17: QUIÑONEZ SANTOS NUBIA MARCELA | J17: 2.3.2.02.02.009.05 | K17: 44944 | L17: 40800000 | M17: 40800000 | N17: =1360000+5100000 -> 6460000 | O17: https://community.secop.gov.co/Public/Tendering/OpportunityDetail/Index?noticeUID=CO1.NTC.3785554&isFromPublicArea=True&isModal=False | AI17: 0
A18: 180 | B18: Fortalecer a 5.000 empresas, emprendimientos y/o unidades productivas, a través de la implementación de un programa de incubación y aceleración de emprendimientos innovadores articulados con el ecosistema de emprendimiento, que caracterice las capacidades tecnológicas instaladas (duras y blandas) con enfoque diferencial. | C18: 2020680010157 | D18: FORTALECIMIENTO DEL COWORKING COMO ESTRATEGIA PARA EL EMPRENDIMIENTO, INNOVACIÓN, DINAMIZACIÓN Y ACELERACIÓN EMPRESARIAL EN EL MUNICIPIO DE BUCARAMANGA | E18: PRESTAR LOS SERVICIOS PROFESIONALES DE CARÁCTER TEMPORAL COMO DISEÑADOR GRÁFICO, PARA CONTRIBUIR EN EL DISEÑO DE PIEZAS GRÁFICAS QUE PERMITAN IMPULSAR Y FORTALECER LAS CAMPAÑAS CREATIVAS DE EMPRESARIOS Y EMPRENDEDORES DE LA CIUDAD DE BUCARAMANGA, EN EL MARCO DEL PROGRAMA COWORKING DEL IMEBU | F18: 057-2023 | G18: CPS | H18: DIRECTA | I18: RAMIREZ RONDON EDGAR MATEO | J18: 2.3.2.02.02.009.05 | K18: 44957 | L18: 33600000 | M18: 33600000 | N18: 4200000 | O18: https://community.secop.gov.co/Public/Tendering/OpportunityDetail/Index?noticeUID=CO1.NTC.3890345&isFromPublicArea=True&isModal=False | Q18: =Gastos_Febrero!$M$83/3 -> 79590000 | W18: =SUMIF(Contratación!$A$2:$A$270,"188",Contratación!$L$2:$L$270) -> 73203333 | AC18: =SUMIF(Contratación!$A$2:$A$270,"188",Contratación!$M$2:$M$270) -> 73203333 | AI18: =SUMIF(Contratación!$A$2:$A$270,"188",Contratación!$N$2:$N$270) -> 15956819
A19: 184 | B19: Formar a 7.000 emprendedores a través de un programa de formación teórica, empresarial y/o artesanal con enfoque diferencial para emprendimientos artísticos, culturales, creativos, negocios verdes, microempresarios y/o unidades productivas urbanas y rurales. | C19: 2020680010074 | D19: FORTALECIMIENTO DEL CENTRO DE DESARROLLO EMPRESARIAL Y DE EMPLEABILIDAD EN EL MUNICIPIO DE BUCARAMANGA | E19: PRESTAR LOS SERVICIOS PROFESIONALES DE CARACTER TEMPORAL PARA APOYAR A LOS MICRO, PEQUEÑOS Y MEDIANOS EMPRESARIOS Y/O EMPRENDEDORES EN LA GESTIÓN DE PROYECTOS QUE PERMITAN GENERAR ACCIONES Y ESTRATEGIAS QUE COADYUVEN A LA REACTIVACIÓN Y FORTALECIMIENTO DE NEGOCIOS NUEVOS Y EXISTENTES, CON EL FIN DE PROMOVER E IMPULSAR EL DESARROLLO ECONÓMICO DEL MUNICIPIO DE BUCARAMANGA, A TRAVÉS DEL CENTRO DE DESARROLLO EMPRESARIAL - CAFE MADRID. CPS-086-2023, DURACIÓN SIETE (07) MESES. | F19: CPS-086 | G19: CPS | H19: DIRECTA | I19: ACEVEDO FERREIRA VIVIANA | J19: 2.3.2.02.02.009.03 | K19: 44986 | L19: 13300000 | M19: 13300000 | Q19: =Gastos_Febrero!$M$83/3 -> 79590000 | W19: =SUMIF(Contratación!$A$2:$A$270,"189",Contratación!$L$2:$L$270) -> 73203333 | AC19: =SUMIF(Contratación!$A$2:$A$270,"188",Contratación!$M$2:$M$270) -> 73203333 | AI19: =SUMIF(Contratación!$A$2:$A$270,"188",Contratación!$N$2:$N$270) -> 15956819
A20: 185 | B20: Implementar en 4.000 mipymes planes estratégicos orientados a innovar y/o incorporación tecnológica en áreas empresariales estratégicas con apoyo de Universidades y actores económicos clave. | C20: 2020680010074 | D20: FORTALECIMIENTO DEL CENTRO DE DESARROLLO EMPRESARIAL Y DE EMPLEABILIDAD EN EL MUNICIPIO DE BUCARAMANGA | E20: PRESTAR LOS SERVICIOS PROFESIONALES DE CARACTER TEMPORAL PARA APOYAR A LOS MICRO, PEQUEÑOS Y MEDIANOS EMPRESARIOS Y/O EMPRENDEDORES EN LA GESTIÓN DE PROYECTOS QUE PERMITAN GENERAR ACCIONES Y ESTRATEGIAS QUE COADYUVEN A LA REACTIVACIÓN Y FORTALECIMIENTO DE NEGOCIOS NUEVOS Y EXISTENTES, CON EL FIN DE PROMOVER E IMPULSAR EL DESARROLLO ECONÓMICO DEL MUNICIPIO DE BUCARAMANGA, A TRAVÉS DEL CENTRO DE DESARROLLO EMPRESARIAL - CAFE MADRID. CPS-086-2023, DURACIÓN SIETE (07) MESES. | F20: CPS-086 | G20: CPS | H20: DIRECTA | I20: ACEVEDO FERREIRA VIVIANA | J20: 2.3.2.02.02.009.03 | K20: 44986 | L20: 13300000 | M20: 13300000 | AC20: =SUMIF(Contratación!$A$2:$A$270,"188",Contratación!$M$2:$M$270) -> 73203333 | AI20: =SUMIF(Contratación!$A$2:$A$270,"188",Contratación!$N$2:$N$270) -> 15956819
A21: 184 | B21: Formar a 7.000 emprendedores a través de un programa de formación teórica, empresarial y/o artesanal con enfoque diferencial para emprendimientos artísticos, culturales, creativos, negocios verdes, microempresarios y/o unidades productivas urbanas y rurales. | C21: 2020680010074 | D21: FORTALECIMIENTO DEL CENTRO DE DESARROLLO EMPRESARIAL Y DE EMPLEABILIDAD EN EL MUNICIPIO DE BUCARAMANGA | E21: PRESTAR LOS SERVICIOS PROFESIONALES DE CARÁCTER TEMPORAL PARA BRINDAR APOYO EN LA CREACIÓN DE ESPACIOS Y CONDICIONES ADECUADAS PARA LOS DIÁLOGOS CON LOS GRUPOS DE VALOR Y/O SECTORES PRIORIZADOS, CON EL FIN DE LOGRAR UNA PARTICIPACIÓN ACTIVA DE LA CIUDADANÍA, EN EL MARCO DE LA ESTRATEGIA COMUNITARIA PARA LA REACTIVACION ECONOMICA - SOMOS LOCALES DE LOS CENTROS DE DESARROLLO EMPRESARIAL CDE. | F21: 056-2023 | G21: CPS | H21: DIRECTA | I21: ALBERNIA DIAZ LUIS CARLOS | J21: 2.3.2.02.02.009.03 | K21: 44957 | L21: 26600000 | M21: 26600000 | N21: 3800000 | O21: https://community.secop.gov.co/Public/Tendering/OpportunityDetail/Index?noticeUID=CO1.NTC.3889932&isFromPublicArea=True&isModal=False | Q21: =Gastos_Febrero!$M$84 -> 541456051 | W21: =SUMIF(Contratación!$A$2:$A$270,"302",Contratación!$L$2:$L$270) -> 538083602 | AC21: =SUMIF(Contratación!$A$2:$A$270,"302",Contratación!$M$2:$M$270) -> 538083602 | AI21: =SUMIF(Contratación!$A$2:$A$270,"302",Contratación!$N$2:$N$270) -> 110296666
A22: 184 | B22: Formar a 7.000 emprendedores a través de un programa de formación teórica, empresarial y/o artesanal con enfoque diferencial para emprendimientos artísticos, culturales, creativos, negocios verdes, microempresarios y/o unidades productivas urbanas y rurales. | C22: 2020680010074 | D22: FORTALECIMIENTO DEL CENTRO DE DESARROLLO EMPRESARIAL Y DE EMPLEABILIDAD EN EL MUNICIPIO DE BUCARAMANGA | E22: PRESTAR LOS SERVICIOS PROFESIONALES DE CARACTER TEMPORAL PARA APOYAR A LOS MICRO, PEQUEÑOS Y MEDIANOS EMPRESARIOS Y/O EMPRENDEDORES EN LA GESTIÓN DE PROYECTOS QUE PERMITAN GENERAR ACCIONES Y ESTRATEGIAS QUE COADYUVEN A LA REACTIVACIÓN Y FORTALECIMIENTO DE NEGOCIOS NUEVOS Y EXISTENTES, CON EL FIN DE PROMOVER E IMPULSAR EL DESARROLLO ECONÓMICO DEL MUNICIPIO DE BUCARAMANGA, A TRAVÉS DEL CENTRO DE DESARROLLO EMPRESARIAL - KENNEDY. CPS-089-2023, DURACIÓN SIETE (07) MESES. | F22: CPS-089 | G22: CPS | H22: DIRECTA | I22: ALVAREZ LIZCANO KATHERIN LISSETH | J22: 2.3.2.02.02.009.03 | K22: 44987 | L22: 13300000 | M22: 13300000
A23: 185 | B23: Implementar en 4.000 mipymes planes estratégicos orientados a innovar y/o incorporación tecnológica en áreas empresariales estratégicas con apoyo de Universidades y actores económicos clave. | C23: 2020680010074 | D23: FORTALECIMIENTO DEL CENTRO DE DESARROLLO EMPRESARIAL Y DE EMPLEABILIDAD EN EL MUNICIPIO DE BUCARAMANGA | E23: PRESTAR LOS SERVICIOS PROFESIONALES DE CARACTER TEMPORAL PARA APOYAR A LOS MICRO, PEQUEÑOS Y MEDIANOS EMPRESARIOS Y/O EMPRENDEDORES EN LA GESTIÓN DE PROYECTOS QUE PERMITAN GENERAR ACCIONES Y ESTRATEGIAS QUE COADYUVEN A LA REACTIVACIÓN Y FORTALECIMIENTO DE NEGOCIOS NUEVOS Y EXISTENTES, CON EL FIN DE PROMOVER E IMPULSAR EL DESARROLLO ECONÓMICO DEL MUNICIPIO DE BUCARAMANGA, A TRAVÉS DEL CENTRO DE DESARROLLO EMPRESARIAL - KENNEDY. CPS-089-2023, DURACIÓN SIETE (07) MESES. | F23: CPS-089 | G23: CPS | H23: DIRECTA | I23: ALVAREZ LIZCANO KATHERIN LISSETH | J23: 2.3.2.02.02.009.03 | K23: 44987 | L23: 13300000 | M23: 13300000
A24: 184 | B24: Formar a 7.000 emprendedores a través de un programa de formación teórica, empresarial y/o artesanal con enfoque diferencial para emprendimientos artísticos, culturales, creativos, negocios verdes, microempresarios y/o unidades productivas urbanas y rurales. | C24: 2020680010074 | D24: FORTALECIMIENTO DEL CENTRO DE DESARROLLO EMPRESARIAL Y DE EMPLEABILIDAD EN EL MUNICIPIO DE BUCARAMANGA | E24: PRESTACIÓN DE SERVICIOS DE APOYO A LA GESTIÓN, PARA CONTRIBUIR EN LAS ACTIVIDADES LOGÍSTICAS, OPERATIVAS Y ASISTENCIALES QUE SE REQUIERAN EN LAS COMUNAS Y/O CORREGIMIENTOS DE BUCARAMANGA, DENTRO DE LA ESTRATEGIA DE REACTIVACIÓN ECONOMICA - SOMOS LOCALES DEL IMEBU. | F24: 062-2023 | G24: CPS | H24: DIRECTA | I24: ARDILA SANDOVAL JURITH DANIELA | J24: 2.3.2.02.02.009.03 | K24: 44957 | L24: 11025000 | M24: 11025000 | N24: 2756250 | O24: https://community.secop.gov.co/Public/Tendering/OpportunityDetail/Index?noticeUID=CO1.NTC.3892169&isFromPublicArea=True&isModal=False
A25: 184 | B25: Formar a 7.000 emprendedores a través de un programa de formación teórica, empresarial y/o artesanal con enfoque diferencial para emprendimientos artísticos, culturales, creativos, negocios verdes, microempresarios y/o unidades productivas urbanas y rurales. | C25: 2020680010074 | D25: FORTALECIMIENTO DEL CENTRO DE DESARROLLO EMPRESARIAL Y DE EMPLEABILIDAD EN EL MUNICIPIO DE BUCARAMANGA | E25: PRESTAR LOS SERVICIOS PROFESIONALES DE CARACTER TEMPORAL PARA APOYAR A LOS MICRO, PEQUEÑOS Y MEDIANOS EMPRESARIOS Y/O EMPRENDEDORES EN LA GESTIÓN DE PROYECTOS QUE PERMITAN GENERAR ACCIONES Y ESTRATEGIAS QUE COADYUVEN A LA REACTIVACIÓN Y FORTALECIMIENTO DE NEGOCIOS NUEVOS Y EXISTENTES, CON EL FIN DE PROMOVER E IMPULSAR EL DESARROLLO ECONÓMICO DEL MUNICIPIO DE BUCARAMANGA, A TRAVÉS DEL CENTRO DE DESARROLLO EMPRESARIAL - CHAPINERO. CPS-087-2023, DURACIÓN SIETE (07) MESES. | F25: CPS-087 | G25: CPS | H25: DIRECTA | I25: ARISTIDES HERNANDEZ VALENCIA | J25: 2.3.2.02.02.009.03 | K25: 44986 | L25: 13300000 | M25: 13300000
A26: 185 | B26: Implementar en 4.000 mipymes planes estratégicos orientados a innovar y/o incorporación tecnológica en áreas empresariales estratégicas con apoyo de Universidades y actores económicos clave. | C26: 2020680010074 | D26: FORTALECIMIENTO DEL CENTRO DE DESARROLLO EMPRESARIAL Y DE EMPLEABILIDAD EN EL MUNICIPIO DE BUCARAMANGA | E26: PRESTAR LOS SERVICIOS PROFESIONALES DE CARACTER TEMPORAL PARA APOYAR A LOS MICRO, PEQUEÑOS Y MEDIANOS EMPRESARIOS Y/O EMPRENDEDORES EN LA GESTIÓN DE PROYECTOS QUE PERMITAN GENERAR ACCIONES Y ESTRATEGIAS QUE COADYUVEN A LA REACTIVACIÓN Y FORTALECIMIENTO DE NEGOCIOS NUEVOS Y EXISTENTES, CON EL FIN DE PROMOVER E IMPULSAR EL DESARROLLO ECONÓMICO DEL MUNICIPIO DE BUCARAMANGA, A TRAVÉS DEL CENTRO DE DESARROLLO EMPRESARIAL - CHAPINERO. CPS-087-2023, DURACIÓN SIETE (07) MESES. | F26: CPS-087 | G26: CPS | H26: DIRECTA | I26: ARISTIDES HERNANDEZ VALENCIA | J26: 2.3.2.02.02.009.03 | K26: 44986 | L26: 13300000 | M26: 13300000
A27: 184 | B27: Formar a 7.000 emprendedores a través de un programa de formación teórica, empresarial y/o artesanal con enfoque diferencial para emprendimientos artísticos, culturales, creativos, negocios verdes, microempresarios y/o unidades productivas urbanas y rurales. | C27: 2020680010074 | D27: FORTALECIMIENTO DEL CENTRO DE DESARROLLO EMPRESARIAL Y DE EMPLEABILIDAD EN EL MUNICIPIO DE BUCARAMANGA | E27: PRESTAR LOS SERVICIOS PROFESIONALES DE CARACTER TEMPORAL PARA APOYAR A LOS MICRO, PEQUEÑOS Y MEDIANOS EMPRESARIOS Y/O EMPRENDEDORES, EN LA GESTION DE PROYECTOS QUE PERMITAN GENERAR ACCIONES Y ESTRATEGIAS QUE COADYUVEN A LA REACTIVACION Y FORTALECIMIENTO DE NEGOCIOS NUEVOS Y EXISTENTES, CON EL FIN DE PROMOVER E IMPULSAR EL DESARROLLO ECONOMICO DEL MUNICIPIO DE BUCARAMANGA, A TRAVES DEL CENTRO DE DESARROLLO EMPRESARIAL - CAFÉ MADRID. CPS-097-2023, DURACIÓN SIETE (07) MESES. | F27: CPS-097-2023 | G27: CPS | H27: DIRECTA | I27: ASCENCIO PIMIENTO ANGELICA MARIA | J27: 2.3.2.02.02.009.03 | K27: 45007 | L27: 13300000 | M27: 13300000
A28: 185 | B28: Implementar en 4.000 mipymes planes estratégicos orientados a innovar y/o incorporación tecnológica en áreas empresariales estratégicas con apoyo de Universidades y actores económicos clave. | C28: 2020680010074 | D28: FORTALECIMIENTO DEL CENTRO DE DESARROLLO EMPRESARIAL Y DE EMPLEABILIDAD EN EL MUNICIPIO DE BUCARAMANGA | E28: PRESTAR LOS SERVICIOS PROFESIONALES DE CARACTER TEMPORAL PARA APOYAR A LOS MICRO, PEQUEÑOS Y MEDIANOS EMPRESARIOS Y/O EMPRENDEDORES, EN LA GESTION DE PROYECTOS QUE PERMITAN GENERAR ACCIONES Y ESTRATEGIAS QUE COADYUVEN A LA REACTIVACION Y FORTALECIMIENTO DE NEGOCIOS NUEVOS Y EXISTENTES, CON EL FIN DE PROMOVER E IMPULSAR EL DESARROLLO ECONOMICO DEL MUNICIPIO DE BUCARAMANGA, A TRAVES DEL CENTRO DE DESARROLLO EMPRESARIAL - CAFÉ MADRID. CPS-097-2023, DURACIÓN SIETE (07) MESES. | F28: CPS-097-2023 | G28: CPS | H28: DIRECTA | I28: ASCENCIO PIMIENTO ANGELICA MARIA | J28: 2.3.2.02.02.009.03 | K28: 45007 | L28: 13300000 | M28: 13300000
A29: 184 | B29: Formar a 7.000 emprendedores a través de un programa de formación teórica, empresarial y/o artesanal con enfoque diferencial para emprendimientos artísticos, culturales, creativos, negocios verdes, microempresarios y/o unidades productivas urbanas y rurales. | C29: 2020680010074 | D29: FORTALECIMIENTO DEL CENTRO DE DESARROLLO EMPRESARIAL Y DE EMPLEABILIDAD EN EL MUNICIPIO DE BUCARAMANGA | E29: PRESTACIÓN DE SERVICIOS DE APOYO A LA GESTIÓN, PARA CONTRIBUIR EN LAS ACTIVIDADES LOGÍSTICAS, OPERATIVAS Y ASISTENCIALES QUE SE REQUIERAN EN LAS COMUNAS Y/O CORREGIMIENTOS DE BUCARAMANGA, DENTRO DE LA ESTRATEGIA DE REACTIVACIÓN ECONÓMICA -SOMOS LOCALES DEL IMEBU. | F29: 075-2023 | G29: CPS | H29: DIRECTA | I29: BAUTISTA GALLO CLAUDIA MILENA | J29: 2.3.2.02.02.009.03 | K29: 44978 | L29: 11025000 | M29: 11025000 | N29: 918750 | O29: https://community.secop.gov.co/Public/Tendering/OpportunityDetail/Index?noticeUID=CO1.NTC.4041724&isFromPublicArea=True&isModal=False
A30: 182 | B30: Implementar 1 programa de desarrollo empresarial y de empleabilidad para las micro y pequeñas empresas (incluyendo unidades productivas). | C30: 2020680010074 | D30: FORTALECIMIENTO DEL CENTRO DE DESARROLLO EMPRESARIAL Y DE EMPLEABILIDAD EN EL MUNICIPIO DE BUCARAMANGA | E30: AUNAR ESFUERZOS TÉCNICOS, ADMINISTRATIVOS, OPERATIVOS Y ECONÓMICOS PARA COORDINAR ADMINISTRATIVAMENTE EL CENTRO DE DESARROLLO EMPRESARIAL Y EMPLEABILIDAD - CDE, UBICADO EN EL BARRIO CAFÉ MADRID Y PRESTAR EL ACOMPAÑAMIENTO EN LAS RUTAS DE EMPRENDIMIENTO Y DESARROLLO EMPRESARIAL DE TRES CDE A PARTIR DE LO SEÑALADO EN EL MODELO DE OPERACIÓN VIGENTE EN LA CIUDAD DE BUCARAMANGA | F30: 002-2023 | G30: CA | H30: DIRECTA | I30: CAMARA DE COMERCIO DE BUCARAMANGA | J30: 2.3.2.02.02.009.03 | K30: 44974 | L30: 79005242 | M30: 79005242 | N30: 0 | O30: https://community.secop.gov.co/Public/Tendering/OpportunityDetail/Index?noticeUID=CO1.NTC.4042930&isFromPublicArea=True&isModal=False
A31: 182 | B31: Implementar 1 programa de desarrollo empresarial y de empleabilidad para las micro y pequeñas empresas (incluyendo unidades productivas). | C31: 2020680010074 | D31: FORTALECIMIENTO DEL CENTRO DE DESARROLLO EMPRESARIAL Y DE EMPLEABILIDAD EN EL MUNICIPIO DE BUCARAMANGA | E31: ENTREGAR A TITULO DE ARRENDAMIENTO A FAVOR DEL INSTITUTO MUNICIPAL DE EMPLEO Y FOMENTO EMPRESARIAL DEL MUNICIPIO DE BUCARAMANGA -IMEBU, EL BIEN INMUEBLE UBICADO EN LA CARRERA 15 No. 2-71, PARA EL FUNCIONAMIENTO DEL CENTRO DE DESARROLLO EMPRESARIAL Y DE EMPLEABILIDAD -CDE SEDE CHAPINERO. CA CD-003 DE 2023. | F31: ARRENDAMIENTO | G31: ARRENDAMIENTO | H31: DIRECTA | I31: CAMARGO GUTIERREZ FLOR HELENA | J31: 2.3.2.02.02.007.02 | K31: 44980 | L31: 68750000 | M31: 68750000 | N31: 0 | O31: https://community.secop.gov.co/Public/Tendering/OpportunityDetail/Index?noticeUID=CO1.NTC.4061054&isFromPublicArea=True&isModal=False
A32: 184 | B32: Formar a 7.000 emprendedores a través de un programa de formación teórica, empresarial y/o artesanal con enfoque diferencial para emprendimientos artísticos, culturales, creativos, negocios verdes, microempresarios y/o unidades productivas urbanas y rurales. | C32: 2020680010074 | D32: FORTALECIMIENTO DEL CENTRO DE DESARROLLO EMPRESARIAL Y DE EMPLEABILIDAD EN EL MUNICIPIO DE BUCARAMANGA | E32: PRESTAR LOS SERVICIOS PROFESIONALES DE CARACTER TEMPORAL PARA APOYAR A LOS MICRO, PEQUEÑOS Y MEDIANOS EMPRESARIOS Y/O EMPRENDEDORES, EN LA GESTION DE PROYECTOS QUE PERMITAN GENERAR ACCIONES Y ESTRATEGIAS QUE COADYUVEN A LA REACTIVACION Y FORTALECIMIENTO DE NEGOCIOS NUEVOS Y EXISTENTES, CON EL FIN DE PROMOVER E IMPULSAR EL DESARROLLO ECONOMICO DEL MUNICIPIO DE BUCARAMANGA, A TRAVES DEL CENTRO DE DESARROLLO EMPRESARIAL - CAFÉ MADRID. CPS-104-2023, DURACIÓN SIETE (07) MESES. | F32: CPS-104-2023 | G32: CPS | H32: DIRECTA | I32: CAMELO GUTIERREZ LIZ SMITH | J32: 2.3.2.02.02.009.03 | K32: 45012 | L32: 13300000 | M32: 13300000
A33: 185 | B33: Implementar en 4.000 mipymes planes estratégicos orientados a innovar y/o incorporación tecnológica en áreas empresariales estratégicas con apoyo de Universidades y actores económicos clave. | C33: 2020680010074 | D33: FORTALECIMIENTO DEL CENTRO DE DESARROLLO EMPRESARIAL Y DE EMPLEABILIDAD EN EL MUNICIPIO DE BUCARAMANGA | E33: PRESTAR LOS SERVICIOS PROFESIONALES DE CARACTER TEMPORAL PARA APOYAR A LOS MICRO, PEQUEÑOS Y MEDIANOS EMPRESARIOS Y/O EMPRENDEDORES, EN LA GESTION DE PROYECTOS QUE PERMITAN GENERAR ACCIONES Y ESTRATEGIAS QUE COADYUVEN A LA REACTIVACION Y FORTALECIMIENTO DE NEGOCIOS NUEVOS Y EXISTENTES, CON EL FIN DE PROMOVER E IMPULSAR EL DESARROLLO ECONOMICO DEL MUNICIPIO DE BUCARAMANGA, A TRAVES DEL CENTRO DE DESARROLLO EMPRESARIAL - CAFÉ MADRID. CPS-104-2023, DURACIÓN SIETE (07) MESES. | F33: CPS-104-2023 | G33: CPS | H33: DIRECTA | I33: CAMELO GUTIERREZ LIZ SMITH | J33: 2.3.2.02.02.009.03 | K33: 45012 | L33: 13300000 | M33: 13300000
A34: 184 | B34: Formar a 7.000 emprendedores a través de un programa de formación teórica, empresarial y/o artesanal con enfoque diferencial para emprendimientos artísticos, culturales, creativos, negocios verdes, microempresarios y/o unidades productivas urbanas y rurales. | C34: 2020680010074 | D34: FORTALECIMIENTO DEL CENTRO DE DESARROLLO EMPRESARIAL Y DE EMPLEABILIDAD EN EL MUNICIPIO DE BUCARAMANGA | E34: PRESTAR LOS SERVICIOS PROFESIONALES DE CARACTER TEMPORAL PARA APOYAR A LOS MICRO, PEQUEÑOS Y MEDIANOS EMPRESARIOS Y/O EMPRENDEDORES, EN LA GESTIÓN DE PROYECTOS QUE PERMITAN GENERAR ACCIONES Y ESTRATEGIAS QUE COADYUVEN A LA REACTIVACIÓN Y FORTALECIMIENTO DE NEGOCIOS NUEVOS Y EXISTENTES, CON EL FIN DE PROMOVER E IMPULSAR EL DESARROLLO ECONÓMICO DEL MUNICIPIO DE BUCARAMANGA, A TRAVÉS DEL CENTRO DE DESARROLLO EMPRESARIAL - CHAPINERO. CPS-083-2023, DURACIÓN SIETE (07) MESES. | F34: CPS-083 | G34: CPS | H34: DIRECTA | I34: CARDENAS ROJAS ANA MAYERLY | J34: 2.3.2.02.02.009.03 | K34: 44986 | L34: 13300000 | M34: 13300000
A35: 185 | B35: Implementar en 4.000 mipymes planes estratégicos orientados a innovar y/o incorporación tecnológica en áreas empresariales estratégicas con apoyo de Universidades y actores económicos clave. | C35: 2020680010074 | D35: FORTALECIMIENTO DEL CENTRO DE DESARROLLO EMPRESARIAL Y DE EMPLEABILIDAD EN EL MUNICIPIO DE BUCARAMANGA | E35: PRESTAR LOS SERVICIOS PROFESIONALES DE CARACTER TEMPORAL PARA APOYAR A LOS MICRO, PEQUEÑOS Y MEDIANOS EMPRESARIOS Y/O EMPRENDEDORES, EN LA GESTIÓN DE PROYECTOS QUE PERMITAN GENERAR ACCIONES Y ESTRATEGIAS QUE COADYUVEN A LA REACTIVACIÓN Y FORTALECIMIENTO DE NEGOCIOS NUEVOS Y EXISTENTES, CON EL FIN DE PROMOVER E IMPULSAR EL DESARROLLO ECONÓMICO DEL MUNICIPIO DE BUCARAMANGA, A TRAVÉS DEL CENTRO DE DESARROLLO EMPRESARIAL - CHAPINERO. CPS-083-2023, DURACIÓN SIETE (07) MESES. | F35: CPS-083 | G35: CPS | H35: DIRECTA | I35: CARDENAS ROJAS ANA MAYERLY | J35: 2.3.2.02.02.009.03 | K35: 44986 | L35: 13300000 | M35: 13300000
A36: 184 | B36: Formar a 7.000 emprendedores a través de un programa de formación teórica, empresarial y/o artesanal con enfoque diferencial para emprendimientos artísticos, culturales, creativos, negocios verdes, microempresarios y/o unidades productivas urbanas y rurales. | C36: 2020680010074 | D36: FORTALECIMIENTO DEL CENTRO DE DESARROLLO EMPRESARIAL Y DE EMPLEABILIDAD EN EL MUNICIPIO DE BUCARAMANGA | E36: PRESTAR LOS SERVICIOS PROFESIONALES DE CARACTER TEMPORAL PARA APOYAR A LOS MICRO, PEQUEÑOS Y MEDIANOS EMPRESARIOS Y/O EMPRENDEDORES, EN LA GESTION DE PROYECTOS QUE PERMITAN GENERAR ACCIONES Y ESTRATEGIAS QUE COADYUVEN A LA REACTIVACION Y FORTALECIMIENTO DE NEGOCIOS NUEVOS Y EXISTENTES, CON EL FIN DE PROMOVER E IMPULSAR EL DESARROLLO ECONOMICO DEL MUNICIPIO DE BUCARAMANGA, A TRAVES DEL CENTRO DE DESARROLLO EMPRESARIAL. KENNEDY. CPS-096-2023, DURACIÓN SEIS (06) MESES. | F36: CPS-096-2023 | G36: CPS | H36: DIRECTA | I36: CASTILLO MARIN ERIKA LISCETH | J36: 2.3.2.02.02.009.03 | K36: 44999 | L36: 11400000 | M36: 11400000
A37: 185 | B37: Implementar en 4.000 mipymes planes estratégicos orientados a innovar y/o incorporación tecnológica en áreas empresariales estratégicas con apoyo de Universidades y actores económicos clave. | C37: 2020680010074 | D37: FORTALECIMIENTO DEL CENTRO DE DESARROLLO EMPRESARIAL Y DE EMPLEABILIDAD EN EL MUNICIPIO DE BUCARAMANGA | E37: PRESTAR LOS SERVICIOS PROFESIONALES DE CARACTER TEMPORAL PARA APOYAR A LOS MICRO, PEQUEÑOS Y MEDIANOS EMPRESARIOS Y/O EMPRENDEDORES, EN LA GESTION DE PROYECTOS QUE PERMITAN GENERAR ACCIONES Y ESTRATEGIAS QUE COADYUVEN A LA REACTIVACION Y FORTALECIMIENTO DE NEGOCIOS NUEVOS Y EXISTENTES, CON EL FIN DE PROMOVER E IMPULSAR EL DESARROLLO ECONOMICO DEL MUNICIPIO DE BUCARAMANGA, A TRAVES DEL CENTRO DE DESARROLLO EMPRESARIAL. KENNEDY. CPS-096-2023, DURACIÓN SEIS (06) MESES. | F37: CPS-096-2023 | G37: CPS | H37: DIRECTA | I37: CASTILLO MARIN ERIKA LISCETH | J37: 2.3.2.02.02.009.03 | K37: 44999 | L37: 11400000 | M37: 11400000
A38: 184 | B38: Formar a 7.000 emprendedores a través de un programa de formación teórica, empresarial y/o artesanal con enfoque diferencial para emprendimientos artísticos, culturales, creativos, negocios verdes, microempresarios y/o unidades productivas urbanas y rurales. | C38: 2020680010074 | D38: FORTALECIMIENTO DEL CENTRO DE DESARROLLO EMPRESARIAL Y DE EMPLEABILIDAD EN EL MUNICIPIO DE BUCARAMANGA | E38: PRESTAR LOS SERVICIOS PROFESIONALES DE CARÁCTER TEMPORAL PARA COADYUVAR EN LA PRODUCCIÓN Y FOTOGRAFÍA CON EL FIN DE IMPULSAR Y FORTALECER LA ESTRATEGIA MARKETPLACE, EN EL MARCO DEL PROYECTO DE FORTALECIMIENTO DEL CENTRO DE DESARROLLO EMPRESARIAL Y DE EMPLEABILIDAD DE BUCARAMANGA CDE | F38: 050-2023 | G38: CPS | H38: DIRECTA | I38: CHAVEZ VELASQUEZ MARIA PAULA | J38: 2.3.2.02.02.009.03 | K38: 44957 | L38: 24000000 | M38: 24000000 | N38: 4000000 | O38: https://community.secop.gov.co/Public/Tendering/OpportunityDetail/Index?noticeUID=CO1.NTC.3875331&isFromPublicArea=True&isModal=False
A39: 184 | B39: Formar a 7.000 emprendedores a través de un programa de formación teórica, empresarial y/o artesanal con enfoque diferencial para emprendimientos artísticos, culturales, creativos, negocios verdes, microempresarios y/o unidades productivas urbanas y rurales. | C39: 2020680010074 | D39: FORTALECIMIENTO DEL CENTRO DE DESARROLLO EMPRESARIAL Y DE EMPLEABILIDAD EN EL MUNICIPIO DE BUCARAMANGA | E39: ARRENDAR EL SALÓN PRINCIPAL, UBICADO EN EL CLUB DEL COMERCIO DE BUCARAMANGA PARA EL MONTAJE Y DESMONTAJE DEL EVENTO "EXPOCALZADO BUCARAMANGA 2023", COMO APOYO A LOS PROCESOS DE REACTIVACIÓN ECONÓMICA Y DEL EMPLEO ADELANTADOS POR EL IMEBU EN EL MUNICIPIO DE BUCARAMANGA, DE ACUERDO A LAS ESPECIFICACIONES TÉCNICAS ESTABLECIDAS POR EL INSTITUTO MUNICIPAL DE EMPLEO Y FOMENTO EMPRESARIAL DEL MUNICIPIO DE BUCARAMANGA -IMEBU. CD002, ARRENDAMIENTO. | F39: 002-2023 | G39: CD | H39: DIRECTA | I39: CLUB DEL COMERCIO DE BUCARAMANGA S.A. | J39: 2.3.2.02.02.007.02 | K39: 44978 | L39: 15000000 | M39: 15000000 | N39: 15000000 | O39: https://community.secop.gov.co/Public/Tendering/OpportunityDetail/Index?noticeUID=CO1.NTC.4042521&isFromPublicArea=True&isModal=False
A40: 182 | B40: Implementar 1 programa de desarrollo empresarial y de empleabilidad para las micro y pequeñas empresas (incluyendo unidades productivas). | C40: 2020680010074 | D40: FORTALECIMIENTO DEL CENTRO DE DESARROLLO EMPRESARIAL Y DE EMPLEABILIDAD EN EL MUNICIPIO DE BUCARAMANGA | E40: AUNAR ESFUERZOS TÉCNICOS, ADMINISTRATIVOS, OPERATIVOS Y ECONÓMICOS PARA COORDINAR ADMINISTRATIVAMENTE LOS CENTROS DE DESARROLLO EMPRESARIAL Y EMPLEABILIDAD - CDE, UBICADOS EN LOS BARRIOS CHAPINERO Y KENNEDY, Y BRINDAR EL ACOMPAÑAMIENTO EN LA RUTA DE EMPLEO DE LOS TRES CDE, CHAPINERO, KENNEY Y CAFÉ MADRID A PARTIR DEL MODELO DE OPERACIÓN VIGENTE | F40: 001-2023 | G40: CA | H40: DIRECTA | I40: COMFENALCO SANTANDER | J40: 2.3.2.02.02.009.03 | K40: 44978 | L40: 351258394 | M40: 351258394 | N40: 0 | O40: https://community.secop.gov.co/Public/Tendering/OpportunityDetail/Index?noticeUID=CO1.NTC.4023222&isFromPublicArea=True&isModal=False
A41: 184 | B41: Formar a 7.000 emprendedores a través de un programa de formación teórica, empresarial y/o artesanal con enfoque diferencial para emprendimientos artísticos, culturales, creativos, negocios verdes, microempresarios y/o unidades productivas urbanas y rurales. | C41: 2020680010074 | D41: FORTALECIMIENTO DEL CENTRO DE DESARROLLO EMPRESARIAL Y DE EMPLEABILIDAD EN EL MUNICIPIO DE BUCARAMANGA | E41: ARRENDAR EL SALON DENOMINADO "GRAN SALON", UBICADO EN EL CENTRO DE CONVENCIONES Y EVENTOS DE NEOMUNDO DE BUCARAMANGA PARA EL MONTAJE Y DESMONTAJE DEL EVENTO EXPOASOINDUCALS CUERO 2023, COMO APOYO A LOS PROCESOS DE REACTIVACIÓN ECONÓMICA Y DEL EMPLEO ADELANTADOS POR EL INSTITUTO MUNICIPAL DE EMPLEO Y FOMENTO EMPRESARIAL DEL MUNICIPIO DE BUCARAMANGA -IMEBU. | F41: 001-2023 | G41: CD | H41: DIRECTA | I41: CORPORACION CENTRO DE CONVENCIONES, CIENCIA, TECNOLOGIA, INNOVACION Y CULTURA DE | J41: 2.3.2.02.02.007.02 | K41: 44974 | L41: 55765500 | M41: 55765500 | N41: 55765500
A42: 184 | B42: Formar a 7.000 emprendedores a través de un programa de formación teórica, empresarial y/o artesanal con enfoque diferencial para emprendimientos artísticos, culturales, creativos, negocios verdes, microempresarios y/o unidades productivas urbanas y rurales. | C42: 2020680010074 | D42: FORTALECIMIENTO DEL CENTRO DE DESARROLLO EMPRESARIAL Y DE EMPLEABILIDAD EN EL MUNICIPIO DE BUCARAMANGA | E42: PRESTAR LOS SERVICIOS PROFESIONALES DE CARÁCTER TEMPORAL, PARA APOYAR LOS DIFERENTES EVENTOS Y ACTIVIDADES COMERCIALES A CARGO DEL IMEBU E INCLUIDOS EN LA AGENDA DEL MUNICIPIO DE BUCARAMANGA, EN EL MARCO DE LA ESTRATEGIA DE REACTIVACIÓN ECONÓMICA -SOMOS LOCALES CDE. | F42: 070-2023 | G42: CPS | H42: DIRECTA | I42: DUARTE GARCIA ADRIANA PATRICIA | J42: 2.3.2.02.02.009.03 | K42: 44966 | L42: 18000000 | M42: 18000000 | N42: 2200000 | O42: https://community.secop.gov.co/Public/Tendering/OpportunityDetail/Index?noticeUID=CO1.NTC.3960919&isFromPublicArea=True&isModal=False
A43: 184 | B43: Formar a 7.000 emprendedores a través de un programa de formación teórica, empresarial y/o artesanal con enfoque diferencial para emprendimientos artísticos, culturales, creativos, negocios verdes, microempresarios y/o unidades productivas urbanas y rurales. | C43: 2020680010074 | D43: FORTALECIMIENTO DEL CENTRO DE DESARROLLO EMPRESARIAL Y DE EMPLEABILIDAD EN EL MUNICIPIO DE BUCARAMANGA | E43: PRESTAR LOS SERVICIOS PROFESIONALES DE CARÁCTER TEMPORAL PARA CONTRIBUIR EN EL DESARROLLO DE LAS ACTIVIDADES ADMINISTRATIVAS, DE SEGUIMIENTO Y MEDICIÓN DE LA CALIDAD DE LOS SERVICIOS QUE SE PRESTAN A TRAVÉS DE LOS TRES CENTROS DE DESARROLLO EMPRESARIAL DE BUCARAMANGA -CDE. CPS-090-2023, DURACIÓN SIETE (07) MESES. | F43: CPS-090 | G43: CPS | H43: DIRECTA | I43: GALVIS TOLOZA LEIDY MARCELA | J43: 2.3.2.02.02.009.03 | K43: 44987 | L43: 13300000 | M43: 13300000
A44: 185 | B44: Implementar en 4.000 mipymes planes estratégicos orientados a innovar y/o incorporación tecnológica en áreas empresariales estratégicas con apoyo de Universidades y actores económicos clave. | C44: 2020680010074 | D44: FORTALECIMIENTO DEL CENTRO DE DESARROLLO EMPRESARIAL Y DE EMPLEABILIDAD EN EL MUNICIPIO DE BUCARAMANGA | E44: PRESTAR LOS SERVICIOS PROFESIONALES DE CARÁCTER TEMPORAL PARA CONTRIBUIR EN EL DESARROLLO DE LAS ACTIVIDADES ADMINISTRATIVAS, DE SEGUIMIENTO Y MEDICIÓN DE LA CALIDAD DE LOS SERVICIOS QUE SE PRESTAN A TRAVÉS DE LOS TRES CENTROS DE DESARROLLO EMPRESARIAL DE BUCARAMANGA -CDE. CPS-090-2023, DURACIÓN SIETE (07) MESES. | F44: CPS-090 | G44: CPS | H44: DIRECTA | I44: GALVIS TOLOZA LEIDY MARCELA | J44: 2.3.2.02.02.009.03 | K44: 44987 | L44: 13300000 | M44: 13300000
A45: 184 | B45: Formar a 7.000 emprendedores a través de un programa de formación teórica, empresarial y/o artesanal con enfoque diferencial para emprendimientos artísticos, culturales, creativos, negocios verdes, microempresarios y/o unidades productivas urbanas y rurales. | C45: 2020680010074 | D45: FORTALECIMIENTO DEL CENTRO DE DESARROLLO EMPRESARIAL Y DE EMPLEABILIDAD EN EL MUNICIPIO DE BUCARAMANGA | E45: PRESTAR LOS SERVICIOS PROFESIONALES DE CARÁCTER TEMPORAL PARA BRINDAR APOYO EN LA CREACIÓN DE ESPACIOS Y CONDICIONES ADECUADAS PARA LOS DIÁLOGOS CON LOS GRUPOS DE VALOR Y/O SECTORES PRIORIZADOS, CON EL FIN DE LOGRAR UNA PARTICIPACIÓN ACTIVA DE LA CIUDADANÍA, EN EL MARCO DE LA ESTRATEGIA COMUNITARIA PARA LA REACTIVACION ECONOMICA - SOMOS LOCALES DE LOS CENTROS DE DESARROLLO EMPRESARIAL CDE | F45: 029-2023 | G45: CPS | H45: DIRECTA | I45: GAMARRA GRANADOS ANDRES FELIPE | J45: 2.3.2.02.02.009.03 | K45: 44949 | L45: 26600000 | M45: 26600000 | N45: =1013333+3800000 -> 4813333 | O45: https://community.secop.gov.co/Public/Tendering/OpportunityDetail/Index?noticeUID=CO1.NTC.3809278&isFromPublicArea=True&isModal=False
A46: 184 | B46: Formar a 7.000 emprendedores a través de un programa de formación teórica, empresarial y/o artesanal con enfoque diferencial para emprendimientos artísticos, culturales, creativos, negocios verdes, microempresarios y/o unidades productivas urbanas y rurales. | C46: 2020680010074 | D46: FORTALECIMIENTO DEL CENTRO DE DESARROLLO EMPRESARIAL Y DE EMPLEABILIDAD EN EL MUNICIPIO DE BUCARAMANGA | E46: PRESTAR LOS SERVICIOS PROFESIONALES DE CARÁCTER TEMPORAL PARA APOYAR LAS ACCIONES ENCAMINADAS A LA GENERACIÓN DE ALIANZAS Y/O CONVENIOS QUE CONLLEVEN AUNAR ESFUERZOS QUE PERMITAN LA FORMALIZACIÓN E IMPLEMENTACIÓN DE LAS ESTRATEGIAS DE INCLUSIÓN PRODUCTIVA DEL IMEBU | F46: 055-2023 | G46: CPS | H46: DIRECTA | I46: GARCIA RODRIGUEZ ANGELICA MARIA | J46: 2.3.2.02.02.009.03 | K46: 44957 | L46: 24000000 | M46: 24000000 | N46: 4000000 | O46: https://community.secop.gov.co/Public/Tendering/OpportunityDetail/Index?noticeUID=CO1.NTC.3889734&isFromPublicArea=True&isModal=False
A47: 184 | B47: Formar a 7.000 emprendedores a través de un programa de formación teórica, empresarial y/o artesanal con enfoque diferencial para emprendimientos artísticos, culturales, creativos, negocios verdes, microempresarios y/o unidades productivas urbanas y rurales. | C47: 2020680010074 | D47: FORTALECIMIENTO DEL CENTRO DE DESARROLLO EMPRESARIAL Y DE EMPLEABILIDAD EN EL MUNICIPIO DE BUCARAMANGA | E47: PRESTAR LOS SERVICIOS PROFESIONALES DE CARÁCTER TEMPORAL COMO COMUNICADOR SOCIAL, QUE CONTRIBUYA A LA VISIBILIZACIÓN EN COMUNAS Y CORREGIMIENTOS DEL MUNICIPIO DE BUCARAMANGA, DE LA GESTIÓN, ARTICULACIÓN E IMPLEMENTACIÓN DE PLANES, PROGRAMAS Y PROYECTOS DEL IMEBU EN EL MARCO DE LA ESTRATEGIA DE REACTIVACIÓN ECONÓMICA. | F47: 041-2023 | G47: CPS | H47: DIRECTA | I47: GOMEZ RINCON JESSICA FERNANDA | J47: 2.3.2.02.02.009.03 | K47: 44952 | L47: 13200000 | M47: 13200000 | N47: =550000+3300000 -> 3850000 | O47: https://community.secop.gov.co/Public/Tendering/OpportunityDetail/Index?noticeUID=CO1.NTC.3844340&isFromPublicArea=True&isModal=False
A48: 184 | B48: Formar a 7.000 emprendedores a través de un programa de formación teórica, empresarial y/o artesanal con enfoque diferencial para emprendimientos artísticos, culturales, creativos, negocios verdes, microempresarios y/o unidades productivas urbanas y rurales. | C48: 2020680010074 | D48: FORTALECIMIENTO DEL CENTRO DE DESARROLLO EMPRESARIAL Y DE EMPLEABILIDAD EN EL MUNICIPIO DE BUCARAMANGA | E48: PRESTAR LOS SERVICIOS PROFESIONALES DE CARÁCTER TEMPORAL PARA CONTRIBUIR EN LAS GESTIONES TÉCNICAS REQUERIDAS DENTRO DE LA AGENDA DE EVENTOS COMERCIALES Y/O DIÁLOGOS CON LOS GRUPOS DE VALOR Y/O SECTORES PRIORIZADOS DE LAS COMUNAS Y/O CORREGIMIENTOS DE BUCARAMANGA, EN EL MARCO DE LA ESTRATEGIA PARA LA REACTIVACIÓN ECONÓMICA -SOMOS LOCALES DEL IMEBU. | F48: 072-2023 | G48: CPS | H48: DIRECTA | I48: GUEVARA JAIMES OSCAR DAVID | J48: 2.3.2.02.02.009.03 | K48: 44967 | L48: 15200000 | M48: 15200000 | N48: 2660000 | O48: https://community.secop.gov.co/Public/Tendering/OpportunityDetail/Index?noticeUID=CO1.NTC.3971925&isFromPublicArea=True&isModal=False
A49: 184 | B49: Formar a 7.000 emprendedores a través de un programa de formación teórica, empresarial y/o artesanal con enfoque diferencial para emprendimientos artísticos, culturales, creativos, negocios verdes, microempresarios y/o unidades productivas urbanas y rurales. | C49: 2020680010074 | D49: FORTALECIMIENTO DEL CENTRO DE DESARROLLO EMPRESARIAL Y DE EMPLEABILIDAD EN EL MUNICIPIO DE BUCARAMANGA | E49: PRESTAR LOS SERVICIOS DE APOYO ASISTENCIAL Y LOGISTICO EN LA GESTION DE PROYECTOS QUE PERMITAN GENERAR ACCIONES Y ESTRATEGIAS QUE COADYUVEN A LA REACTIVACION Y FORTALECIMIENTO DE NEGOCIOS NUEVOS Y EXISTENTES DE LOS MICRO, PEQUEÑOS Y MEDIANOS EMPRESARIOS Y/O EMPRENDEDORES, CON EL FIN DE PROMOVER E IMPULSAR EL DESARROLLO ECONOMICO DEL MUNICIPIO DE BUCARAMANGA, A TRAVES DEL CENTRO DE DESARROLLO EMPRESARIAL - CAFE MADRID. CPS-092-2023, DURACIÓN SEIS (06) MESES. | F49: CPS-092-2023 | G49: CPS | H49: DIRECTA | I49: HERRERA AMOROCHO LUZ ANGELA | J49: 2.3.2.02.02.009.03 | K49: 44995 | L49: 8268750 | M49: 8268750
A50: 185 | B50: Implementar en 4.000 mipymes planes estratégicos orientados a innovar y/o incorporación tecnológica en áreas empresariales estratégicas con apoyo de Universidades y actores económicos clave. | C50: 2020680010074 | D50: FORTALECIMIENTO DEL CENTRO DE DESARROLLO EMPRESARIAL Y DE EMPLEABILIDAD EN EL MUNICIPIO DE BUCARAMANGA | E50: PRESTAR LOS SERVICIOS DE APOYO ASISTENCIAL Y LOGISTICO EN LA GESTION DE PROYECTOS QUE PERMITAN GENERAR ACCIONES Y ESTRATEGIAS QUE COADYUVEN A LA REACTIVACION Y FORTALECIMIENTO DE NEGOCIOS NUEVOS Y EXISTENTES DE LOS MICRO, PEQUEÑOS Y MEDIANOS EMPRESARIOS Y/O EMPRENDEDORES, CON EL FIN DE PROMOVER E IMPULSAR EL DESARROLLO ECONOMICO DEL MUNICIPIO DE BUCARAMANGA, A TRAVES DEL CENTRO DE DESARROLLO EMPRESARIAL - CAFE MADRID. CPS-092-2023, DURACIÓN SEIS (06) MESES. | F50: CPS-092-2023 | G50: CPS | H50: DIRECTA | I50: HERRERA AMOROCHO LUZ ANGELA | J50: 2.3.2.02.02.009.03 | K50: 44995 | L50: 8268750 | M50: 8268750
A51: 184 | B51: Formar a 7.000 emprendedores a través de un programa de formación teórica, empresarial y/o artesanal con enfoque diferencial para emprendimientos artísticos, culturales, creativos, negocios verdes, microempresarios y/o unidades productivas urbanas y rurales. | C51: 2020680010074 | D51: FORTALECIMIENTO DEL CENTRO DE DESARROLLO EMPRESARIAL Y DE EMPLEABILIDAD EN EL MUNICIPIO DE BUCARAMANGA | E51: PRESTAR LOS SERVICIOS PROFESIONALES DE CARACTER TEMPORAL PARA APOYAR A LOS MICRO, PEQUEÑOS Y MEDIANOS EMPRESARIOS Y/O EMPRENDEDORES, EN LA GESTION DE PROYECTOS QUE PERMITAN GENERAR ACCIONES Y ESTRATEGIAS QUE COADYUVEN A LA REACTIVACION Y FORTALECIMIENTO DE NEGOCIOS NUEVOS Y EXISTENTES, CON EL FIN DE PROMOVER E IMPULSAR EL DESARROLLO ECONOMICO DEL MUNICIPIO DE BUCARAMANGA, A TRAVES DEL CENTRO DE DESARROLLO EMPRESARIAL - CHAPINERO. CPS-094-2023, DURACIÓN SEIS (06) MESES. | F51: CPS-094-2023 | G51: CPS | H51: DIRECTA | I51: HERRERRA AMOROCHO MABEL LUCIA | J51: 2.3.2.02.02.009.03 | K51: 44999 | L51: 11400000 | M51: 11400000
A52: 185 | B52: Implementar en 4.000 mipymes planes estratégicos orientados a innovar y/o incorporación tecnológica en áreas empresariales estratégicas con apoyo de Universidades y actores económicos clave. | C52: 2020680010074 | D52: FORTALECIMIENTO DEL CENTRO DE DESARROLLO EMPRESARIAL Y DE EMPLEABILIDAD EN EL MUNICIPIO DE BUCARAMANGA | E52: PRESTAR LOS SERVICIOS PROFESIONALES DE CARACTER TEMPORAL PARA APOYAR A LOS MICRO, PEQUEÑOS Y MEDIANOS EMPRESARIOS Y/O EMPRENDEDORES, EN LA GESTION DE PROYECTOS QUE PERMITAN GENERAR ACCIONES Y ESTRATEGIAS QUE COADYUVEN A LA REACTIVACION Y FORTALECIMIENTO DE NEGOCIOS NUEVOS Y EXISTENTES, CON EL FIN DE PROMOVER E IMPULSAR EL DESARROLLO ECONOMICO DEL MUNICIPIO DE BUCARAMANGA, A TRAVES DEL CENTRO DE DESARROLLO EMPRESARIAL - CHAPINERO. CPS-094-2023, DURACIÓN SEIS (06) MESES. | F52: CPS-094-2023 | G52: CPS | H52: DIRECTA | I52: HERRERRA AMOROCHO MABEL LUCIA | J52: 2.3.2.02.02.009.03 | K52: 44999 | L52: 11400000 | M52: 11400000
A53: 184 | B53: Formar a 7.000 emprendedores a través de un programa de formación teórica, empresarial y/o artesanal con enfoque diferencial para emprendimientos artísticos, culturales, creativos, negocios verdes, microempresarios y/o unidades productivas urbanas y rurales. | C53: 2020680010074 | D53: FORTALECIMIENTO DEL CENTRO DE DESARROLLO EMPRESARIAL Y DE EMPLEABILIDAD EN EL MUNICIPIO DE BUCARAMANGA | E53: PRESTACIÓN DE SERVICIOS DE APOYO A LA GESTIÓN, PARA COADYUVAR EN LAS ACTIVIDADES OPERATIVAS, LOGÍSTICAS Y ASISTENCIALES REQUERIDAS QUE SE REQUIERAN DENTRO DE LA AGENDA DE EVENTOS COMERCIALES Y LOS ESPACIOS DE DIÁLOGOS ESTABLECIDOS EN LOS GRUPOS DE VALOR Y/O SECTORES PRIORIZADOS EN LAS COMUNAS Y/O CORREGIMIENTOS DE BUCARAMANGA. CPS -081-2023, DURACIÓN SEIS (06) MESES. | F53: CPS-082 | G53: CPS | H53: DIRECTA | I53: LEON VELASCO JAVIER FERNANDO | J53: 2.3.2.02.02.009.03 | K53: 44986 | L53: 16537500 | M53: 16537500
A54: 184 | B54: Formar a 7.000 emprendedores a través de un programa de formación teórica, empresarial y/o artesanal con enfoque diferencial para emprendimientos artísticos, culturales, creativos, negocios verdes, microempresarios y/o unidades productivas urbanas y rurales. | C54: 2020680010074 | D54: FORTALECIMIENTO DEL CENTRO DE DESARROLLO EMPRESARIAL Y DE EMPLEABILIDAD EN EL MUNICIPIO DE BUCARAMANGA | E54: PRESTACIÓN DE SERVICIOS DE APOYO A LA GESTIÓN, PARA COADYUVAR EN LAS ACTIVIDADES OPERATIVAS, LOGÍSTICAS Y ASISTENCIALES QUE SE REQUIERAN DENTRO DE LA AGENDA DE EVENTOS COMERCIALES Y LOS ESPACIOS DE DIÁLOGOS ESTABLECIDOS EN LOS GRUPOS DE VALOR Y/O SECTORES PRIORIZADOS EN LAS COMUNAS Y/O CORREGIMIENTOS DE BUCARAMANGA. | F54: 047-2023 | G54: CPS | H54: DIRECTA | I54: MALDONADO MALDONADO ISADORA | J54: 2.3.2.02.02.009.03 | K54: 44953 | L54: 16537500 | M54: 16537500 | N54: =367500+2756250 -> 3123750 | O54: https://community.secop.gov.co/Public/Tendering/OpportunityDetail/Index?noticeUID=CO1.NTC.3855217&isFromPublicArea=True&isModal=False
A55: 184 | B55: Formar a 7.000 emprendedores a través de un programa de formación teórica, empresarial y/o artesanal con enfoque diferencial para emprendimientos artísticos, culturales, creativos, negocios verdes, microempresarios y/o unidades productivas urbanas y rurales. | C55: 2020680010074 | D55: FORTALECIMIENTO DEL CENTRO DE DESARROLLO EMPRESARIAL Y DE EMPLEABILIDAD EN EL MUNICIPIO DE BUCARAMANGA | E55: PRESTAR LOS SERVICIOS PROFESIONALES DE CARACTER TEMPORAL PARA APOYAR A LOS MICRO, PEQUEÑOS Y MEDIANOS EMPRESARIOS Y/O EMPRENDEDORES, EN LA GESTIÓN DE PROYECTOS QUE PERMITAN GENERAR ACCIONES Y ESTRATEGIAS QUE COADYUVEN A LA REACTIVACIÓN Y FORTALECIMIENTO DE NEGOCIOS NUEVOS Y EXISTENTES, CON EL FIN DE PROMOVER E IMPULSAR EL DESARROLLO ECONÓMICO DEL MUNICIPIO DE BUCARAMANGA, A TRAVÉS DEL CENTRO DE DESARROLLO EMPRESARIAL - CHAPINERO. CPS-084-2023, DURACIÓN SIETE (07) MESES. | F55: CPS-084 | G55: CPS | H55: DIRECTA | I55: MARTINEZ CORTES VALENTINA | J55: 2.3.2.02.02.009.03 | K55: 44986 | L55: 13300000 | M55: 13300000
A56: 185 | B56: Implementar en 4.000 mipymes planes estratégicos orientados a innovar y/o incorporación tecnológica en áreas empresariales estratégicas con apoyo de Universidades y actores económicos clave. | C56: 2020680010074 | D56: FORTALECIMIENTO DEL CENTRO DE DESARROLLO EMPRESARIAL Y DE EMPLEABILIDAD EN EL MUNICIPIO DE BUCARAMANGA | E56: PRESTAR LOS SERVICIOS PROFESIONALES DE CARACTER TEMPORAL PARA APOYAR A LOS MICRO, PEQUEÑOS Y MEDIANOS EMPRESARIOS Y/O EMPRENDEDORES, EN LA GESTIÓN DE PROYECTOS QUE PERMITAN GENERAR ACCIONES Y ESTRATEGIAS QUE COADYUVEN A LA REACTIVACIÓN Y FORTALECIMIENTO DE NEGOCIOS NUEVOS Y EXISTENTES, CON EL FIN DE PROMOVER E IMPULSAR EL DESARROLLO ECONÓMICO DEL MUNICIPIO DE BUCARAMANGA, A TRAVÉS DEL CENTRO DE DESARROLLO EMPRESARIAL - CHAPINERO. CPS-084-2023, DURACIÓN SIETE (07) MESES. | F56: CPS-084 | G56: CPS | H56: DIRECTA | I56: MARTINEZ CORTES VALENTINA | J56: 2.3.2.02.02.009.03 | K56: 44986 | L56: 13300000 | M56: 13300000
A57: 183 | B57: Desarrollar el modelo CDE virtual para que amplíen la cobertura en la ciudad. | C57: 2020680010074 | D57: FORTALECIMIENTO DEL CENTRO DE DESARROLLO EMPRESARIAL Y DE EMPLEABILIDAD EN EL MUNICIPIO DE BUCARAMANGA | E57: PRESTAR LOS SERVICIOS DE APOYO A LA GESTIÓN PARA COADYUVAR EN EL ANALISIS, DISEÑO, DESARROLLO, PRUEBAS, MANTENIMIENTO Y SOPORTE DE LOS SISTEMAS DE INFORMACIÓN Y SOLUCIONES DIGITALES, SEGÚN LAS NECESIDADES DE LOS CENTRO DE DESARROLLO EMPRESARIAL DEL IMEBU | F57: 085-2023 | G57: CPS | H57: DIRECTA | I57: MAXIMILIANO GARAVITO | J57: 2.3.2.02.02.009.03 | K57: 44986 | L57: 18900000 | M57: 18900000 | N57: 0 | O57: https://community.secop.gov.co/Public/Tendering/OpportunityDetail/Index?noticeUID=CO1.NTC.4091147&isFromPublicArea=True&isModal=False
A58: 184 | B58: Formar a 7.000 emprendedores a través de un programa de formación teórica, empresarial y/o artesanal con enfoque diferencial para emprendimientos artísticos, culturales, creativos, negocios verdes, microempresarios y/o unidades productivas urbanas y rurales. | C58: 2020680010074 | D58: FORTALECIMIENTO DEL CENTRO DE DESARROLLO EMPRESARIAL Y DE EMPLEABILIDAD EN EL MUNICIPIO DE BUCARAMANGA | E58: PRESTAR LOS SERVICIOS PROFESIONALES DE CARACTER TEMPORAL PARA COADYUVAR EN LA DIVULGACION, VINCULACION Y PROMOCION ENTRE LOS EMPRENDEDORES Y EMPRESARIOS DE BUCARAMANGA DE LA ESTARTEGIA MARKETPLACE, EN EL MARCO DEL PROYECTO DE FORTALECIMIENTO DEL CENTRO DE DESARROLLO EMPRESARIAL Y DE EMPLEABILIDAD DE BUCARAMANGA -CDE. CPS-098-2023, DURACIÓN SEIS (06) MESES. | F58: CPS-098-2023 | G58: CPS | H58: DIRECTA | I58: MEJIA RESTREPO JULIAN ANDRES | J58: 2.3.2.02.02.009.03 | K58: 45008 | L58: 22800000 | M58: 22800000
A59: 184 | B59: Formar a 7.000 emprendedores a través de un programa de formación teórica, empresarial y/o artesanal con enfoque diferencial para emprendimientos artísticos, culturales, creativos, negocios verdes, microempresarios y/o unidades productivas urbanas y rurales. | C59: 2020680010074 | D59: FORTALECIMIENTO DEL CENTRO DE DESARROLLO EMPRESARIAL Y DE EMPLEABILIDAD EN EL MUNICIPIO DE BUCARAMANGA | E59: PRESTAR LOS SERVICIOS PROFESIONALES COMO ABOGADO DE CARÁCTER TEMPORAL PARA BRINDAR ASESORÍA JURÍDICA Y ACOMPAÑAR A EMPRESARIOS Y EMPRENDEDORES EN LAS GESTIONES REQUERIDAS DENTRO DEL PROCESO DE FORMALIZACIÓN EMPRESARIAL DEL CENTRO DE DESARROLLO EMPRESARIAL - CDE DEL IMEBU. | F59: 042-2023 | G59: CPS | H59: DIRECTA | I59: MUÑOZ MARTINEZ CARLOS FERNANDO | J59: 2.3.2.02.02.009.03 | K59: 44952 | L59: 33600000 | M59: 33600000 | N59: =700000+4200000 -> 4900000 | O59: https://community.secop.gov.co/Public/Tendering/OpportunityDetail/Index?noticeUID=CO1.NTC.3845257&isFromPublicArea=True&isModal=False
A60: 184 | B60: Formar a 7.000 emprendedores a través de un programa de formación teórica, empresarial y/o artesanal con enfoque diferencial para emprendimientos artísticos, culturales, creativos, negocios verdes, microempresarios y/o unidades productivas urbanas y rurales. | C60: 2020680010074 | D60: FORTALECIMIENTO DEL CENTRO DE DESARROLLO EMPRESARIAL Y DE EMPLEABILIDAD EN EL MUNICIPIO DE BUCARAMANGA | E60: ARRENDAR EL GRAN SALON, UBICADO EN EL CENTRO DE CONVENCIONES DE NEOMUNDO PARA EL MONTAJE Y DESMONTAJE DEL EVENTO "WIME WELLNESS INTERNACIONAL DE MEDICINA ESTETICA", COMO APOYO A LOS PROCESOS DE REACTIVACOIN ECONOMICA Y DEL EMPLEO ADELANTADOS POR EL IMEBU EN EL MUNICIPIO DE BUCARAMANGA, DE ACUERDO A LAS ESPECIFICACIONES TECNICAS ESTABLECIDAS POR EL INSTITUTO MUNICIPAL DE EMPLEO Y FOMENTO EMPRESARIAL DEL MUNICIPIO DE BUCARAMANGA -IMEBU. CD-004-2023. | F60: 004-2023 | G60: CD | H60: DIRECTA | I60: NEOMUNDO | J60: 2.3.2.02.02.007.02 | K60: 45002 | L60: 22200000 | M60: 22200000
A61: 184 | B61: Formar a 7.000 emprendedores a través de un programa de formación teórica, empresarial y/o artesanal con enfoque diferencial para emprendimientos artísticos, culturales, creativos, negocios verdes, microempresarios y/o unidades productivas urbanas y rurales. | C61: 2020680010074 | D61: FORTALECIMIENTO DEL CENTRO DE DESARROLLO EMPRESARIAL Y DE EMPLEABILIDAD EN EL MUNICIPIO DE BUCARAMANGA | E61: PRESTAR LOS SERVICIOS PROFESIONALES DE CARACTER TEMPORAL PARA APOYAR A LOS MICRO, PEQUEÑOS Y MEDIANOS EMPRESARIOS Y/O EMPRENDEDORES, EN LA GESTIÓN DE PROYECTOS QUE PERMITAN GENERAR ACCIONES Y ESTRATEGIAS QUE COADYUVEN A LA REACTIVACIÓN Y FORTALECIMIENTO DE NEGOCIOS NUEVOS Y EXISTENTES, CON EL FIN DE PROMOVER E IMPULSAR EL DESARROLLO ECONÓMICO DEL MUNICIPIO DE BUCARAMANGA, A TRAVÉS DEL CENTRO DE DESARROLLO EMPRESARIAL - KENNEDY. CPS-088-2023, DURACIÓN SIETE (07) MESES. | F61: CPS-088 | G61: CPS | H61: DIRECTA | I61: PARADA RIVERA LORENA ANDREA | J61: 2.3.2.02.02.009.03 | K61: 44987 | L61: 13300000 | M61: 13300000
A62: 185 | B62: Implementar en 4.000 mipymes planes estratégicos orientados a innovar y/o incorporación tecnológica en áreas empresariales estratégicas con apoyo de Universidades y actores económicos clave. | C62: 2020680010074 | D62: FORTALECIMIENTO DEL CENTRO DE DESARROLLO EMPRESARIAL Y DE EMPLEABILIDAD EN EL MUNICIPIO DE BUCARAMANGA | E62: PRESTAR LOS SERVICIOS PROFESIONALES DE CARACTER TEMPORAL PARA APOYAR A LOS MICRO, PEQUEÑOS Y MEDIANOS EMPRESARIOS Y/O EMPRENDEDORES, EN LA GESTIÓN DE PROYECTOS QUE PERMITAN GENERAR ACCIONES Y ESTRATEGIAS QUE COADYUVEN A LA REACTIVACIÓN Y FORTALECIMIENTO DE NEGOCIOS NUEVOS Y EXISTENTES, CON EL FIN DE PROMOVER E IMPULSAR EL DESARROLLO ECONÓMICO DEL MUNICIPIO DE BUCARAMANGA, A TRAVÉS DEL CENTRO DE DESARROLLO EMPRESARIAL - KENNEDY. CPS-088-2023, DURACIÓN SIETE (07) MESES. | F62: CPS-088 | G62: CPS | H62: DIRECTA | I62: PARADA RIVERA LORENA ANDREA | J62: 2.3.2.02.02.009.03 | K62: 44987 | L62: 13300000 | M62: 13300000
A63: 183 | B63: Desarrollar el modelo CDE virtual para que amplíen la cobertura en la ciudad. | C63: 2020680010074 | D63: FORTALECIMIENTO DEL CENTRO DE DESARROLLO EMPRESARIAL Y DE EMPLEABILIDAD EN EL MUNICIPIO DE BUCARAMANGA | E63: PRESTAR LOS SERVICIOS PROFESIONALES DE CARÁCTER TEMPORAL PARA APOYAR A LA SUBDIRECCIÓN TÉCNICA EN LA PLANEACIÓN, DISEÑO Y CONSTRUCCIÓN DE HERRAMIENTAS QUE PERMITAN UN AVANCE TECNOLÓGICO, DENTRO DE LA ESTRATEGIA MARKETPLACE EN EL MARCO DEL PROYECTO DE FORTALECIMIENTO DEL CENTRO DE DESARROLLO EMPRESARIAL Y DE EMPLEABIBLIDAD DE BUCARAMANGA - CDE. | F63: 067-2023 | G63: CPS | H63: DIRECTA | I63: PEDROZO LOPEZ DAVID ALEJANDRO | J63: 2.3.2.02.02.009.03 | K63: 44965 | L63: 24500000 | M63: 24500000 | N63: 2683333 | O63: https://community.secop.gov.co/Public/Tendering/OpportunityDetail/Index?noticeUID=CO1.NTC.3950346&isFromPublicArea=True&isModal=False
A64: 184 | B64: Formar a 7.000 emprendedores a través de un programa de formación teórica, empresarial y/o artesanal con enfoque diferencial para emprendimientos artísticos, culturales, creativos, negocios verdes, microempresarios y/o unidades productivas urbanas y rurales. | C64: 2020680010074 | D64: FORTALECIMIENTO DEL CENTRO DE DESARROLLO EMPRESARIAL Y DE EMPLEABILIDAD EN EL MUNICIPIO DE BUCARAMANGA | E64: PRESTAR LOS SERVICIOS PROFESIONALES DE CARÁCTER TEMPORAL PARA COADYUVAR EN LA COORDINACIÓN Y PUESTA EN MARCHA DE LAS ACCIONES REQUERIDAS DENTRO DE LA ESTRATEGIA MARKETPLACE, EN EL MARCO DEL PROYECTO DE FORTALECIMIENTO DEL CENTRO DE DESARROLLO EMPRESARIAL Y DE EMPLEABILIDAD DE BUCARAMANGA - CDE | F64: 038-2023 | G64: CPS | H64: DIRECTA | I64: QUINTANILLA CALDERON MARLON GIOVANNY | J64: 2.3.2.02.02.009.03 | K64: 44952 | L64: 40800000 | M64: 40800000 | N64: =850000+5100000 -> 5950000 | O64: https://community.secop.gov.co/Public/Tendering/OpportunityDetail/Index?noticeUID=CO1.NTC.3843662&isFromPublicArea=True&isModal=False
A65: 184 | B65: Formar a 7.000 emprendedores a través de un programa de formación teórica, empresarial y/o artesanal con enfoque diferencial para emprendimientos artísticos, culturales, creativos, negocios verdes, microempresarios y/o unidades productivas urbanas y rurales. | C65: 2020680010074 | D65: FORTALECIMIENTO DEL CENTRO DE DESARROLLO EMPRESARIAL Y DE EMPLEABILIDAD EN EL MUNICIPIO DE BUCARAMANGA | E65: PRESTAR LOS SERVICIOS PROFESIONALES DE CARÁCTER TEMPORAL, PARA COADYUVAR EN LA PUESTA EN MARCHA Y ACOMPAÑAMIENTO DE LAS ACCIONES REALIZADAS DENTRO DE LA ESTRATEGIA DE REACTIVACIÓN ECONÓMICA - SOMOS LOCALES DEL IMEBU. | F65: 039-2023 | G65: CPS | H65: DIRECTA | I65: QUINTERO TIRADO PEDRO ANGEL | J65: 2.3.2.02.02.009.03 | K65: 44952 | L65: 40800000 | M65: 40800000 | N65: =850000+5100000 -> 5950000 | O65: https://community.secop.gov.co/Public/Tendering/OpportunityDetail/Index?noticeUID=CO1.NTC.3844414&isFromPublicArea=True&isModal=False
A66: 184 | B66: Formar a 7.000 emprendedores a través de un programa de formación teórica, empresarial y/o artesanal con enfoque diferencial para emprendimientos artísticos, culturales, creativos, negocios verdes, microempresarios y/o unidades productivas urbanas y rurales. | C66: 2020680010074 | D66: FORTALECIMIENTO DEL CENTRO DE DESARROLLO EMPRESARIAL Y DE EMPLEABILIDAD EN EL MUNICIPIO DE BUCARAMANGA | E66: PRESTAR LOS SERVICIOS PROFESIONALES DE CARÁCTER TEMPORAL PARA APOYAR A LA SUBDIRECCIÓN TÉCNICA EN LA PLANEACIÓN, DISEÑO Y CONSTRUCCIÓN DE HERRAMIENTAS QUE PERMITAN UN AVANCE TECNOLÓGICO, DENTRO DE LA ESTRATEGIA MARKETPLACE EN EL MARCO DEL PROYECTO DE FORTALECIMIENTO DEL CENTRO DE DESARROLLO EMPRESARIAL Y DE EMPLEABILIDAD DE BUCARAMANGA -CDE. | F66: 068-2023 | G66: CPS | H66: DIRECTA | I66: RAMIREZ RIVERA ROBERTO CARLOS | J66: 2.3.2.02.02.009.03 | K66: 44965 | L66: 16000000 | M66: 16000000 | N66: 3066667 | O66: https://community.secop.gov.co/Public/Tendering/OpportunityDetail/Index?noticeUID=CO1.NTC.3950668&isFromPublicArea=True&isModal=False
A67: 184 | B67: Formar a 7.000 emprendedores a través de un programa de formación teórica, empresarial y/o artesanal con enfoque diferencial para emprendimientos artísticos, culturales, creativos, negocios verdes, microempresarios y/o unidades productivas urbanas y rurales. | C67: 2020680010074 | D67: FORTALECIMIENTO DEL CENTRO DE DESARROLLO EMPRESARIAL Y DE EMPLEABILIDAD EN EL MUNICIPIO DE BUCARAMANGA | E67: PRESTAR LOS SERVICIOS PROFESIONALES DE CARÁCTER TEMPORAL PARA APOYAR LOS DIFERENTES EVENTOS COMERCIALES QUE CONTRIBUYEN A LA GENERACIÓN DE ESTRATEGIAS PARA IMPULSAR A LOS EMPRESARIOS Y/O EMPRENDEDORES PRIORIZADOS EN EL MARCO DE LA ESTRATEGIA DE REACTIVACIÓN ECONÓMICA SOMOS LOCALES CDE | F67: 028-2023 | G67: CPS | H67: DIRECTA | I67: RAVELO PEREZ BEATRIZ | J67: 2.3.2.02.02.009.03 | K67: 44949 | L67: 40000000 | M67: 40000000 | N67: =1333333+5000000 -> 6333333 | O67: https://community.secop.gov.co/Public/Tendering/OpportunityDetail/Index?noticeUID=CO1.NTC.3808454&isFromPublicArea=True&isModal=False
A68: 184 | B68: Formar a 7.000 emprendedores a través de un programa de formación teórica, empresarial y/o artesanal con enfoque diferencial para emprendimientos artísticos, culturales, creativos, negocios verdes, microempresarios y/o unidades productivas urbanas y rurales. | C68: 2020680010074 | D68: FORTALECIMIENTO DEL CENTRO DE DESARROLLO EMPRESARIAL Y DE EMPLEABILIDAD EN EL MUNICIPIO DE BUCARAMANGA | E68: PRESTAR LOS SERVICIOS PROFESIONALES DE CARACTER TEMPORAL PARA APOYAR A LOS MICRO, PEQUEÑOS Y MEDIANOS EMPRESARIOS Y/O EMPRENDEDORES, EN LA GESTION DE PROYECTOS QUE PERMITAN GENERAR ACCIONES Y ESTRATEGIAS QUE COADYUVEN A LA REACTIVACION Y FORTALECIMIENTO DE NEGOCIOS NUEVOS Y EXISTENTES, CON EL FIN DE PROMOVER E IMPULSAR EL DESARROLLO ECONOMICO DEL MUNICIPIO DE BUCARAMANGA, A TRAVES DE LOS CENTROS DE DESARROLLO EMPRESARIAL. CPS-101-2023, DURACIÓN SIETE (07) MESES. | F68: CPS-102 | G68: CPS | H68: DIRECTA | I68: RIATIGA JAIMES ALEXANDER | J68: 2.3.2.02.02.009.03 | K68: 45009 | L68: 13300000 | M68: 13300000
A69: 185 | B69: Implementar en 4.000 mipymes planes estratégicos orientados a innovar y/o incorporación tecnológica en áreas empresariales estratégicas con apoyo de Universidades y actores económicos clave. | C69: 2020680010074 | D69: FORTALECIMIENTO DEL CENTRO DE DESARROLLO EMPRESARIAL Y DE EMPLEABILIDAD EN EL MUNICIPIO DE BUCARAMANGA | E69: PRESTAR LOS SERVICIOS PROFESIONALES DE CARACTER TEMPORAL PARA APOYAR A LOS MICRO, PEQUEÑOS Y MEDIANOS EMPRESARIOS Y/O EMPRENDEDORES, EN LA GESTION DE PROYECTOS QUE PERMITAN GENERAR ACCIONES Y ESTRATEGIAS QUE COADYUVEN A LA REACTIVACION Y FORTALECIMIENTO DE NEGOCIOS NUEVOS Y EXISTENTES, CON EL FIN DE PROMOVER E IMPULSAR EL DESARROLLO ECONOMICO DEL MUNICIPIO DE BUCARAMANGA, A TRAVES DE LOS CENTROS DE DESARROLLO EMPRESARIAL. CPS-101-2023, DURACIÓN SIETE (07) MESES. | F69: CPS-102 | G69: CPS | H69: DIRECTA | I69: RIATIGA JAIMES ALEXANDER | J69: 2.3.2.02.02.009.03 | K69: 45009 | L69: 13300000 | M69: 13300000
A70: 184 | B70: Formar a 7.000 emprendedores a través de un programa de formación teórica, empresarial y/o artesanal con enfoque diferencial para emprendimientos artísticos, culturales, creativos, negocios verdes, microempresarios y/o unidades productivas urbanas y rurales. | C70: 2020680010074 | D70: FORTALECIMIENTO DEL CENTRO DE DESARROLLO EMPRESARIAL Y DE EMPLEABILIDAD EN EL MUNICIPIO DE BUCARAMANGA | E70: PRESTAR LOS SERVICIOS PROFESIONALES DE CARACTER TEMPORAL PARA APOYAR A LOS MICRO, PEQUEÑOS Y MEDIANOS EMPRESARIOS Y/O EMPRENDEDORES, EN LA GESTIÓN DE PROYECTOS QUE PERMITAN GENERAR ACCIONES Y ESTRATEGIAS QUE COADYUVEN A LA REACTIVACIÓN Y FORTALECIMIENTO DE NEGOCIOS NUEVOS Y EXISTENTES, CON EL FIN DE PROMOVER E IMPULSAR EL DESARROLLO ECONÓMICO DEL MUNICIPIO DE BUCARAMANGA, A TRAVÉS DEL CENTRO DE DESARROLLO EMPRESARIAL - CAFÉ MADRID. CPS-081-2023, DURACIÓN SIETE (07) MESES. | F70: CPS-081 | G70: CPS | H70: DIRECTA | I70: ROJAS FLOREZ ILEANA | J70: 2.3.2.02.02.009.03 | K70: 44986 | L70: 13300000 | M70: 13300000
A71: 185 | B71: Implementar en 4.000 mipymes planes estratégicos orientados a innovar y/o incorporación tecnológica en áreas empresariales estratégicas con apoyo de Universidades y actores económicos clave. | C71: 2020680010074 | D71: FORTALECIMIENTO DEL CENTRO DE DESARROLLO EMPRESARIAL Y DE EMPLEABILIDAD EN EL MUNICIPIO DE BUCARAMANGA | E71: PRESTAR LOS SERVICIOS PROFESIONALES DE CARACTER TEMPORAL PARA APOYAR A LOS MICRO, PEQUEÑOS Y MEDIANOS EMPRESARIOS Y/O EMPRENDEDORES, EN LA GESTIÓN DE PROYECTOS QUE PERMITAN GENERAR ACCIONES Y ESTRATEGIAS QUE COADYUVEN A LA REACTIVACIÓN Y FORTALECIMIENTO DE NEGOCIOS NUEVOS Y EXISTENTES, CON EL FIN DE PROMOVER E IMPULSAR EL DESARROLLO ECONÓMICO DEL MUNICIPIO DE BUCARAMANGA, A TRAVÉS DEL CENTRO DE DESARROLLO EMPRESARIAL - CAFÉ MADRID. CPS-081-2023, DURACIÓN SIETE (07) MESES. | F71: CPS-081 | G71: CPS | H71: DIRECTA | I71: ROJAS FLOREZ ILEANA | J71: 2.3.2.02.02.009.03 | K71: 44986 | L71: 13300000 | M71: 13300000
A72: 184 | B72: Formar a 7.000 emprendedores a través de un programa de formación teórica, empresarial y/o artesanal con enfoque diferencial para emprendimientos artísticos, culturales, creativos, negocios verdes, microempresarios y/o unidades productivas urbanas y rurales. | C72: 2020680010074 | D72: FORTALECIMIENTO DEL CENTRO DE DESARROLLO EMPRESARIAL Y DE EMPLEABILIDAD EN EL MUNICIPIO DE BUCARAMANGA | E72: PRESTACIÓN DE SERVICIOS DE APOYO A LA GESTIÓN, PARA CONTRIBUIR EN LAS ACTIVIDADES LOGÍSTICAS Y TÉCNICAS QUE SE REQUIERAN EN LAS COMUNAS Y/O CORREGIMIENTOS DE BUCARAMANGA, DENTRO DE LA ESTRATEGIA DE REACTIVACIÓN ECONOMICA - SOMOS LOCALES DEL IMEBU. | F72: 044-2023 | G72: CPS | H72: DIRECTA | I72: SALAZAR URIBE XIOMARA MARCELA | J72: 2.3.2.02.02.009.03 | K72: 44952 | L72: 19293750 | M72: 19293750 | N72: =459375+2756250 -> 3215625 | O72: https://community.secop.gov.co/Public/Tendering/OpportunityDetail/Index?noticeUID=CO1.NTC.3846318&isFromPublicArea=True&isModal=False
A73: 184 | B73: Formar a 7.000 emprendedores a través de un programa de formación teórica, empresarial y/o artesanal con enfoque diferencial para emprendimientos artísticos, culturales, creativos, negocios verdes, microempresarios y/o unidades productivas urbanas y rurales. | C73: 2020680010074 | D73: FORTALECIMIENTO DEL CENTRO DE DESARROLLO EMPRESARIAL Y DE EMPLEABILIDAD EN EL MUNICIPIO DE BUCARAMANGA | E73: PRESTAR LOS SERVICIOS DE APOYO A LA GESTIÓN PARA COADYUVAR EN EL DESARROLLO DE EVENTOS, ACTIVIDADES ADMINISTRATIVAS, DE SEGUIMIENTO Y MEDICIÓN DE LA CALIDAD DE LOS SERVICIOS QUE SE PRESTAN A TRAVÉS DE LOS TRES CENTRO DE DESARROLLO EMPRESARIAL DE BUCARAMANGA -CDE. CPS-100-2023. DURACIÓN SEIS (06) MESES. | F73: CPS-100-2023 | G73: CPS | H73: DIRECTA | I73: SANCHEZ MONTOYA DIANA CAROLINA | J73: 2.3.2.02.02.009.03 | K73: 45008 | L73: 16800000 | M73: 16800000
A74: 184 | B74: Formar a 7.000 emprendedores a través de un programa de formación teórica, empresarial y/o artesanal con enfoque diferencial para emprendimientos artísticos, culturales, creativos, negocios verdes, microempresarios y/o unidades productivas urbanas y rurales. | C74: 2020680010074 | D74: FORTALECIMIENTO DEL CENTRO DE DESARROLLO EMPRESARIAL Y DE EMPLEABILIDAD EN EL MUNICIPIO DE BUCARAMANGA | E74: PRESTAR LOS SERVICIOS PROFESIONALES DE CARÁCTER TEMPORAL QUE COADYUVE EN EL DISEÑO Y TRANSFORMACIÓN VIRTUAL DE FORMA EFICIENTE E INTERACTIVA, A TRAVÉS DE LA MAQUETACIÓN DE SITIOS WEB PARA EMPRENDEDORES Y/O EMPRESARIOS PRIORIZADOS DENTRO DE LA ESTRATEGIA MARKETPLACE, EN EL MARCO DEL PROYECTO DE FORTALECIMIENTO DEL CENTRO DE DESARROLLO EMPRESARIAL Y DE EMPLEABILIDAD DE BUCARAMANGA - CDE | F74: 045-2023 | G74: CPS | H74: DIRECTA | I74: SANGUINO QUINTERO GERSON JAHIR | J74: 2.3.2.02.02.009.03 | K74: 44952 | L74: 20000000 | M74: 20000000 | N74: =533333+4000000 -> 4533333 | O74: https://community.secop.gov.co/Public/Tendering/OpportunityDetail/Index?noticeUID=CO1.NTC.3851687&isFromPublicArea=True&isModal=False
A75: 184 | B75: Formar a 7.000 emprendedores a través de un programa de formación teórica, empresarial y/o artesanal con enfoque diferencial para emprendimientos artísticos, culturales, creativos, negocios verdes, microempresarios y/o unidades productivas urbanas y rurales. | C75: 2020680010074 | D75: FORTALECIMIENTO DEL CENTRO DE DESARROLLO EMPRESARIAL Y DE EMPLEABILIDAD EN EL MUNICIPIO DE BUCARAMANGA | E75: PRESTAR LOS SERVICIOS PROFESIONALES DE CARÁCTER TEMPORAL PARA BRINDAR APOYO EN LA CREACIÓN DE ESPACIOS Y CONDICIONES ADECUADAS PARA LOS DIÁLOGOS CON LOS GRUPOS DE VALOR Y/O SECTORES PRIORIZADOS, CON EL FIN DE LOGRAR UNA PARTICIPACIÓN ACTIVA DE LA CIUDADANÍA, EN EL MARCO DE LA ESTRATEGIA COMUNITARIA PARA LA REACTIVACION ECONOMICA SOMOS LOCALES DE LOS CENTROS DE DESARROLLO EMPRESARIAL CDE | F75: 040-2023 | G75: CPS | H75: DIRECTA | I75: SILVA GUTIERREZ ANDRES ALBERTO | J75: 2.3.2.02.02.009.03 | K75: 44952 | L75: 26600000 | M75: 26600000 | N75: =633333+3800000 -> 4433333 | O75: https://community.secop.gov.co/Public/Tendering/OpportunityDetail/Index?noticeUID=CO1.NTC.3844515&isFromPublicArea=True&isModal=False
A76: 184 | B76: Formar a 7.000 emprendedores a través de un programa de formación teórica, empresarial y/o artesanal con enfoque diferencial para emprendimientos artísticos, culturales, creativos, negocios verdes, microempresarios y/o unidades productivas urbanas y rurales. | C76: 2020680010074 | D76: FORTALECIMIENTO DEL CENTRO DE DESARROLLO EMPRESARIAL Y DE EMPLEABILIDAD EN EL MUNICIPIO DE BUCARAMANGA | E76: PRESTACIÓN DE SERVICIOS DE APOYO A LA GESTION PARA CONTRIBUIR EN LAS ACTIVIDADES LOGÍSTICAS Y TÉCNICAS QUE SE REQUIERAN EN LAS COMUNAS Y/O CORREGIMIENTOS DE BUCARAMANGA, DENTRO DE LA ESTRATEGIA DE REACTIVACIÓN ECONOMICA SOMOS LOCALES DEL IMEBU | F76: 046-2023 | G76: CPS | H76: DIRECTA | I76: URIBE CAMACHO NATALIA ANDREA | J76: 2.3.2.02.02.009.03 | K76: 44953 | L76: 11025000 | M76: 11025000 | N76: =367500+2756250 -> 3123750 | O76: https://community.secop.gov.co/Public/Tendering/OpportunityDetail/Index?noticeUID=CO1.NTC.3851942&isFromPublicArea=True&isModal=False
A77: 184 | B77: Formar a 7.000 emprendedores a través de un programa de formación teórica, empresarial y/o artesanal con enfoque diferencial para emprendimientos artísticos, culturales, creativos, negocios verdes, microempresarios y/o unidades productivas urbanas y rurales. | C77: 2020680010074 | D77: FORTALECIMIENTO DEL CENTRO DE DESARROLLO EMPRESARIAL Y DE EMPLEABILIDAD EN EL MUNICIPIO DE BUCARAMANGA | E77: TODAVÍA NO SE CUENTA CON CONTRATO | F77: TODAVÍA NO SE CUENTA CON CONTRATO | G77: CPS | H77: DIRECTA | I77: ASESORES CDE | J77: 2.3.2.02.02.009.03 | L77: 19425000
A78: 185 | B78: Implementar en 4.000 mipymes planes estratégicos orientados a innovar y/o incorporación tecnológica en áreas empresariales estratégicas con apoyo de Universidades y actores económicos clave. | C78: 2020680010074 | D78: FORTALECIMIENTO DEL CENTRO DE DESARROLLO EMPRESARIAL Y DE EMPLEABILIDAD EN EL MUNICIPIO DE BUCARAMANGA | E78: TODAVÍA NO SE CUENTA CON CONTRATO | F78: TODAVÍA NO SE CUENTA CON CONTRATO | G78: CPS | H78: DIRECTA | I78: ASESORES CDE | J78: 2.3.2.02.02.009.03 | L78: 19425000
A79: 186 | B79: Intervenir a 4.000 empresas y/o emprendimientos mediante apalancamiento financiero orientado a realizar inversión en innovación y/o tecnología en la zona rural y urbana con enfoque diferencial. | C79: 2022680010037 | D79: APOYO A LAS LÍNEAS DE CRÉDITO CONDONABLE Y NO CONDONABLE DEL FONDO DE FOMENTO Y CRÉDITO DEL IMEBU PROGRAMA BANCA CIUDADANA EN EL MUNICIPIO DE BUCARAMANGA | E79: PRESTACIÓN DE SERVICIOS PROFESIONALES A LA SUBDIRECCIÓN TÉCNICA PARA CONTRIBUIR CON LAS ACTIVIDADES COMERCIALES Y TÉCNICAS REQUERIDAS EN EL MARCO DEL PROGRAMA BANCA CIUDADANA, QUE CONTRIBUYAN A INCENTIVAR EL EMPRENDIMIENTO Y FORTALECER LAS EMPRESAS, MICOREMPRESAS Y UNIDADES PRODUCTIVAS DEL SECTOR. | F79: 065-2023 | G79: CPS | H79: DIRECTA | I79: BONILLA CORTEZ SARAY VIVIANA | J79: 2.3.2.02.02.009.02 | K79: 44959 | L79: 10500000 | M79: 10500000 | N79: 1450000 | O79: https://community.secop.gov.co/Public/Tendering/OpportunityDetail/Index?noticeUID=CO1.NTC.3904108&isFromPublicArea=True&isModal=False
A80: 187 | B80: Otorgar 6.000 créditos a emprendimientos y mipymes de orientados a capital de trabajo o destinos de inversión diferente a innovación y/o tecnología en zonas urbanas y rurales. | C80: 2022680010037 | D80: APOYO A LAS LÍNEAS DE CRÉDITO CONDONABLE Y NO CONDONABLE DEL FONDO DE FOMENTO Y CRÉDITO DEL IMEBU PROGRAMA BANCA CIUDADANA EN EL MUNICIPIO DE BUCARAMANGA | E80: PRESTACIÓN DE SERVICIOS PROFESIONALES A LA SUBDIRECCIÓN TÉCNICA PARA CONTRIBUIR CON LAS ACTIVIDADES COMERCIALES Y TÉCNICAS REQUERIDAS EN EL MARCO DEL PROGRAMA BANCA CIUDADANA, QUE CONTRIBUYAN A INCENTIVAR EL EMPRENDIMIENTO Y FORTALECER LAS EMPRESAS, MICOREMPRESAS Y UNIDADES PRODUCTIVAS DEL SECTOR. | F80: 065-2023 | G80: CPS | H80: DIRECTA | I80: BONILLA CORTEZ SARAY VIVIANA | J80: 2.3.2.02.02.009.02 | K80: 44959 | L80: 10500000 | M80: 10500000 | N80: 1450000 | O80: https://community.secop.gov.co/Public/Tendering/OpportunityDetail/Index?noticeUID=CO1.NTC.3904108&isFromPublicArea=True&isModal=False
A81: 186 | B81: Intervenir a 4.000 empresas y/o emprendimientos mediante apalancamiento financiero orientado a realizar inversión en innovación y/o tecnología en la zona rural y urbana con enfoque diferencial. | C81: 2022680010037 | D81: APOYO A LAS LÍNEAS DE CRÉDITO CONDONABLE Y NO CONDONABLE DEL FONDO DE FOMENTO Y CRÉDITO DEL IMEBU PROGRAMA BANCA CIUDADANA EN EL MUNICIPIO DE BUCARAMANGA | E81: PRESTAR LOS SERVICIOS PROFESIONALES DE CARÁCTER TEMPORAL PARA APOYAR LA COORDINACIÓN, ORIENTACIÓN Y ACOMPAÑAMIENTO AL PROGRAMA MISIONAL BANCA CIUDADANA DEL IMEBU. | F81: 051-2023 | G81: CPS | H81: DIRECTA | I81: CARMEN ELENA RAMOS PRIETO | J81: 2.3.2.02.02.009.02 | K81: 44957 | L81: 20400000 | M81: 20400000 | N81: 2550000 | O81: https://community.secop.gov.co/Public/Tendering/OpportunityDetail/Index?noticeUID=CO1.NTC.3881721&isFromPublicArea=True&isModal=False
A82: 187 | B82: Otorgar 6.000 créditos a emprendimientos y mipymes de orientados a capital de trabajo o destinos de inversión diferente a innovación y/o tecnología en zonas urbanas y rurales. | C82: 2022680010037 | D82: APOYO A LAS LÍNEAS DE CRÉDITO CONDONABLE Y NO CONDONABLE DEL FONDO DE FOMENTO Y CRÉDITO DEL IMEBU PROGRAMA BANCA CIUDADANA EN EL MUNICIPIO DE BUCARAMANGA | E82: PRESTAR LOS SERVICIOS PROFESIONALES DE CARÁCTER TEMPORAL PARA APOYAR LA COORDINACIÓN, ORIENTACIÓN Y ACOMPAÑAMIENTO AL PROGRAMA MISIONAL BANCA CIUDADANA DEL IMEBU. | F82: 051-2023 | G82: CPS | H82: DIRECTA | I82: CARMEN ELENA RAMOS PRIETO | J82: 2.3.2.02.02.009.02 | K82: 44957 | L82: 20400000 | M82: 20400000 | N82: 2550000 | O82: https://community.secop.gov.co/Public/Tendering/OpportunityDetail/Index?noticeUID=CO1.NTC.3881721&isFromPublicArea=True&isModal=False
A83: 186 | B83: Intervenir a 4.000 empresas y/o emprendimientos mediante apalancamiento financiero orientado a realizar inversión en innovación y/o tecnología en la zona rural y urbana con enfoque diferencial. | C83: 2022680010037 | D83: APOYO A LAS LÍNEAS DE CRÉDITO CONDONABLE Y NO CONDONABLE DEL FONDO DE FOMENTO Y CRÉDITO DEL IMEBU PROGRAMA BANCA CIUDADANA EN EL MUNICIPIO DE BUCARAMANGA | E83: PRESTACIÓN DE SERVICIOS DE APOYO A LA GESTIÓN, PARA COADYUVAR EN LAS ACTIVIDADES COMERCIALES REQUERIDAS EN EL MARCO DEL PROGRAMA BANCA CIUDADANA DEL IMEBU, QUE CONTRIBUYAN A INCENTIVAR EL EMPRENDIMIENTO Y FORTALECER LAS EMPRESAS, MICROEMPRESAS Y UNIDADES PRODUCTIVAS EN LA CIUDAD DE BUCARAMANGA. | F83: 077-2023 | G83: CPS | H83: DIRECTA | I83: GUTIERREZ LOSADA PAULA ANDREA | J83: 2.3.2.02.02.009.02 | K83: 44978 | L83: 9800000 | M83: 9800000 | N83: 466666.5 | O83: https://community.secop.gov.co/Public/Tendering/OpportunityDetail/Index?noticeUID=CO1.NTC.4042716&isFromPublicArea=True&isModal=False
A84: 187 | B84: Otorgar 6.000 créditos a emprendimientos y mipymes de orientados a capital de trabajo o destinos de inversión diferente a innovación y/o tecnología en zonas urbanas y rurales. | C84: 2022680010037 | D84: APOYO A LAS LÍNEAS DE CRÉDITO CONDONABLE Y NO CONDONABLE DEL FONDO DE FOMENTO Y CRÉDITO DEL IMEBU PROGRAMA BANCA CIUDADANA EN EL MUNICIPIO DE BUCARAMANGA | E84: PRESTACIÓN DE SERVICIOS DE APOYO A LA GESTIÓN, PARA COADYUVAR EN LAS ACTIVIDADES COMERCIALES REQUERIDAS EN EL MARCO DEL PROGRAMA BANCA CIUDADANA DEL IMEBU, QUE CONTRIBUYAN A INCENTIVAR EL EMPRENDIMIENTO Y FORTALECER LAS EMPRESAS, MICROEMPRESAS Y UNIDADES PRODUCTIVAS EN LA CIUDAD DE BUCARAMANGA. | F84: 077-2023 | G84: CPS | H84: DIRECTA | I84: GUTIERREZ LOSADA PAULA ANDREA | J84: 2.3.2.02.02.009.02 | K84: 44978 | L84: 9800000 | M84: 9800000 | N84: 466666.5 | O84: https://community.secop.gov.co/Public/Tendering/OpportunityDetail/Index?noticeUID=CO1.NTC.4042716&isFromPublicArea=True&isModal=False
A85: 186 | B85: Intervenir a 4.000 empresas y/o emprendimientos mediante apalancamiento financiero orientado a realizar inversión en innovación y/o tecnología en la zona rural y urbana con enfoque diferencial. | C85: 2022680010037 | D85: APOYO A LAS LÍNEAS DE CRÉDITO CONDONABLE Y NO CONDONABLE DEL FONDO DE FOMENTO Y CRÉDITO DEL IMEBU PROGRAMA BANCA CIUDADANA EN EL MUNICIPIO DE BUCARAMANGA | E85: PRESTAR LOS SERVICIOS PROFESIONALES DE CARACTER TEMPORAL PARA APOYAR LA PROMOCION, DIVULGACION Y GESTION ADMINISTRATIVA DEL SUPERVISOR DE CONVENIOS, EN EL MARCO DEL PROGRAMA BANCA CIUDADANA ADELANTADO POR EL INSTITUTO MUNICIPAL DE EMPLEO Y FOMENTO EMPRESARIAL DEL MUNICIPIO DE BUCARAMANGA -IMEBU. CPS-095-2023, DURACIÓN SIETE (07) MESES. | F85: 095-2023 | G85: CPS | H85: DIRECTA | I85: JAIMES HERRERA AILEN JOHANA | J85: 2.3.2.02.02.009.02 | K85: 44999 | L85: 12862500 | M85: 12862500
A86: 187 | B86: Otorgar 6.000 créditos a emprendimientos y mipymes de orientados a capital de trabajo o destinos de inversión diferente a innovación y/o tecnología en zonas urbanas y rurales. | C86: 2022680010037 | D86: APOYO A LAS LÍNEAS DE CRÉDITO CONDONABLE Y NO CONDONABLE DEL FONDO DE FOMENTO Y CRÉDITO DEL IMEBU PROGRAMA BANCA CIUDADANA EN EL MUNICIPIO DE BUCARAMANGA | E86: PRESTAR LOS SERVICIOS PROFESIONALES DE CARACTER TEMPORAL PARA APOYAR LA PROMOCION, DIVULGACION Y GESTION ADMINISTRATIVA DEL SUPERVISOR DE CONVENIOS, EN EL MARCO DEL PROGRAMA BANCA CIUDADANA ADELANTADO POR EL INSTITUTO MUNICIPAL DE EMPLEO Y FOMENTO EMPRESARIAL DEL MUNICIPIO DE BUCARAMANGA -IMEBU. CPS-095-2023, DURACIÓN SIETE (07) MESES. | F86: 095-2023 | G86: CPS | H86: DIRECTA | I86: JAIMES HERRERA AILEN JOHANA | J86: 2.3.2.02.02.009.02 | K86: 44999 | L86: 12862500 | M86: 12862500
A87: 186 | B87: Intervenir a 4.000 empresas y/o emprendimientos mediante apalancamiento financiero orientado a realizar inversión en innovación y/o tecnología en la zona rural y urbana con enfoque diferencial. | C87: 2022680010037 | D87: APOYO A LAS LÍNEAS DE CRÉDITO CONDONABLE Y NO CONDONABLE DEL FONDO DE FOMENTO Y CRÉDITO DEL IMEBU PROGRAMA BANCA CIUDADANA EN EL MUNICIPIO DE BUCARAMANGA | E87: PRESTACIÓN DE SERVICIOS DE APOYO A LA GESTIÓN PARA CONTRIBUIR EN LA PROMOCIÓN, DIVULGACIÓN Y POSICIONAMIENTO DEL PROGRAMA BANCA CIUDADANA A CARGO DE LA SUBDIRECCIÓN TÉCNICA DEL INSTITUTO MUNICIPAL DE EMPLEO Y FOMENTO EMPRESARIAL DE BUCARAMANGA. CPS-099-2023, DURACIÓN TRES (03) MESES. | F87: 099-2023 | G87: CPS | H87: DIRECTA | I87: LEAL MUTIS JENNIFER PAOLA | J87: 2.3.2.02.02.009.02 | K87: 45008 | L87: 4200000 | M87: 4200000
A88: 187 | B88: Otorgar 6.000 créditos a emprendimientos y mipymes de orientados a capital de trabajo o destinos de inversión diferente a innovación y/o tecnología en zonas urbanas y rurales. | C88: 2022680010037 | D88: APOYO A LAS LÍNEAS DE CRÉDITO CONDONABLE Y NO CONDONABLE DEL FONDO DE FOMENTO Y CRÉDITO DEL IMEBU PROGRAMA BANCA CIUDADANA EN EL MUNICIPIO DE BUCARAMANGA | E88: PRESTACIÓN DE SERVICIOS DE APOYO A LA GESTIÓN PARA CONTRIBUIR EN LA PROMOCIÓN, DIVULGACIÓN Y POSICIONAMIENTO DEL PROGRAMA BANCA CIUDADANA A CARGO DE LA SUBDIRECCIÓN TÉCNICA DEL INSTITUTO MUNICIPAL DE EMPLEO Y FOMENTO EMPRESARIAL DE BUCARAMANGA. CPS-099-2023, DURACIÓN TRES (03) MESES. | F88: 099-2023 | G88: CPS | H88: DIRECTA | I88: LEAL MUTIS JENNIFER PAOLA | J88: 2.3.2.02.02.009.02 | K88: 45008 | L88: 4200000 | M88: 4200000
A89: 186 | B89: Intervenir a 4.000 empresas y/o emprendimientos mediante apalancamiento financiero orientado a realizar inversión en innovación y/o tecnología en la zona rural y urbana con enfoque diferencial. | C89: 2022680010037 | D89: APOYO A LAS LÍNEAS DE CRÉDITO CONDONABLE Y NO CONDONABLE DEL FONDO DE FOMENTO Y CRÉDITO DEL IMEBU PROGRAMA BANCA CIUDADANA EN EL MUNICIPIO DE BUCARAMANGA | E89: PRESTAR LOS SERVICIOS PROFESIONALES DE CARÁCTER TEMPORAL PARA APOYAR LA RECOLECCIÓN, CLASIFICACIÓN, ADMINISTRACIÓN, ANÁLISIS Y SEGUIMIENTO DE INFORMACIÓN EN EL MARCO DEL PROGRAMA BANCA CIUDADANA ADELANTADO POR EL INSTITUTO MUNICIPAL DE EMPLEO Y FOMENTO EMPRESARIAL DEL MUNICIPIO DE BUCARAMANGA -IMEBU. | F89: 078-2023 | G89: CPS | H89: DIRECTA | I89: OVIEDO URIBE OMAR GABRIEL | J89: 2.3.2.02.02.009.02 | K89: 44978 | L89: 15200000 | M89: 15200000 | N89: 633333 | O89: https://community.secop.gov.co/Public/Tendering/OpportunityDetail/Index?noticeUID=CO1.NTC.4043122&isFromPublicArea=True&isModal=False
A90: 187 | B90: Otorgar 6.000 créditos a emprendimientos y mipymes de orientados a capital de trabajo o destinos de inversión diferente a innovación y/o tecnología en zonas urbanas y rurales. | C90: 2022680010037 | D90: APOYO A LAS LÍNEAS DE CRÉDITO CONDONABLE Y NO CONDONABLE DEL FONDO DE FOMENTO Y CRÉDITO DEL IMEBU PROGRAMA BANCA CIUDADANA EN EL MUNICIPIO DE BUCARAMANGA | E90: PRESTAR LOS SERVICIOS PROFESIONALES DE CARÁCTER TEMPORAL PARA APOYAR LA RECOLECCIÓN, CLASIFICACIÓN, ADMINISTRACIÓN, ANÁLISIS Y SEGUIMIENTO DE INFORMACIÓN EN EL MARCO DEL PROGRAMA BANCA CIUDADANA ADELANTADO POR EL INSTITUTO MUNICIPAL DE EMPLEO Y FOMENTO EMPRESARIAL DEL MUNICIPIO DE BUCARAMANGA -IMEBU. | F90: 078-2023 | G90: CPS | H90: DIRECTA | I90: OVIEDO URIBE OMAR GABRIEL | J90: 2.3.2.02.02.009.02 | K90: 44978 | L90: 15200000 | M90: 15200000 | N90: 633333 | O90: https://community.secop.gov.co/Public/Tendering/OpportunityDetail/Index?noticeUID=CO1.NTC.4043122&isFromPublicArea=True&isModal=False
A91: 186 | B91: Intervenir a 4.000 empresas y/o emprendimientos mediante apalancamiento financiero orientado a realizar inversión en innovación y/o tecnología en la zona rural y urbana con enfoque diferencial. | C91: 2022680010037 | D91: APOYO A LAS LÍNEAS DE CRÉDITO CONDONABLE Y NO CONDONABLE DEL FONDO DE FOMENTO Y CRÉDITO DEL IMEBU PROGRAMA BANCA CIUDADANA EN EL MUNICIPIO DE BUCARAMANGA | E91: PRESTAR LOS SERVICIOS PROFESIONALES DE CARÁCTER TEMPORAL, PARA BRINDAR APOYO TÉCNICO A LA POBLACIÓN VULNERABLE DEL MUNICIPIO DE BUCARAMANGA, EN LAS GESTIONES REQUERIDAS PARA PARTICIPAR EN LAS DIFERENTES CONVOCATORIAS ADELANTADAS EN PRO DE LA INCLUSIÓN LABORAL, LA GENERACIÓN DE INGRESOS Y SOSTENIBILIDAD DE NUEVOS NEGOCIOS | F91: 052-2023 | G91: CPS | H91: DIRECTA | I91: PICON GALVIS MILENA | J91: 2.3.2.02.02.009.02 | K91: 44957 | L91: 14000000 | M91: 14000000 | N91: 1750000 | O91: https://community.secop.gov.co/Public/Tendering/OpportunityDetail/Index?noticeUID=CO1.NTC.3889762&isFromPublicArea=True&isModal=False
A92: 187 | B92: Otorgar 6.000 créditos a emprendimientos y mipymes de orientados a capital de trabajo o destinos de inversión diferente a innovación y/o tecnología en zonas urbanas y rurales. | C92: 2022680010037 | D92: APOYO A LAS LÍNEAS DE CRÉDITO CONDONABLE Y NO CONDONABLE DEL FONDO DE FOMENTO Y CRÉDITO DEL IMEBU PROGRAMA BANCA CIUDADANA EN EL MUNICIPIO DE BUCARAMANGA | E92: PRESTAR LOS SERVICIOS PROFESIONALES DE CARÁCTER TEMPORAL, PARA BRINDAR APOYO TÉCNICO A LA POBLACIÓN VULNERABLE DEL MUNICIPIO DE BUCARAMANGA, EN LAS GESTIONES REQUERIDAS PARA PARTICIPAR EN LAS DIFERENTES CONVOCATORIAS ADELANTADAS EN PRO DE LA INCLUSIÓN LABORAL, LA GENERACIÓN DE INGRESOS Y SOSTENIBILIDAD DE NUEVOS NEGOCIOS | F92: 052-2023 | G92: CPS | H92: DIRECTA | I92: PICON GALVIS MILENA | J92: 2.3.2.02.02.009.02 | K92: 44957 | L92: 14000000 | M92: 14000000 | N92: 1750000 | O92: https://community.secop.gov.co/Public/Tendering/OpportunityDetail/Index?noticeUID=CO1.NTC.3889762&isFromPublicArea=True&isModal=False
A93: 186 | B93: Intervenir a 4.000 empresas y/o emprendimientos mediante apalancamiento financiero orientado a realizar inversión en innovación y/o tecnología en la zona rural y urbana con enfoque diferencial. | C93: 2022680010037 | D93: APOYO A LAS LÍNEAS DE CRÉDITO CONDONABLE Y NO CONDONABLE DEL FONDO DE FOMENTO Y CRÉDITO DEL IMEBU PROGRAMA BANCA CIUDADANA EN EL MUNICIPIO DE BUCARAMANGA | E93: PRESTACIÓN DE SERVICIOS DE APOYO A LA GESTIÓN PARA COADYUVAR EN LA PROMOCIÓN, DIVULGACIÓN Y POSICIONAMIENTO DEL PROGRAMA BANCA CIUDADANA CARGO DE LA SUBDIRECCIÓN TÉCNICA DEL INSTITUTO MUNICIPAL DE EMPLEO Y FOMENTO EMPRESARIAL DE BUCARAMANGA. CPS-091-2023, DURACIÓN SEIS (06) MESES. | F93: 091-2023 | G93: CPS | H93: DIRECTA | I93: SIERRA JAIMES YESSENIA | J93: 2.3.2.02.02.009.02 | K93: 44992 | L93: 8400000 | M93: 8400000
A94: 187 | B94: Otorgar 6.000 créditos a emprendimientos y mipymes de orientados a capital de trabajo o destinos de inversión diferente a innovación y/o tecnología en zonas urbanas y rurales. | C94: 2022680010037 | D94: APOYO A LAS LÍNEAS DE CRÉDITO CONDONABLE Y NO CONDONABLE DEL FONDO DE FOMENTO Y CRÉDITO DEL IMEBU PROGRAMA BANCA CIUDADANA EN EL MUNICIPIO DE BUCARAMANGA | E94: PRESTACIÓN DE SERVICIOS DE APOYO A LA GESTIÓN PARA COADYUVAR EN LA PROMOCIÓN, DIVULGACIÓN Y POSICIONAMIENTO DEL PROGRAMA BANCA CIUDADANA CARGO DE LA SUBDIRECCIÓN TÉCNICA DEL INSTITUTO MUNICIPAL DE EMPLEO Y FOMENTO EMPRESARIAL DE BUCARAMANGA. CPS-091-2023, DURACIÓN SEIS (06) MESES. | F94: 091-2023 | G94: CPS | H94: DIRECTA | I94: SIERRA JAIMES YESSENIA | J94: 2.3.2.02.02.009.02 | K94: 44992 | L94: 8400000 | M94: 8400000
A95: 186 | B95: Intervenir a 4.000 empresas y/o emprendimientos mediante apalancamiento financiero orientado a realizar inversión en innovación y/o tecnología en la zona rural y urbana con enfoque diferencial. | C95: 2022680010037 | D95: APOYO A LAS LÍNEAS DE CRÉDITO CONDONABLE Y NO CONDONABLE DEL FONDO DE FOMENTO Y CRÉDITO DEL IMEBU PROGRAMA BANCA CIUDADANA EN EL MUNICIPIO DE BUCARAMANGA | E95: PRESTAR LOS SERVICIOS PROFESIONALES DE CARÁCTER TEMPORAL, PARA APOYAR LA GESTIÓN ADMINISTRATIVA DEL SUPERVISOR DE CONVENIOS Y/O CONTRATOS SUSCRITOS EN EL MARCO DEL FONDO DE FOMENTO Y CRÉDITO DE APOYO DEL IMEBU BANCA CIUDADANA. | F95: 059-2023 | G95: CPS | H95: DIRECTA | I95: TELLEZ SOLER EDWIN FABIAN | J95: 2.3.2.02.02.009.02 | K95: 44957 | L95: 16000000 | M95: 16000000 | N95: 2000000 | O95: https://community.secop.gov.co/Public/Tendering/OpportunityDetail/Index?noticeUID=CO1.NTC.3891543&isFromPublicArea=True&isModal=False
A96: 187 | B96: Otorgar 6.000 créditos a emprendimientos y mipymes de orientados a capital de trabajo o destinos de inversión diferente a innovación y/o tecnología en zonas urbanas y rurales. | C96: 2022680010037 | D96: APOYO A LAS LÍNEAS DE CRÉDITO CONDONABLE Y NO CONDONABLE DEL FONDO DE FOMENTO Y CRÉDITO DEL IMEBU PROGRAMA BANCA CIUDADANA EN EL MUNICIPIO DE BUCARAMANGA | E96: PRESTAR LOS SERVICIOS PROFESIONALES DE CARÁCTER TEMPORAL, PARA APOYAR LA GESTIÓN ADMINISTRATIVA DEL SUPERVISOR DE CONVENIOS Y/O CONTRATOS SUSCRITOS EN EL MARCO DEL FONDO DE FOMENTO Y CRÉDITO DE APOYO DEL IMEBU BANCA CIUDADANA. | F96: 059-2023 | G96: CPS | H96: DIRECTA | I96: TELLEZ SOLER EDWIN FABIAN | J96: 2.3.2.02.02.009.02 | K96: 44957 | L96: 16000000 | M96: 16000000 | N96: 2000000 | O96: https://community.secop.gov.co/Public/Tendering/OpportunityDetail/Index?noticeUID=CO1.NTC.3891543&isFromPublicArea=True&isModal=False
A97: 188 | B97: Registrar 5.000 hojas de vida para facilitar el proceso de inserción en el mercado laboral identificando habilidades, destrezas y que competencias para el trabajo. | C97: 2022680010086 | D97: FORTALECIMIENTO DE LA OFICINA DE FOMENTO A LA EMPLEABILIDAD, EL EMPLEO Y EL TRABAJO DECENTE EN EL MUNICIPIO DE BUCARAMANGA | E97: PRESTAR LOS SERVICIOS PROFESIONALES DE CARÁCTER TEMPORAL COMO PSICÓLOGA, PARA BRINDAR ORIENTACIÓN E INTERMEDIACIÓN LABORAL, PARA USUARIOS Y EMPRESARIOS, EN EL MARCO DE LOS SERVICIOS QUE SE BRINDAN A TRAVES DE LA AGENCIA DE GESTIÓN Y COLOCACIÓN DE EMPLEO DEL IMEBU | F97: 031-2023 | G97: CPS | H97: DIRECTA | I97: BAUTISTA LOPEZ KAREN NATALIA | J97: 2.3.2.02.02.009.04 | K97: 44950 | L97: 5145000 | M97: 5145000 | N97: =300125+1286250 -> 1586375 | O97: https://community.secop.gov.co/Public/Tendering/OpportunityDetail/Index?noticeUID=CO1.NTC.3822324&isFromPublicArea=True&isModal=False
A98: 189 | B98: Registrar 5.000 hojas de vida para facilitar el proceso de inserción en el mercado laboral identificando habilidades, destrezas y que competencias para el trabajo. | C98: 2022680010086 | D98: FORTALECIMIENTO DE LA OFICINA DE FOMENTO A LA EMPLEABILIDAD, EL EMPLEO Y EL TRABAJO DECENTE EN EL MUNICIPIO DE BUCARAMANGA | E98: PRESTAR LOS SERVICIOS PROFESIONALES DE CARÁCTER TEMPORAL COMO PSICÓLOGA, PARA BRINDAR ORIENTACIÓN E INTERMEDIACIÓN LABORAL, PARA USUARIOS Y EMPRESARIOS, EN EL MARCO DE LOS SERVICIOS QUE SE BRINDAN A TRAVES DE LA AGENCIA DE GESTIÓN Y COLOCACIÓN DE EMPLEO DEL IMEBU | F98: 031-2023 | G98: CPS | H98: DIRECTA | I98: BAUTISTA LOPEZ KAREN NATALIA | J98: 2.3.2.02.02.009.04 | K98: 44950 | L98: 5145000 | M98: 5145000 | N98: =300125+1286250 -> 1586375 | O98: https://community.secop.gov.co/Public/Tendering/OpportunityDetail/Index?noticeUID=CO1.NTC.3822324&isFromPublicArea=True&isModal=False
A99: 190 | B99: Registrar 5.000 hojas de vida para facilitar el proceso de inserción en el mercado laboral identificando habilidades, destrezas y que competencias para el trabajo. | C99: 2022680010086 | D99: FORTALECIMIENTO DE LA OFICINA DE FOMENTO A LA EMPLEABILIDAD, EL EMPLEO Y EL TRABAJO DECENTE EN EL MUNICIPIO DE BUCARAMANGA | E99: PRESTAR LOS SERVICIOS PROFESIONALES DE CARÁCTER TEMPORAL COMO PSICÓLOGA, PARA BRINDAR ORIENTACIÓN E INTERMEDIACIÓN LABORAL, PARA USUARIOS Y EMPRESARIOS, EN EL MARCO DE LOS SERVICIOS QUE SE BRINDAN A TRAVES DE LA AGENCIA DE GESTIÓN Y COLOCACIÓN DE EMPLEO DEL IMEBU | F99: 031-2023 | G99: CPS | H99: DIRECTA | I99: BAUTISTA LOPEZ KAREN NATALIA | J99: 2.3.2.02.02.009.04 | K99: 44950 | L99: 5145000 | M99: 5145000 | N99: =300125+1286250 -> 1586375 | O99: https://community.secop.gov.co/Public/Tendering/OpportunityDetail/Index?noticeUID=CO1.NTC.3822324&isFromPublicArea=True&isModal=False
A100: 188 | B100: Registrar 5.000 hojas de vida para facilitar el proceso de inserción en el mercado laboral identificando habilidades, destrezas y que competencias para el trabajo. | C100: 2022680010086 | D100: FORTALECIMIENTO DE LA OFICINA DE FOMENTO A LA EMPLEABILIDAD, EL EMPLEO Y EL TRABAJO DECENTE EN EL MUNICIPIO DE BUCARAMANGA | E100: PRESTAR LOS SERVICIOS PROFESIONALES DE CARÁCTER TEMPORAL, PARA APOYAR EL DESARROLLO Y LA IMPLEMENTACIÓN DE ACCIONES DE ORIENTACIÓN E INTERMEDIACIÓN LABORAL, PARA USUARIOS Y EMPRESARIOS, EN EL MARCO DE LOS SERVICIOS QUE SE BRINDAN A TRAVES DE LA AGENCIA DE GESTIÓN Y COLOCACIÓN DE EMPLEO DEL IMEBU. | F100: 036-2023 | G100: CPS | H100: DIRECTA | I100: BETANCUR SANCHEZ FABIOLA ANDREA | J100: 2.3.2.02.02.009.04 | K100: 44950 | L100: 5145000 | M100: 5145000 | N100: =300125+1286250 -> 1586375 | O100: https://community.secop.gov.co/Public/Tendering/OpportunityDetail/Index?noticeUID=CO1.NTC.3825649&isFromPublicArea=True&isModal=False
...

Sheet Gastos_Marzo
A1: INSTITUTO MUNICIPAL DE EMPLEO Y FOMENTO EMPRESARIAL - IMEBU
A2: NIT: 00804014968 - 1
A3: EJECUCION PRESUPUESTAL DE GASTOS
A4: Periodo comprendido entre 01-01-2023 y 31-03-2023
A5: Fecha de Impresión: 03.04.2023 Hora: 04:50:pm
A6: Impreso por: SILVANA - SILVANA HERNANDEZ ISISDRO
A7: Codigo de Control | B7: Rubro Presupuestal | C7: Unidad Ejecutora | D7: Descripción | E7: Fuente | F7: Presupuesto Inicial | G7: Adiciones | H7: Aplazamientos | I7: Desaplazamiento | J7: Reducciones | K7: Créditos | L7: Contracréditos | M7: Presupuesto Definitivo | N7: Cdps Mes Anterior | O7: Cdps Mes Actual | P7: Total Ejecutado Segun Cdps | Q7: Cdps Vigencia Futura | R7: Saldo por Ejecutar | S7: Compromisos Mes Anterior | T7: Total Compromisos mes Actual | U7: Total Compromisos | V7: Saldo por Comprometer | W7: Total Obligaciones | X7: Pagos Mes Anterior | Y7: Total Pagos Periodo | Z7: Total Pagos | AA7: Saldo por Pagar
B8: 2 | C8: IMEB | D8: Gastos | F8: 6974000000 | G8: 0 | H8: 0 | I8: 0 | J8: 0 | K8: 5656761 | L8: 5656761 | M8: 6974000000 | N8: 0 | O8: 4007643264 | P8: 4007643264 | Q8: 0 | R8: 2966356736 | S8: 0 | T8: 3956120132 | U8: 3956120132 | V8: 3017879868 | W8: 7.1528985e+08 | X8: 0 | Y8: 6.9451975e+08 | Z8: 6.9451975e+08 | AA8: 3.2616004e+09
B9: 2.1 | C9: IMEB | D9: Funcionamiento | F9: 2609081949 | G9: 0 | H9: 0 | I9: 0 | J9: 0 | K9: 5656761 | L9: 5656761 | M9: 2609081949 | N9: 0 | O9: 893189276 | P9: 893189276 | Q9: 0 | R9: 1715892673 | S9: 0 | T9: 880516144 | U9: 880516144 | V9: 1728565805 | W9: 3.394289e+08 | X9: 0 | Y9: 3.186588e+08 | Z9: 3.186588e+08 | AA9: 5.6185735e+08
B10: 2.1.1 | C10: IMEB | D10: Gastos de personal | F10: 1587025756 | G10: 0 | H10: 0 | I10: 0 | J10: 0 | K10: 0 | L10: 0 | M10: 1587025756 | N10: 0 | O10: 263795112 | P10: 263795112 | Q10: 0 | R10: 1323230644 | S10: 0 | T10: 263795112 | U10: 263795112 | V10: 1323230644 | W10: 263789112 | X10: 0 | Y10: 243019012 | Z10: 243019012 | AA10: 20776100
B11: 2.1.1.01 | C11: IMEB | D11: Planta de personal permanente | F11: 1587025756 | G11: 0 | H11: 0 | I11: 0 | J11: 0 | K11: 0 | L11: 0 | M11: 1587025756 | N11: 0 | O11: 263795112 | P11: 263795112 | Q11: 0 | R11: 1323230644 | S11: 0 | T11: 263795112 | U11: 263795112 | V11: 1323230644 | W11: 263789112 | X11: 0 | Y11: 243019012 | Z11: 243019012 | AA11: 20776100
B12: 2.1.1.01.01 | C12: IMEB | D12: Factores constitutivos de salario | F12: 1107587483 | G12: 0 | H12: 0 | I12: 0 | J12: 0 | K12: 0 | L12: 0 | M12: 1107587483 | N12: 0 | O12: 202506173 | P12: 202506173 | Q12: 0 | R12: 905081310 | S12: 0 | T12: 202506173 | U12: 202506173 | V12: 905081310 | W12: 202506173 | X12: 0 | Y12: 202506173 | Z12: 202506173 | AA12: 0
B13: 2.1.1.01.01.001 | C13: IMEB | D13: Factores salariales comunes | F13: 1107587483 | G13: 0 | H13: 0 | I13: 0 | J13: 0 | K13: 0 | L13: 0 | M13: 1107587483 | N13: 0 | O13: 202506173 | P13: 202506173 | Q13: 0 | R13: 905081310 | S13: 0 | T13: 202506173 | U13: 202506173 | V13: 905081310 | W13: 202506173 | X13: 0 | Y13: 202506173 | Z13: 202506173 | AA13: 0
A14: 230001 | B14: 2.1.1.01.01.001.01 | C14: IMEB | D14: Sueldo básico | E14: 1.2.1.0.0 | F14: 880317528 | G14: 0 | H14: 0 | I14: 0 | J14: 0 | K14: 0 | L14: 0 | M14: 880317528 | N14: 0 | O14: 199638100 | P14: 199638100 | Q14: 0 | R14: 680679428 | S14: 0 | T14: 199638100 | U14: 199638100 | V14: 680679428 | W14: 199638100 | X14: 0 | Y14: 199638100 | Z14: 199638100 | AA14: 0
A15: 230002 | B15: 2.1.1.01.01.001.06 | C15: IMEB | D15: Prima de servicios | E15: 1.2.1.0.0 | F15: 75499453 | G15: 0 | H15: 0 | I15: 0 | J15: 0 | K15: 0 | L15: 0 | M15: 75499453 | N15: 0 | O15: 0 | P15: 0 | Q15: 0 | R15: 75499453 | S15: 0 | T15: 0 | U15: 0 | V15: 75499453 | W15: 0 | X15: 0 | Y15: 0 | Z15: 0 | AA15: 0
A16: 230003 | B16: 2.1.1.01.01.001.07 | C16: IMEB | D16: Bonificación por servicios prestados | E16: 1.2.1.0.0 | F16: 25675926 | G16: 0 | H16: 0 | I16: 0 | J16: 0 | K16: 0 | L16: 0 | M16: 25675926 | N16: 0 | O16: 2836509 | P16: 2836509 | Q16: 0 | R16: 22839417 | S16: 0 | T16: 2836509 | U16: 2836509 | V16: 22839417 | W16: 2836509 | X16: 0 | Y16: 2836509 | Z16: 2836509 | AA16: 0
B17: 2.1.1.01.01.001.08 | C17: IMEB | D17: Prestaciones sociales | F17: 126094576 | G17: 0 | H17: 0 | I17: 0 | J17: 0 | K17: 0 | L17: 0 | M17: 126094576 | N17: 0 | O17: 31564 | P17: 31564 | Q17: 0 | R17: 126063012 | S17: 0 | T17: 31564 | U17: 31564 | V17: 126063012 | W17: 31564 | X17: 0 | Y17: 31564 | Z17: 31564 | AA17: 0
A18: 230004 | B18: 2.1.1.01.01.001.08.01 | C18: IMEB | D18: Prima de navidad | E18: 1.2.1.0.0 | F18: 85199034 | G18: 0 | H18: 0 | I18: 0 | J18: 0 | K18: 0 | L18: 0 | M18: 85199034 | N18: 0 | O18: 31564 | P18: 31564 | Q18: 0 | R18: 85167470 | S18: 0 | T18: 31564 | U18: 31564 | V18: 85167470 | W18: 31564 | X18: 0 | Y18: 31564 | Z18: 31564 | AA18: 0
A19: 230005 | B19: 2.1.1.01.01.001.08.02 | C19: IMEB | D19: Prima de vacaciones | E19: 1.2.1.0.0 | F19: 40895542 | G19: 0 | H19: 0 | I19: 0 | J19: 0 | K19: 0 | L19: 0 | M19: 40895542 | N19: 0 | O19: 0 | P19: 0 | Q19: 0 | R19: 40895542 | S19: 0 | T19: 0 | U19: 0 | V19: 40895542 | W19: 0 | X19: 0 | Y19: 0 | Z19: 0 | AA19: 0
B20: 2.1.1.01.02 | C20: IMEB | D20: Contribuciones inherentes a la nómina | F20: 391841130 | G20: 0 | H20: 0 | I20: 0 | J20: 0 | K20: 0 | L20: 0 | M20: 391841130 | N20: 0 | O20: 61288939 | P20: 61288939 | Q20: 0 | R20: 330552191 | S20: 0 | T20: 61288939 | U20: 61288939 | V20: 330552191 | W20: 61282939 | X20: 0 | Y20: 40512839 | Z20: 40512839 | AA20: 20776100
A21: 230007 | B21: 2.1.1.01.02.001 | C21: IMEB | D21: Aportes a la seguridad social en pensiones | E21: 1.2.1.0.0 | F21: 108719214 | G21: 0 | H21: 0 | I21: 0 | J21: 0 | K21: 0 | L21: 0 | M21: 108719214 | N21: 0 | O21: 24402100 | P21: 24402100 | Q21: 0 | R21: 84317114 | S21: 0 | T21: 24402100 | U21: 24402100 | V21: 84317114 | W21: 24402100 | X21: 0 | Y21: 16058900 | Z21: 16058900 | AA21: 8343200
A22: 230008 | B22: 2.1.1.01.02.002 | C22: IMEB | D22: Aportes a la seguridad social en salud | E22: 1.2.1.0.0 | F22: 77009444 | G22: 0 | H22: 0 | I22: 0 | J22: 0 | K22: 0 | L22: 0 | M22: 77009444 | N22: 0 | O22: 17289300 | P22: 17289300 | Q22: 0 | R22: 59720144 | S22: 0 | T22: 17289300 | U22: 17289300 | V22: 59720144 | W22: 17289300 | X22: 0 | Y22: 11379600 | Z22: 11379600 | AA22: 5909700
A23: 230009 | B23: 2.1.1.01.02.003 | C23: IMEB | D23: Aportes de cesantías | E23: 1.2.1.0.0 | F23: 103374829 | G23: 0 | H23: 0 | I23: 0 | J23: 0 | K23: 0 | L23: 0 | M23: 103374829 | N23: 0 | O23: 44939 | P23: 44939 | Q23: 0 | R23: 103329890 | S23: 0 | T23: 44939 | U23: 44939 | V23: 103329890 | W23: 44939 | X23: 0 | Y23: 44939 | Z23: 44939 | AA23: 0
A24: 230010 | B24: 2.1.1.01.02.004 | C24: IMEB | D24: Aportes a cajas de compensación familiar | E24: 1.2.1.0.0 | F24: 43403798 | G24: 0 | H24: 0 | I24: 0 | J24: 0 | K24: 0 | L24: 0 | M24: 43403798 | N24: 0 | O24: 8215900 | P24: 8215900 | Q24: 0 | R24: 35187898 | S24: 0 | T24: 8215900 | U24: 8215900 | V24: 35187898 | W24: 8215900 | X24: 0 | Y24: 5478600 | Z24: 5478600 | AA24: 2737300
A25: 230011 | B25: 2.1.1.01.02.005 | C25: IMEB | D25: Aportes generales al sistema de riesgos laborales | E25: 1.2.1.0.0 | F25: 5079098 | G25: 0 | H25: 0 | I25: 0 | J25: 0 | K25: 0 | L25: 0 | M25: 5079098 | N25: 0 | O25: 1064800 | P25: 1064800 | Q25: 0 | R25: 4014298 | S25: 0 | T25: 1064800 | U25: 1064800 | V25: 4014298 | W25: 1058800 | X25: 0 | Y25: 701100 | Z25: 701100 | AA25: 363700
A26: 230012 | B26: 2.1.1.01.02.006 | C26: IMEB | D26: Aportes al ICBF | E26: 1.2.1.0.0 | F26: 32552848 | G26: 0 | H26: 0 | I26: 0 | J26: 0 | K26: 0 | L26: 0 | M26: 32552848 | N26: 0 | O26: 6162900 | P26: 6162900 | Q26: 0 | R26: 26389948 | S26: 0 | T26: 6162900 | U26: 6162900 | V26: 26389948 | W26: 6162900 | X26: 0 | Y26: 4109700 | Z26: 4109700 | AA26: 2053200
A27: 230013 | B27: 2.1.1.01.02.007 | C27: IMEB | D27: Aportes al SENA | E27: 1.2.1.0.0 | F27: 21701899 | G27: 0 | H27: 0 | I27: 0 | J27: 0 | K27: 0 | L27: 0 | M27: 21701899 | N27: 0 | O27: 4109000 | P27: 4109000 | Q27: 0 | R27: 17592899 | S27: 0 | T27: 4109000 | U27: 4109000 | V27: 17592899 | W27: 4109000 | X27: 0 | Y27: 2740000 | Z27: 2740000 | AA27: 1369000
B28: 2.1.1.01.03 | C28: IMEB | D28: Remuneraciones no constitutivas de factor salarial | F28: 87597143 | G28: 0 | H28: 0 | I28: 0 | J28: 0 | K28: 0 | L28: 0 | M28: 87597143 | N28: 0 | O28: 0 | P28: 0 | Q28: 0 | R28: 87597143 | S28: 0 | T28: 0 | U28: 0 | V28: 87597143 | W28: 0 | X28: 0 | Y28: 0 | Z28: 0 | AA28: 0
B29: 2.1.1.01.03.001 | C29: IMEB | D29: Prestaciones sociales | F29: 87597143 | G29: 0 | H29: 0 | I29: 0 | J29: 0 | K29: 0 | L29: 0 | M29: 87597143 | N29: 0 | O29: 0 | P29: 0 | Q29: 0 | R29: 87597143 | S29: 0 | T29: 0 | U29: 0 | V29: 87597143 | W29: 0 | X29: 0 | Y29: 0 | Z29: 0 | AA29: 0
A30: 230014 | B30: 2.1.1.01.03.001.01 | C30: IMEB | D30: Vacaciones | E30: 1.2.1.0.0 | F30: 62706489 | G30: 0 | H30: 0 | I30: 0 | J30: 0 | K30: 0 | L30: 0 | M30: 62706489 | N30: 0 | O30: 0 | P30: 0 | Q30: 0 | R30: 62706489 | S30: 0 | T30: 0 | U30: 0 | V30: 62706489 | W30: 0 | X30: 0 | Y30: 0 | Z30: 0 | AA30: 0
A31: 230015 | B31: 2.1.1.01.03.001.02 | C31: IMEB | D31: Indemnización por vacaciones | E31: 1.3.2.3.05 | F31: 20000000 | G31: 0 | H31: 0 | I31: 0 | J31: 0 | K31: 0 | L31: 0 | M31: 20000000 | N31: 0 | O31: 0 | P31: 0 | Q31: 0 | R31: 20000000 | S31: 0 | T31: 0 | U31: 0 | V31: 20000000 | W31: 0 | X31: 0 | Y31: 0 | Z31: 0 | AA31: 0
A32: 230016 | B32: 2.1.1.01.03.001.03 | C32: IMEB | D32: Bonificacion especial de recreación | E32: 1.2.1.0.0 | F32: 4890654 | G32: 0 | H32: 0 | I32: 0 | J32: 0 | K32: 0 | L32: 0 | M32: 4890654 | N32: 0 | O32: 0 | P32: 0 | Q32: 0 | R32: 4890654 | S32: 0 | T32: 0 | U32: 0 | V32: 4890654 | W32: 0 | X32: 0 | Y32: 0 | Z32: 0 | AA32: 0
B33: 2.1.2 | C33: IMEB | D33: Adquisición de bienes y servicios | F33: 953512250 | G33: 0 | H33: 0 | I33: 0 | J33: 0 | K33: 5656761 | L33: 0 | M33: 959169011 | N33: 0 | O33: 586778164 | P33: 586778164 | Q33: 0 | R33: 372390847 | S33: 0 | T33: 574105032 | U33: 574105032 | V33: 385063979 | W33: 64985786 | X33: 0 | Y33: 64985786 | Z33: 64985786 | AA33: 509119246
B34: 2.1.2.01 | C34: IMEB | D34: Adquisición de activos no financieros | F34: 32500000 | G34: 0 | H34: 0 | I34: 0 | J34: 0 | K34: 0 | L34: 0 | M34: 32500000 | N34: 0 | O34: 0 | P34: 0 | Q34: 0 | R34: 32500000 | S34: 0 | T34: 0 | U34: 0 | V34: 32500000 | W34: 0 | X34: 0 | Y34: 0 | Z34: 0 | AA34: 0
B35: 2.1.2.01.01 | C35: IMEB | D35: Activos Fijos | F35: 32500000 | G35: 0 | H35: 0 | I35: 0 | J35: 0 | K35: 0 | L35: 0 | M35: 32500000 | N35: 0 | O35: 0 | P35: 0 | Q35: 0 | R35: 32500000 | S35: 0 | T35: 0 | U35: 0 | V35: 32500000 | W35: 0 | X35: 0 | Y35: 0 | Z35: 0 | AA35: 0
B36: 2.1.2.01.01.005 | C36: IMEB | D36: Otros Activos Fijos | F36: 32500000 | G36: 0 | H36: 0 | I36: 0 | J36: 0 | K36: 0 | L36: 0 | M36: 32500000 | N36: 0 | O36: 0 | P36: 0 | Q36: 0 | R36: 32500000 | S36: 0 | T36: 0 | U36: 0 | V36: 32500000 | W36: 0 | X36: 0 | Y36: 0 | Z36: 0 | AA36: 0
B37: 2.1.2.01.01.005.02 | C37: IMEB | D37: Productos de la propiedad intelectual | F37: 32500000 | G37: 0 | H37: 0 | I37: 0 | J37: 0 | K37: 0 | L37: 0 | M37: 32500000 | N37: 0 | O37: 0 | P37: 0 | Q37: 0 | R37: 32500000 | S37: 0 | T37: 0 | U37: 0 | V37: 32500000 | W37: 0 | X37: 0 | Y37: 0 | Z37: 0 | AA37: 0
B38: 2.1.2.01.01.005.02.03 | C38: IMEB | D38: Programas de informática y bases de datos | F38: 32500000 | G38: 0 | H38: 0 | I38: 0 | J38: 0 | K38: 0 | L38: 0 | M38: 32500000 | N38: 0 | O38: 0 | P38: 0 | Q38: 0 | R38: 32500000 | S38: 0 | T38: 0 | U38: 0 | V38: 32500000 | W38: 0 | X38: 0 | Y38: 0 | Z38: 0 | AA38: 0
B39: 2.1.2.01.01.005.02.03.01 | C39: IMEB | D39: Programas de informática | F39: 32500000 | G39: 0 | H39: 0 | I39: 0 | J39: 0 | K39: 0 | L39: 0 | M39: 32500000 | N39: 0 | O39: 0 | P39: 0 | Q39: 0 | R39: 32500000 | S39: 0 | T39: 0 | U39: 0 | V39: 32500000 | W39: 0 | X39: 0 | Y39: 0 | Z39: 0 | AA39: 0
A40: 230017 | B40: 2.1.2.01.01.005.02.03.01.01 | C40: IMEB | D40: Paquetes de Software | E40: 1.2.1.0.0 | F40: 32500000 | G40: 0 | H40: 0 | I40: 0 | J40: 0 | K40: 0 | L40: 0 | M40: 32500000 | N40: 0 | O40: 0 | P40: 0 | Q40: 0 | R40: 32500000 | S40: 0 | T40: 0 | U40: 0 | V40: 32500000 | W40: 0 | X40: 0 | Y40: 0 | Z40: 0 | AA40: 0
B41: 2.1.2.02 | C41: IMEB | D41: Adquisiciones diferentes de activos | F41: 921012250 | G41: 0 | H41: 0 | I41: 0 | J41: 0 | K41: 5656761 | L41: 0 | M41: 926669011 | N41: 0 | O41: 586778164 | P41: 586778164 | Q41: 0 | R41: 339890847 | S41: 0 | T41: 574105032 | U41: 574105032 | V41: 352563979 | W41: 64985786 | X41: 0 | Y41: 64985786 | Z41: 64985786 | AA41: 509119246
B42: 2.1.2.02.01 | C42: IMEB | D42: Materiales y suministros | F42: 46032000 | G42: 0 | H42: 0 | I42: 0 | J42: 0 | K42: 0 | L42: 0 | M42: 46032000 | N42: 0 | O42: 16849132 | P42: 16849132 | Q42: 0 | R42: 29182868 | S42: 0 | T42: 4176000 | U42: 4176000 | V42: 41856000 | W42: 522000 | X42: 0 | Y42: 522000 | Z42: 522000 | AA42: 3654000
A43: 230018 | B43: 2.1.2.02.01.003 | C43: IMEB | D43: Otros bienes transportables (excepto productos metálicos, maquinaria y equipo) | E43: 1.2.1.0.0 | F43: 46032000 | G43: 0 | H43: 0 | I43: 0 | J43: 0 | K43: 0 | L43: 0 | M43: 46032000 | N43: 0 | O43: 16849132 | P43: 16849132 | Q43: 0 | R43: 29182868 | S43: 0 | T43: 4176000 | U43: 4176000 | V43: 41856000 | W43: 522000 | X43: 0 | Y43: 522000 | Z43: 522000 | AA43: 3654000
B44: 2.1.2.02.02 | C44: IMEB | D44: Adquisición de servicios | F44: 874980250 | G44: 0 | H44: 0 | I44: 0 | J44: 0 | K44: 5656761 | L44: 0 | M44: 880637011 | N44: 0 | O44: 569929032 | P44: 569929032 | Q44: 0 | R44: 310707979 | S44: 0 | T44: 569929032 | U44: 569929032 | V44: 310707979 | W44: 64463786 | X44: 0 | Y44: 64463786 | Z44: 64463786 | AA44: 505465246
B45: 2.1.2.02.02.006 | C45: IMEB | D45: Servicios de alojamiento; servicios de suministro de comidas y bebidas; servicios de transporte; y servicios de distribución de electricidad, gas y agua | F45: 33288000 | G45: 0 | H45: 0 | I45: 0 | J45: 0 | K45: 0 | L45: 0 | M45: 33288000 | N45: 0 | O45: 2858801 | P45: 2858801 | Q45: 0 | R45: 30429199 | S45: 0 | T45: 2858801 | U45: 2858801 | V45: 30429199 | W45: 422801 | X45: 0 | Y45: 422801 | Z45: 422801 | AA45: 2436000
A46: 230020 | B46: 2.1.2.02.02.006.01 | C46: IMEB | D46: Servicios de alojamiento; servicios de suministro de comidas y bebidas; servicios de transporte; y servicios de distribución de electricidad, gas y agua | E46: 1.2.1.0.0 | F46: 10188000 | G46: 0 | H46: 0 | I46: 0 | J46: 0 | K46: 0 | L46: 0 | M46: 10188000 | N46: 0 | O46: 2784000 | P46: 2784000 | Q46: 0 | R46: 7404000 | S46: 0 | T46: 2784000 | U46: 2784000 | V46: 7404000 | W46: 348000 | X46: 0 | Y46: 348000 | Z46: 348000 | AA46: 2436000
A47: 230019 | B47: 2.1.2.02.02.006.02 | C47: IMEB | D47: Servicios de alojamiento; servicios de suministro de comidas y bebidas; servicios de transporte; y servicios de distribución de electricidad, gas y agua - SOLERI KENNEDY | E47: 1.2.1.0.0 | F47: 23100000 | G47: 0 | H47: 0 | I47: 0 | J47: 0 | K47: 0 | L47: 0 | M47: 23100000 | N47: 0 | O47: 74801 | P47: 74801 | Q47: 0 | R47: 23025199 | S47: 0 | T47: 74801 | U47: 74801 | V47: 23025199 | W47: 74801 | X47: 0 | Y47: 74801 | Z47: 74801 | AA47: 0
B48: 2.1.2.02.02.007 | C48: IMEB | D48: Servicios financieros y servicios conexos, servicios inmobiliarios y servicios de leasing | F48: 348039290 | G48: 0 | H48: 0 | I48: 0 | J48: 0 | K48: 5656761 | L48: 0 | M48: 353696051 | N48: 0 | O48: 352585912 | P48: 352585912 | Q48: 0 | R48: 1110139 | S48: 0 | T48: 352585912 | U48: 352585912 | V48: 1110139 | W48: 0 | X48: 0 | Y48: 0 | Z48: 0 | AA48: 352585912
A49: 230021 | B49: 2.1.2.02.02.007.01 | C49: IMEB | D49: Servicios financieros y servicios conexos, servicios inmobiliarios y servicios de leasing - CEMPRENDE | E49: 1.2.1.0.0 | F49: 300062900 | G49: 0 | H49: 0 | I49: 0 | J49: 0 | K49: 0 | L49: 0 | M49: 300062900 | N49: 0 | O49: 300062900 | P49: 300062900 | Q49: 0 | R49: 0 | S49: 0 | T49: 300062900 | U49: 300062900 | V49: 0 | W49: 0 | X49: 0 | Y49: 0 | Z49: 0 | AA49: 300062900
A50: 230025 | B50: 2.1.2.02.02.007.02 | C50: IMEB | D50: Servicios financieros y servicios conexos, servicios inmobiliarios y servicios de leasing | E50: 1.2.1.0.0 | F50: 47976390 | G50: 0 | H50: 0 | I50: 0 | J50: 0 | K50: 5656761 | L50: 0 | M50: 53633151 | N50: 0 | O50: 52523012 | P50: 52523012 | Q50: 0 | R50: 1110139 | S50: 0 | T50: 52523012 | U50: 52523012 | V50: 1110139 | W50: 0 | X50: 0 | Y50: 0 | Z50: 0 | AA50: 52523012
A51: 230022 | B51: 2.1.2.02.02.008 | C51: IMEB | D51: Servicios prestados a las empresas y servicios de producción | E51: 1.2.1.0.0 | F51: 128071960 | G51: 0 | H51: 0 | I51: 0 | J51: 0 | K51: 0 | L51: 0 | M51: 128071960 | N51: 0 | O51: 13377474 | P51: 13377474 | Q51: 0 | R51: 114694486 | S51: 0 | T51: 13377474 | U51: 13377474 | V51: 114694486 | W51: 7287474 | X51: 0 | Y51: 7287474 | Z51: 7287474 | AA51: 6090000
B52: 2.1.2.02.02.009 | C52: IMEB | D52: Servicios para la comunidad, sociales y personales | F52: 358081000 | G52: 0 | H52: 0 | I52: 0 | J52: 0 | K52: 0 | L52: 0 | M52: 358081000 | N52: 0 | O52: 198026666 | P52: 198026666 | Q52: 0 | R52: 160054334 | S52: 0 | T52: 198026666 | U52: 198026666 | V52: 160054334 | W52: 53673332 | X52: 0 | Y52: 53673332 | Z52: 53673332 | AA52: 144353334
A53: 230023 | B53: 2.1.2.02.02.009.01 | C53: IMEB | D53: Servicios para la comunidad, sociales y personales | E53: 1.2.1.0.0 | F53: 284008943 | G53: 0 | H53: 0 | I53: 0 | J53: 0 | K53: 0 | L53: 0 | M53: 284008943 | N53: 0 | O53: 198026666 | P53: 198026666 | Q53: 0 | R53: 85982277 | S53: 0 | T53: 198026666 | U53: 198026666 | V53: 85982277 | W53: 53673332 | X53: 0 | Y53: 53673332 | Z53: 53673332 | AA53: 144353334
A54: 230038 | B54: 2.1.2.02.02.009.02 | C54: IMEB | D54: Servicios para la comunidad, sociales y personales | E54: 1.3.2.3.11 | F54: 74072057 | G54: 0 | H54: 0 | I54: 0 | J54: 0 | K54: 0 | L54: 0 | M54: 74072057 | N54: 0 | O54: 0 | P54: 0 | Q54: 0 | R54: 74072057 | S54: 0 | T54: 0 | U54: 0 | V54: 74072057 | W54: 0 | X54: 0 | Y54: 0 | Z54: 0 | AA54: 0
A55: 230077 | B55: 2.1.2.02.02.010 | C55: IMEB | D55: Viáticos de funcionarios en Comisión | E55: APM | F55: 7500000 | G55: 0 | H55: 0 | I55: 0 | J55: 0 | K55: 0 | L55: 0 | M55: 7500000 | N55: 0 | O55: 3080179 | P55: 3080179 | Q55: 0 | R55: 4419821 | S55: 0 | T55: 3080179 | U55: 3080179 | V55: 4419821 | W55: 3080179 | X55: 0 | Y55: 3080179 | Z55: 3080179 | AA55: 0
B56: 2.1.3 | C56: IMEB | D56: Transferencias corrientes | F56: 25927943 | G56: 0 | H56: 0 | I56: 0 | J56: 0 | K56: 0 | L56: 5656761 | M56: 20271182 | N56: 0 | O56: 0 | P56: 0 | Q56: 0 | R56: 20271182 | S56: 0 | T56: 0 | U56: 0 | V56: 20271182 | W56: 0 | X56: 0 | Y56: 0 | Z56: 0 | AA56: 0
B57: 2.1.3.13 | C57: IMEB | D57: Sentencias y Conciliaciones | F57: 25927943 | G57: 0 | H57: 0 | I57: 0 | J57: 0 | K57: 0 | L57: 5656761 | M57: 20271182 | N57: 0 | O57: 0 | P57: 0 | Q57: 0 | R57: 20271182 | S57: 0 | T57: 0 | U57: 0 | V57: 20271182 | W57: 0 | X57: 0 | Y57: 0 | Z57: 0 | AA57: 0
B58: 2.1.3.13.01 | C58: IMEB | D58: Fallos nacionales | F58: 25927943 | G58: 0 | H58: 0 | I58: 0 | J58: 0 | K58: 0 | L58: 5656761 | M58: 20271182 | N58: 0 | O58: 0 | P58: 0 | Q58: 0 | R58: 20271182 | S58: 0 | T58: 0 | U58: 0 | V58: 20271182 | W58: 0 | X58: 0 | Y58: 0 | Z58: 0 | AA58: 0
A59: 230024 | B59: 2.1.3.13.01.001 | C59: IMEB | D59: Sentencias | E59: 1.2.1.0.0 | F59: 25927943 | G59: 0 | H59: 0 | I59: 0 | J59: 0 | K59: 0 | L59: 5656761 | M59: 20271182 | N59: 0 | O59: 0 | P59: 0 | Q59: 0 | R59: 20271182 | S59: 0 | T59: 0 | U59: 0 | V59: 20271182 | W59: 0 | X59: 0 | Y59: 0 | Z59: 0 | AA59: 0
B60: 2.1.8 | C60: IMEB | D60: Gastos por tributos, multas, sanciones e intereses de mora | F60: 42616000 | G60: 0 | H60: 0 | I60: 0 | J60: 0 | K60: 0 | L60: 0 | M60: 42616000 | N60: 0 | O60: 42616000 | P60: 42616000 | Q60: 0 | R60: 0 | S60: 0 | T60: 42616000 | U60: 42616000 | V60: 0 | W60: 10654000 | X60: 0 | Y60: 10654000 | Z60: 10654000 | AA60: 31962000
B61: 2.1.8.04 | C61: IMEB | D61: Contribuciones | F61: 42616000 | G61: 0 | H61: 0 | I61: 0 | J61: 0 | K61: 0 | L61: 0 | M61: 42616000 | N61: 0 | O61: 42616000 | P61: 42616000 | Q61: 0 | R61: 0 | S61: 0 | T61: 42616000 | U61: 42616000 | V61: 0 | W61: 10654000 | X61: 0 | Y61: 10654000 | Z61: 10654000 | AA61: 31962000
A62: 230026 | B62: 2.1.8.04.01 | C62: IMEB | D62: Cuota de fiscalización y auditaje | E62: 1.2.1.0.0 | F62: 42616000 | G62: 0 | H62: 0 | I62: 0 | J62: 0 | K62: 0 | L62: 0 | M62: 42616000 | N62: 0 | O62: 42616000 | P62: 42616000 | Q62: 0 | R62: 0 | S62: 0 | T62: 42616000 | U62: 42616000 | V62: 0 | W62: 10654000 | X62: 0 | Y62: 10654000 | Z62: 10654000 | AA62: 31962000
B63: 2.3 | C63: IMEB | D63: Inversión | F63: 4364918051 | G63: 0 | H63: 0 | I63: 0 | J63: 0 | K63: 0 | L63: 0 | M63: 4364918051 | N63: 0 | O63: 3114453988 | P63: 3114453988 | Q63: 0 | R63: 1250464063 | S63: 0 | T63: 3075603988 | U63: 3075603988 | V63: 1289314063 | W63: 375860954 | X63: 0 | Y63: 375860954 | Z63: 375860954 | AA63: 2699743034
B64: 2.3.2 | C64: IMEB | D64: Adquisicion de bienes y servicios | F64: 4364918051 | G64: 0 | H64: 0 | I64: 0 | J64: 0 | K64: 0 | L64: 0 | M64: 4364918051 | N64: 0 | O64: 3114453988 | P64: 3114453988 | Q64: 0 | R64: 1250464063 | S64: 0 | T64: 3075603988 | U64: 3075603988 | V64: 1289314063 | W64: 375860954 | X64: 0 | Y64: 375860954 | Z64: 375860954 | AA64: 2699743034
B65: 2.3.2.02.02 | C65: IMEB | D65: Adquisición de servicios | F65: 4364918051 | G65: 0 | H65: 0 | I65: 0 | J65: 0 | K65: 0 | L65: 0 | M65: 4364918051 | N65: 0 | O65: 3114453988 | P65: 3114453988 | Q65: 0 | R65: 1250464063 | S65: 0 | T65: 3075603988 | U65: 3075603988 | V65: 1289314063 | W65: 375860954 | X65: 0 | Y65: 375860954 | Z65: 375860954 | AA65: 2699743034
B66: 2.3.2.02.02.006. | C66: IMEB | D66: Servicios de alojamiento; servicios de suministro de comidas y bebidas; servicios de transporte; y servicios de distribución de electricidad, gas y agua | F66: 50000000 | G66: 0 | H66: 0 | I66: 0 | J66: 0 | K66: 0 | L66: 0 | M66: 50000000 | N66: 0 | O66: 0 | P66: 0 | Q66: 0 | R66: 50000000 | S66: 0 | T66: 0 | U66: 0 | V66: 50000000 | W66: 0 | X66: 0 | Y66: 0 | Z66: 0 | AA66: 0
A67: 230027 | B67: 2.3.2.02.02.006.01 | C67: IMEB | D67: Servicios de alojamiento; servicios de suministro de comidas y bebidas; servicios de transporte; y servicios de distribución de electricidad, gas y agua-CDE | E67: 1.2.1.0.0 | F67: 50000000 | G67: 0 | H67: 0 | I67: 0 | J67: 0 | K67: 0 | L67: 0 | M67: 50000000 | N67: 0 | O67: 0 | P67: 0 | Q67: 0 | R67: 50000000 | S67: 0 | T67: 0 | U67: 0 | V67: 50000000 | W67: 0 | X67: 0 | Y67: 0 | Z67: 0 | AA67: 0
B68: 2.3.2.02.02.007. | C68: IMEB | D68: Servicios financieros y servicios conexos, servicios inmobiliarios y servicios de leasing | F68: 389441514 | G68: 0 | H68: 0 | I68: 0 | J68: 0 | K68: 0 | L68: 0 | M68: 389441514 | N68: 0 | O68: 331715500 | P68: 331715500 | Q68: 0 | R68: 57726014 | S68: 0 | T68: 331715500 | U68: 331715500 | V68: 57726014 | W68: 70765500 | X68: 0 | Y68: 70765500 | Z68: 70765500 | AA68: 260950000
A69: 230029 | B69: 2.3.2.02.02.007.02 | C69: IMEB | D69: Servicios financieros y servicios conexos, servicios inmobiliarios y servicios de leasing-CDE | E69: 1.2.1.0.0 | F69: 219441514 | G69: 0 | H69: 0 | I69: 0 | J69: 0 | K69: 0 | L69: 0 | M69: 219441514 | N69: 0 | O69: 161715500 | P69: 161715500 | Q69: 0 | R69: 57726014 | S69: 0 | T69: 161715500 | U69: 161715500 | V69: 57726014 | W69: 70765500 | X69: 0 | Y69: 70765500 | Z69: 70765500 | AA69: 90950000
B70: 2.3.2.02.02.009 | C70: IMEB | D70: Servicios para la comunidad, sociales y personales | F70: 3925476537 | G70: 0 | H70: 0 | I70: 0 | J70: 0 | K70: 0 | L70: 0 | M70: 3925476537 | N70: 0 | O70: 2782738488 | P70: 2782738488 | Q70: 0 | R70: 1142738049 | S70: 0 | T70: 2743888488 | U70: 2743888488 | V70: 1181588049 | W70: 305095454 | X70: 0 | Y70: 305095454 | Z70: 305095454 | AA70: 2438793034
A71: 230030 | B71: 2.3.2.02.02.009.01 | C71: IMEB | D71: Servicios para la comunidad, sociales y personales-BANCA | E71: 1.3.2.3.05 | F71: 4000000 | G71: 0 | H71: 0 | I71: 0 | J71: 0 | K71: 0 | L71: 0 | M71: 4000000 | N71: 0 | O71: 0 | P71: 0 | Q71: 0 | R71: 4000000 | S71: 0 | T71: 0 | U71: 0 | V71: 4000000 | W71: 0 | X71: 0 | Y71: 0 | Z71: 0 | AA71: 0
A72: 230031 | B72: 2.3.2.02.02.009.02 | C72: IMEB | D72: Servicios para la comunidad, sociales y personales-BANCA | E72: 1.2.1.0.0 | F72: 1230360000 | G72: 0 | H72: 0 | I72: 0 | J72: 0 | K72: 0 | L72: 0 | M72: 1230360000 | N72: 0 | O72: 222725000 | P72: 222725000 | Q72: 0 | R72: 1007635000 | S72: 0 | T72: 222725000 | U72: 222725000 | V72: 1007635000 | W72: 17699999 | X72: 0 | Y72: 17699999 | Z72: 17699999 | AA72: 205025001
A73: 230032 | B73: 2.3.2.02.02.009.03 | C73: IMEB | D73: Servicios para la comunidad, sociales y personales- CDE | E73: 1.2.1.0.0 | F73: 1384990486 | G73: 0 | H73: 0 | I73: 0 | J73: 0 | K73: 0 | L73: 0 | M73: 1384990486 | N73: 0 | O73: 1357694886 | P73: 1357694886 | Q73: 0 | R73: 27295600 | S73: 0 | T73: 1318844886 | U73: 1318844886 | V73: 66145600 | W73: 76311457 | X73: 0 | Y73: 76311457 | Z73: 76311457 | AA73: 1242533429
A74: 230033 | B74: 2.3.2.02.02.009.04 | C74: IMEB | D74: Servicios para la comunidad, sociales y personales -EMPLEO | E74: 1.2.1.0.0 | F74: 238770000 | G74: 0 | H74: 0 | I74: 0 | J74: 0 | K74: 0 | L74: 0 | M74: 238770000 | N74: 0 | O74: 219610000 | P74: 219610000 | Q74: 0 | R74: 19160000 | S74: 0 | T74: 219610000 | U74: 219610000 | V74: 19160000 | W74: 47870458 | X74: 0 | Y74: 47870458 | Z74: 47870458 | AA74: 171739542
A75: 230034 | B75: 2.3.2.02.02.009.05 | C75: IMEB | D75: Servicios para la comunidad, sociales y personales-COWORKING | E75: 1.2.1.0.0 | F75: 525900000 | G75: 0 | H75: 0 | I75: 0 | J75: 0 | K75: 0 | L75: 0 | M75: 525900000 | N75: 0 | O75: 444625000 | P75: 444625000 | Q75: 0 | R75: 81275000 | S75: 0 | T75: 444625000 | U75: 444625000 | V75: 81275000 | W75: 52916875 | X75: 0 | Y75: 52916875 | Z75: 52916875 | AA75: 391708125
A76: 230035 | B76: 2.3.2.02.02.009.06 | C76: IMEB | D76: Servicios para la comunidad, sociales y personales-FORTALECIMIENTO | E76: 1.2.1.0.0 | F76: 541456051 | G76: 0 | H76: 0 | I76: 0 | J76: 0 | K76: 0 | L76: 0 | M76: 541456051 | N76: 0 | O76: 538083602 | P76: 538083602 | Q76: 0 | R76: 3372449 | S76: 0 | T76: 538083602 | U76: 538083602 | V76: 3372449 | W76: 110296665 | X76: 0 | Y76: 110296665 | Z76: 110296665 | AA76: 427786937
A77: 230028 | B77: 2.3.2.02.02.007.01 | C77: IMEB | D77: Servicios financieros y servicios conexos, servicios inmobiliarios y servicios de leasing-COWORKING | E77: 1.2.1.0.0 | F77: 170000000 | G77: 0 | H77: 0 | I77: 0 | J77: 0 | K77: 0 | L77: 0 | M77: 170000000 | N77: 0 | O77: 170000000 | P77: 170000000 | Q77: 0 | R77: 0 | S77: 0 | T77: 170000000 | U77: 170000000 | V77: 0 | W77: 0 | X77: 0 | Y77: 0 | Z77: 0 | AA77: 170000000
B80: CDE | K80: =+K62+K70+K72+K75 -> 0 | L80: =+L63+L70+L72+L75 -> 0 | M80: =M67+M69+M73 -> 1654432000 | P80: =P67+P69+P73 -> 1519410386 | U80: =U67+U69+U73 -> 1480560386 | V80: =+V63+V70+V72+V75 -> 3559812112 | W80: =W67+W69+W73 -> 147076957
B81: BANCA | K81: =+K68+K73+K74 -> 0 | L81: =+L68+L73+L74 -> 0 | M81: =M71+M72 -> 1234360000 | P81: =P71+P72 -> 222725000 | U81: =U71+U72 -> 222725000 | V81: =+V68+V73+V74 -> 143031614 | W81: =W71+W72 -> 17699999
B82: COWORKING | K82: =+K61+K71+K77 -> 0 | L82: =+L62+L71+L77 -> 0 | M82: =M75+M77 -> 695900000 | P82: =P75+P77 -> 614625000 | U82: =U75+U77 -> 614625000 | V82: =+V62+V71+V77 -> 4000000 | W82: =W75+W77 -> 52916875
B83: EMPLEO | K83: =+K76 -> 0 | L83: =+L76 -> 0 | M83: =M74 -> 238770000 | P83: =P74 -> 219610000 | U83: =U74 -> 219610000 | V83: =+V76 -> 3372449 | W83: =W74 -> 47870458
B84: FORTALECIMIENTO | K84: =+K78 -> 0 | L84: =+L78 -> 0 | M84: =M76 -> 541456051 | P84: =P76 -> 538083602 | U84: =U76 -> 538083602 | V84: =+V78 -> 0 | W84: =W76 -> 110296665
K86: =SUM(K80:K84) -> 0 | L86: =SUM(L80:L84) -> 0 | M86: =SUM(M80:M84) -> 4364918051 | N86: =SUM(N80:N84) -> 0 | O86: =SUM(O80:O84) -> 0 | P86: =SUM(P80:P84) -> 3114453988 | Q86: =SUM(Q80:Q84) -> 0 | R86: =SUM(R80:R84) -> 0 | S86: =SUM(S80:S84) -> 0 | U86: =U80+U81+U82+U83+U84 -> 3075603988 | W86: =W80+W81+W82+W83+W84 -> 375860954

Sheet % METAS CDE
B1: Nombre proyecto de inversión | C1: FORTALECIMIENTO DEL CENTRO DE DESARROLLO EMPRESARIAL Y DE EMPLEABILIDAD EN EL MUNICIPIO DE BUCARAMANGA
B3: Etiquetas de fila | C3: Suma de Total apropiado | E3: META | F3: CDE
B4: 182 | C4: 0.32842584 | E4: 182 | F4: 0.32842584
B5: 183 | C5: 0.028563712 | E5: 183 | F5: 0.028563712
B6: 184 | C6: 0.51349063 | E6: 184 | F6: 0.51349063
B7: 185 | C7: 0.12951981 | E7: 185 | F7: 0.12951981
B8: Total general | C8: 1

Sheet Resultado por Estrategias
G1: EJECUTADO
A2: Proyecto | B2: Estrategia | C2: Beneficiados | D2: Meta real cuatrienio | E2: Meta anual | F2: Meta mensual | G2: Enero | H2: Febrero | I2: Marzo | J2: Abril | K2: Mayo | L2: Junio | M2: Julio | N2: Agosto | O2: Septiembre | P2: Octubre | Q2: Noviembre | R2: Diciembre | S2: Meta a Septiembre | T2: Cumpl a Ene | U2: Rezago a hoy
A3: Coworking | B3: Consultorio E Marketing | C3: =+SUM(G3:R3) -> 160 | D3: 1476 | E3: 657 | F3: =+E3/9 -> 73 | G3: 0 | H3: 75 | I3: 85 | S3: =+F3*9 -> 657 | T3: =SUM(G3:R3) -> 160 | U3: =+T3-S3 -> -497
A4: Coworking | B4: Espacios Colaborativos | C4: =+SUM(G4:R4) -> 0 | E4: 30 | F4: =+E4/9 -> 3.3333333 | G4: 0 | H4: 0 | I4: 0 | S4: =+F4*9 -> 30 | T4: =SUM(G4:R4) -> 0 | U4: =+T4-S4 -> -30
A5: Coworking | B5: Cemprende - SEED LAB | C5: =+SUM(G5:R5) -> 0 | E5: 10 | F5: =+E5/9 -> 1.1111111 | G5: 0 | H5: 0 | I5: 0 | S5: =+F5*9 -> 10 | T5: =SUM(G5:R5) -> 0 | U5: =+T5-S5 -> -10
A6: Coworking | B6: Cemprende - HerramientaSTEC | C6: =+SUM(G6:R6) -> 0 | E6: 65 | F6: =+E6/9 -> 7.2222222 | G6: 0 | H6: 0 | I6: 0 | S6: =+F6*9 -> 65 | T6: =SUM(G6:R6) -> 0 | U6: =+T6-S6 -> -65
A7: Coworking | B7: Avanza BGA | C7: =+SUM(G7:R7) -> 49 | E7: 360 | F7: =+E7/9 -> 40 | G7: 0 | H7: 12 | I7: 37 | S7: =+F7*9 -> 360 | T7: =SUM(G7:R7) -> 49 | U7: =+T7-S7 -> -311
A8: Coworking | B8: Crea BGA | C8: =+SUM(G8:R8) -> 85 | E8: 657 | F8: =+E8/9 -> 73 | G8: 0 | H8: 0 | I8: 85 | S8: =+F8*9 -> 657 | T8: =SUM(G8:R8) -> 85 | U8: =+T8-S8 -> -572
A9: Coworking | B9: Formación a la medida | C9: =+SUM(G9:R9) -> 0 | E9: 1000 | F9: =+E9/9 -> 111.11111 | G9: 0 | H9: 0 | I9: 0 | S9: =+F9*9 -> 1000 | T9: =SUM(G9:R9) -> 0 | U9: =+T9-S9 -> -1000
A10: CDE | B10: CDE Virtual | C10: =+SUM(G10:R10) -> 0 | D10: 0.3 | E10: 0.3 | F10: =+E10/9 -> 0.033333333 | G10: 0 | H10: 0 | I10: 0 | S10: =+F10*9 -> 0.3 | T10: =SUM(G10:R10) -> 0 | U10: 0.01
A11: CDE | B11: Planes de mejoramiento diseñados | C11: =+SUM(G11:R11) -> 144 | D11: 0 | E11: 0 | F11: =+E11/9 -> 0 | G11: 0 | H11: 0 | I11: 144 | S11: =+F11*9 -> 0 | T11: =SUM(G11:R11) -> 144 | U11: =+T11-S11 -> 144
A12: CDE | B12: Modelos de negocio | C12: =+SUM(G12:R12) -> 11 | E12: 0 | F12: =+E12/9 -> 0 | G12: 0 | H12: 0 | I12: 11 | S12: =+F12*9 -> 0 | T12: =SUM(G12:R12) -> 11 | U12: =+T12-S12 -> 11
A13: CDE | B13: Talleres CDE | C13: =+SUM(G13:R13) -> 127 | E13: 0 | F13: =+E13/9 -> 0 | G13: 0 | H13: 0 | I13: 127 | S13: =+F13*9 -> 0 | T13: =SUM(G13:R13) -> 127 | U13: =+T13-S13 -> 127
A14: CDE | B14: Talleres vitrinismo Beatriz | C14: =+SUM(G14:R14) -> 47 | E14: 360 | F14: =+E14/9 -> 40 | G14: 0 | H14: 32 | I14: 15 | S14: =+F14*9 -> 360 | T14: =SUM(G14:R14) -> 47 | U14: =+T14-S14 -> -313
A15: CDE | B15: Taller en e-comerce y uso de plataforma Market Place | C15: =+SUM(G15:R15) -> 87 | E15: 360 | F15: =+E15/9 -> 40 | G15: 0 | H15: 47 | I15: 40 | S15: =+F15*9 -> 360 | T15: =SUM(G15:R15) -> 87 | U15: =+T15-S15 -> -273
A16: CDE | B16: Talleres Somos Locales | C16: =+SUM(G16:R16) -> 183 | E16: 360 | F16: =+E16/9 -> 40 | G16: 0 | H16: 91 | I16: 92 | S16: =+F16*9 -> 360 | T16: =SUM(G16:R16) -> 183 | U16: =+T16-S16 -> -177
A17: CDE | B17: Planes de mejoramiento implementados | C17: =+SUM(G17:R17) -> 41 | D17: 2104 | E17: =+D17 -> 2104 | F17: =+E17/9 -> 233.77778 | G17: 0 | H17: 0 | I17: 41 | S17: =+F17*9 -> 2104 | T17: =SUM(G17:R17) -> 41 | U17: =+T17-S17 -> -2063
A18: CDE | B18: Market Place (productos cargados en plataforma) | C18: =+SUM(G18:R18) -> 1220 | D18: - | E18: 0 | F18: =+E18/9 -> 0 | G18: 0 | H18: 1165 | I18: 55 | S18: =+F18*9 -> 0 | T18: =SUM(G18:R18) -> 1220 | U18: =+T18-S18 -> 1220
A19: Banca | B19: Creditos tecnologia e innovación | C19: =+SUM(G19:R19) -> 232 | D19: 1932 | E19: 2007 | F19: =+E19/9 -> 223 | G19: 48 | H19: 104 | I19: 80 | S19: =+F19*9 -> 2007 | T19: =SUM(G19:R19) -> 232 | U19: =+T19-S19 -> -1775
A20: Banca | B20: Creditos diferente a tecnologia e innovación | C20: =+SUM(G20:R20) -> 341 | D20: 539 | E20: 2007 | F20: =+E20/9 -> 223 | G20: 83 | H20: 137 | I20: 121 | S20: =+F20*9 -> 2007 | T20: =SUM(G20:R20) -> 341 | U20: =+T20-S20 -> -1666
A21: Empleo | B21: Registrados | C21: =+SUM(G21:R21) -> 1192 | D21: 0 | E21: 1300 | F21: =+E21/9 -> 144.44444 | G21: 108 | H21: 523 | I21: 561 | S21: =+F21*9 -> 1300 | T21: =SUM(G21:R21) -> 1192 | U21: =+T21-S21 -> -108
A22: Empleo | B22: Talleres empleo | C22: =+SUM(G22:R22) -> 1192 | D22: 0 | E22: 800 | F22: =+E22/9 -> 88.888889 | G22: 9 | H22: 472 | I22: 711 | S22: =+F22*9 -> 800 | T22: =SUM(G22:R22) -> 1192 | U22: =+T22-S22 -> 392
A23: Empleo | B23: Empresas acompañadas | C23: =+SUM(G23:R23) -> 51 | D23: 0 | E23: 390 | F23: =+E23/9 -> 43.333333 | G23: 8 | H23: 20 | I23: 23 | S23: =+F23*9 -> 390 | T23: =SUM(G23:R23) -> 51 | U23: =+T23-S23 -> -339

Sheet Recursos Gestionados
A1: Meta | B1: Proyecto | C1: Contrato | D1: Cooperante | E1: Aporte Dinero IMEBU | F1: Aporte Especie IMEBU | G1: Aporte Cooperante | H1: Total Convenio
A2: Fortalecer a 5.000 empresas, emprendimientos y/o unidades productivas, a través de la implementación de un programa de incubación y aceleración de emprendimientos innovadores articulados con el ecosistema de emprendimiento, que caracterice las capacidades tecnológicas instaladas (duras y blandas) con enfoque diferencial. | B2: FORTALECIMIENTO DEL COWORKING COMO ESTRATEGIA PARA EL EMPRENDIMIENTO, INNOVACIÓN, DINAMIZACIÓN Y ACELERACIÓN EMPRESARIAL EN EL MUNICIPIO DE BUCARAMANGA | C2: Convenio CCT 002 - 2023 | D2: Camara de comercio | E2: 494818190 | F2: 0 | G2: 174057134 | H2: =+E2+F2+G2 -> 668875324
A3: Fortalecer a 5.000 empresas, emprendimientos y/o unidades productivas, a través de la implementación de un programa de incubación y aceleración de emprendimientos innovadores articulados con el ecosistema de emprendimiento, que caracterice las capacidades tecnológicas instaladas (duras y blandas) con enfoque diferencial. | B3: FORTALECIMIENTO DEL COWORKING COMO ESTRATEGIA PARA EL EMPRENDIMIENTO, INNOVACIÓN, DINAMIZACIÓN Y ACELERACIÓN EMPRESARIAL EN EL MUNICIPIO DE BUCARAMANGA | C3: Acuerdo de cooperación | D3: Eiwos Colombia
A4: Implementar 1 programa de desarrollo empresarial y de empleabilidad para las micro y pequeñas empresas (incluyendo unidades productivas). | B4: FORTALECIMIENTO DEL CENTRO DE DESARROLLO EMPRESARIAL Y DE EMPLEABILIDAD EN EL MUNICIPIO DE BUCARAMANGA | C4: Convenio CA 002 - 2023 | D4: Camara de comercio | E4: 79005242 | F4: 263222500 | G4: 161670000 | H4: =+F4+E4+G4 -> 503897742
A5: Implementar 1 programa de desarrollo empresarial y de empleabilidad para las micro y pequeñas empresas (incluyendo unidades productivas). | B5: FORTALECIMIENTO DEL CENTRO DE DESARROLLO EMPRESARIAL Y DE EMPLEABILIDAD EN EL MUNICIPIO DE BUCARAMANGA | C5: Convenio CA 002 - 2022 | D5: Comfenalco | E5: 351258394 | F5: 85546505 | G5: 190420048 | H5: =+F5+E5+G5 -> 627224947
E6: =+SUM(E2:E5) -> 925081826 | F6: =+SUM(F2:F5) -> 348769005 | G6: =+SUM(G2:G5) -> 526147182 | H6: =+SUM(H2:H5) -> 1799998013 | I6: =G6/H6 -> 0.29230431

Sheet Gastos_Febrero
A1: INSTITUTO MUNICIPAL DE EMPLEO Y FOMENTO EMPRESARIAL - IMEBU
A2: NIT: 00804014968 - 1
A3: EJECUCION PRESUPUESTAL DE GASTOS
A4: Periodo comprendido entre 01-01-2023 y 28-02-2023
A5: Fecha de Impresión: 01.03.2023 Hora: 11:48:am
A6: Impreso por: GUSTAVO - GUSTAVO RAMIREZ BONELLS
A7: Codigo de Control | B7: Rubro Presupuestal | C7: Unidad Ejecutora | D7: Descripción | E7: Fuente | F7: Presupuesto Inicial | G7: Adiciones | H7: Aplazamientos | I7: Desaplazamiento | J7: Reducciones | K7: Créditos | L7: Contracréditos | M7: Presupuesto Definitivo | N7: Cdps Mes Anterior | O7: Cdps Mes Actual | P7: Total Ejecutado Segun Cdps | Q7: Cdps Vigencia Futura | R7: Saldo por Ejecutar | S7: Compromisos Mes Anterior | T7: Total Compromisos mes Actual | U7: Total Compromisos | V7: Saldo por Comprometer | W7: Total Obligaciones | X7: Pagos Mes Anterior | Y7: Total Pagos Periodo | Z7: Total Pagos | AA7: Saldo por Pagar
B8: 2 | C8: IMEB | D8: Gastos | F8: 6974000000 | G8: 0 | H8: 0 | I8: 0 | J8: 0 | K8: 0 | L8: 0 | M8: 6974000000 | N8: 0 | O8: 3531051050 | P8: 3531051050 | Q8: 0 | R8: 3442948950 | S8: 0 | T8: 3270563550 | U8: 3270563550 | V8: 3703436450 | W8: 2.6129827e+08 | X8: 0 | Y8: 2.393775e+08 | Z8: 2.393775e+08 | AA8: 3.031186e+09
B9: 2.1 | C9: IMEB | D9: Funcionamiento | F9: 2609081949 | G9: 0 | H9: 0 | I9: 0 | J9: 0 | K9: 0 | L9: 0 | M9: 2609081949 | N9: 0 | O9: 757479562 | P9: 757479562 | Q9: 0 | R9: 1851602387 | S9: 0 | T9: 757479562 | U9: 757479562 | V9: 1851602387 | W9: 2.099726e+08 | X9: 0 | Y9: 1.900685e+08 | Z9: 1.900685e+08 | AA9: 5.6741106e+08
B10: 2.1.1 | C10: IMEB | D10: Gastos de personal | F10: 1587025756 | G10: 0 | H10: 0 | I10: 0 | J10: 0 | K10: 0 | L10: 0 | M10: 1587025756 | N10: 0 | O10: 173421276 | P10: 173421276 | Q10: 0 | R10: 1413604480 | S10: 0 | T10: 173421276 | U10: 173421276 | V10: 1413604480 | W10: 173409176 | X10: 0 | Y10: 153505076 | Z10: 153505076 | AA10: 19916200
B11: 2.1.1.01 | C11: IMEB | D11: Planta de personal permanente | F11: 1587025756 | G11: 0 | H11: 0 | I11: 0 | J11: 0 | K11: 0 | L11: 0 | M11: 1587025756 | N11: 0 | O11: 173421276 | P11: 173421276 | Q11: 0 | R11: 1413604480 | S11: 0 | T11: 173421276 | U11: 173421276 | V11: 1413604480 | W11: 173409176 | X11: 0 | Y11: 153505076 | Z11: 153505076 | AA11: 19916200
B12: 2.1.1.01.01 | C12: IMEB | D12: Factores constitutivos de salario | F12: 1107587483 | G12: 0 | H12: 0 | I12: 0 | J12: 0 | K12: 0 | L12: 0 | M12: 1107587483 | N12: 0 | O12: 132947376 | P12: 132947376 | Q12: 0 | R12: 974640107 | S12: 0 | T12: 132947376 | U12: 132947376 | V12: 974640107 | W12: 132947376 | X12: 0 | Y12: 132947376 | Z12: 132947376 | AA12: 0
B13: 2.1.1.01.01.001 | C13: IMEB | D13: Factores salariales comunes | F13: 1107587483 | G13: 0 | H13: 0 | I13: 0 | J13: 0 | K13: 0 | L13: 0 | M13: 1107587483 | N13: 0 | O13: 132947376 | P13: 132947376 | Q13: 0 | R13: 974640107 | S13: 0 | T13: 132947376 | U13: 132947376 | V13: 974640107 | W13: 132947376 | X13: 0 | Y13: 132947376 | Z13: 132947376 | AA13: 0
A14: 230001 | B14: 2.1.1.01.01.001.01 | C14: IMEB | D14: Sueldo básico | E14: 1.2.1.0.0 | F14: 880317528 | G14: 0 | H14: 0 | I14: 0 | J14: 0 | K14: 0 | L14: 0 | M14: 880317528 | N14: 0 | O14: 132947376 | P14: 132947376 | Q14: 0 | R14: 747370152 | S14: 0 | T14: 132947376 | U14: 132947376 | V14: 747370152 | W14: 132947376 | X14: 0 | Y14: 132947376 | Z14: 132947376 | AA14: 0
A15: 230002 | B15: 2.1.1.01.01.001.06 | C15: IMEB | D15: Prima de servicios | E15: 1.2.1.0.0 | F15: 75499453 | G15: 0 | H15: 0 | I15: 0 | J15: 0 | K15: 0 | L15: 0 | M15: 75499453 | N15: 0 | O15: 0 | P15: 0 | Q15: 0 | R15: 75499453 | S15: 0 | T15: 0 | U15: 0 | V15: 75499453 | W15: 0 | X15: 0 | Y15: 0 | Z15: 0 | AA15: 0
A16: 230003 | B16: 2.1.1.01.01.001.07 | C16: IMEB | D16: Bonificación por servicios prestados | E16: 1.2.1.0.0 | F16: 25675926 | G16: 0 | H16: 0 | I16: 0 | J16: 0 | K16: 0 | L16: 0 | M16: 25675926 | N16: 0 | O16: 0 | P16: 0 | Q16: 0 | R16: 25675926 | S16: 0 | T16: 0 | U16: 0 | V16: 25675926 | W16: 0 | X16: 0 | Y16: 0 | Z16: 0 | AA16: 0
B17: 2.1.1.01.01.001.08 | C17: IMEB | D17: Prestaciones sociales | F17: 126094576 | G17: 0 | H17: 0 | I17: 0 | J17: 0 | K17: 0 | L17: 0 | M17: 126094576 | N17: 0 | O17: 0 | P17: 0 | Q17: 0 | R17: 126094576 | S17: 0 | T17: 0 | U17: 0 | V17: 126094576 | W17: 0 | X17: 0 | Y17: 0 | Z17: 0 | AA17: 0
A18: 230004 | B18: 2.1.1.01.01.001.08.01 | C18: IMEB | D18: Prima de navidad | E18: 1.2.1.0.0 | F18: 85199034 | G18: 0 | H18: 0 | I18: 0 | J18: 0 | K18: 0 | L18: 0 | M18: 85199034 | N18: 0 | O18: 0 | P18: 0 | Q18: 0 | R18: 85199034 | S18: 0 | T18: 0 | U18: 0 | V18: 85199034 | W18: 0 | X18: 0 | Y18: 0 | Z18: 0 | AA18: 0
A19: 230005 | B19: 2.1.1.01.01.001.08.02 | C19: IMEB | D19: Prima de vacaciones | E19: 1.2.1.0.0 | F19: 40895542 | G19: 0 | H19: 0 | I19: 0 | J19: 0 | K19: 0 | L19: 0 | M19: 40895542 | N19: 0 | O19: 0 | P19: 0 | Q19: 0 | R19: 40895542 | S19: 0 | T19: 0 | U19: 0 | V19: 40895542 | W19: 0 | X19: 0 | Y19: 0 | Z19: 0 | AA19: 0
B20: 2.1.1.01.02 | C20: IMEB | D20: Contribuciones inherentes a la nómina | F20: 391841130 | G20: 0 | H20: 0 | I20: 0 | J20: 0 | K20: 0 | L20: 0 | M20: 391841130 | N20: 0 | O20: 40473900 | P20: 40473900 | Q20: 0 | R20: 351367230 | S20: 0 | T20: 40473900 | U20: 40473900 | V20: 351367230 | W20: 40461800 | X20: 0 | Y20: 20557700 | Z20: 20557700 | AA20: 19916200
A21: 230007 | B21: 2.1.1.01.02.001 | C21: IMEB | D21: Aportes a la seguridad social en pensiones | E21: 1.2.1.0.0 | F21: 108719214 | G21: 0 | H21: 0 | I21: 0 | J21: 0 | K21: 0 | L21: 0 | M21: 108719214 | N21: 0 | O21: 16058900 | P21: 16058900 | Q21: 0 | R21: 92660314 | S21: 0 | T21: 16058900 | U21: 16058900 | V21: 92660314 | W21: 16058900 | X21: 0 | Y21: 8056000 | Z21: 8056000 | AA21: 8002900
A22: 230008 | B22: 2.1.1.01.02.002 | C22: IMEB | D22: Aportes a la seguridad social en salud | E22: 1.2.1.0.0 | F22: 77009444 | G22: 0 | H22: 0 | I22: 0 | J22: 0 | K22: 0 | L22: 0 | M22: 77009444 | N22: 0 | O22: 11379600 | P22: 11379600 | Q22: 0 | R22: 65629844 | S22: 0 | T22: 11379600 | U22: 11379600 | V22: 65629844 | W22: 11379600 | X22: 0 | Y22: 5711100 | Z22: 5711100 | AA22: 5668500
A23: 230009 | B23: 2.1.1.01.02.003 | C23: IMEB | D23: Aportes de cesantías | E23: 1.2.1.0.0 | F23: 103374829 | G23: 0 | H23: 0 | I23: 0 | J23: 0 | K23: 0 | L23: 0 | M23: 103374829 | N23: 0 | O23: 0 | P23: 0 | Q23: 0 | R23: 103374829 | S23: 0 | T23: 0 | U23: 0 | V23: 103374829 | W23: 0 | X23: 0 | Y23: 0 | Z23: 0 | AA23: 0
A24: 230010 | B24: 2.1.1.01.02.004 | C24: IMEB | D24: Aportes a cajas de compensación familiar | E24: 1.2.1.0.0 | F24: 43403798 | G24: 0 | H24: 0 | I24: 0 | J24: 0 | K24: 0 | L24: 0 | M24: 43403798 | N24: 0 | O24: 5478600 | P24: 5478600 | Q24: 0 | R24: 37925198 | S24: 0 | T24: 5478600 | U24: 5478600 | V24: 37925198 | W24: 5478600 | X24: 0 | Y24: 2860900 | Z24: 2860900 | AA24: 2617700
A25: 230011 | B25: 2.1.1.01.02.005 | C25: IMEB | D25: Aportes generales al sistema de riesgos laborales | E25: 1.2.1.0.0 | F25: 5079098 | G25: 0 | H25: 0 | I25: 0 | J25: 0 | K25: 0 | L25: 0 | M25: 5079098 | N25: 0 | O25: 707100 | P25: 707100 | Q25: 0 | R25: 4371998 | S25: 0 | T25: 707100 | U25: 707100 | V25: 4371998 | W25: 695000 | X25: 0 | Y25: 352800 | Z25: 352800 | AA25: 354300
A26: 230012 | B26: 2.1.1.01.02.006 | C26: IMEB | D26: Aportes al ICBF | E26: 1.2.1.0.0 | F26: 32552848 | G26: 0 | H26: 0 | I26: 0 | J26: 0 | K26: 0 | L26: 0 | M26: 32552848 | N26: 0 | O26: 4109700 | P26: 4109700 | Q26: 0 | R26: 28443148 | S26: 0 | T26: 4109700 | U26: 4109700 | V26: 28443148 | W26: 4109700 | X26: 0 | Y26: 2146100 | Z26: 2146100 | AA26: 1963600
A27: 230013 | B27: 2.1.1.01.02.007 | C27: IMEB | D27: Aportes al SENA | E27: 1.2.1.0.0 | F27: 21701899 | G27: 0 | H27: 0 | I27: 0 | J27: 0 | K27: 0 | L27: 0 | M27: 21701899 | N27: 0 | O27: 2740000 | P27: 2740000 | Q27: 0 | R27: 18961899 | S27: 0 | T27: 2740000 | U27: 2740000 | V27: 18961899 | W27: 2740000 | X27: 0 | Y27: 1430800 | Z27: 1430800 | AA27: 1309200
B28: 2.1.1.01.03 | C28: IMEB | D28: Remuneraciones no constitutivas de factor salarial | F28: 87597143 | G28: 0 | H28: 0 | I28: 0 | J28: 0 | K28: 0 | L28: 0 | M28: 87597143 | N28: 0 | O28: 0 | P28: 0 | Q28: 0 | R28: 87597143 | S28: 0 | T28: 0 | U28: 0 | V28: 87597143 | W28: 0 | X28: 0 | Y28: 0 | Z28: 0 | AA28: 0
B29: 2.1.1.01.03.001 | C29: IMEB | D29: Prestaciones sociales | F29: 87597143 | G29: 0 | H29: 0 | I29: 0 | J29: 0 | K29: 0 | L29: 0 | M29: 87597143 | N29: 0 | O29: 0 | P29: 0 | Q29: 0 | R29: 87597143 | S29: 0 | T29: 0 | U29: 0 | V29: 87597143 | W29: 0 | X29: 0 | Y29: 0 | Z29: 0 | AA29: 0
A30: 230014 | B30: 2.1.1.01.03.001.01 | C30: IMEB | D30: Vacaciones | E30: 1.2.1.0.0 | F30: 62706489 | G30: 0 | H30: 0 | I30: 0 | J30: 0 | K30: 0 | L30: 0 | M30: 62706489 | N30: 0 | O30: 0 | P30: 0 | Q30: 0 | R30: 62706489 | S30: 0 | T30: 0 | U30: 0 | V30: 62706489 | W30: 0 | X30: 0 | Y30: 0 | Z30: 0 | AA30: 0
A31: 230015 | B31: 2.1.1.01.03.001.02 | C31: IMEB | D31: Indemnización por vacaciones | E31: 1.3.2.3.05 | F31: 20000000 | G31: 0 | H31: 0 | I31: 0 | J31: 0 | K31: 0 | L31: 0 | M31: 20000000 | N31: 0 | O31: 0 | P31: 0 | Q31: 0 | R31: 20000000 | S31: 0 | T31: 0 | U31: 0 | V31: 20000000 | W31: 0 | X31: 0 | Y31: 0 | Z31: 0 | AA31: 0
A32: 230016 | B32: 2.1.1.01.03.001.03 | C32: IMEB | D32: Bonificacion especial de recreación | E32: 1.2.1.0.0 | F32: 4890654 | G32: 0 | H32: 0 | I32: 0 | J32: 0 | K32: 0 | L32: 0 | M32: 4890654 | N32: 0 | O32: 0 | P32: 0 | Q32: 0 | R32: 4890654 | S32: 0 | T32: 0 | U32: 0 | V32: 4890654 | W32: 0 | X32: 0 | Y32: 0 | Z32: 0 | AA32: 0
B33: 2.1.2 | C33: IMEB | D33: Adquisición de bienes y servicios | F33: 953512250 | G33: 0 | H33: 0 | I33: 0 | J33: 0 | K33: 0 | L33: 0 | M33: 953512250 | N33: 0 | O33: 541442286 | P33: 541442286 | Q33: 0 | R33: 412069964 | S33: 0 | T33: 541442286 | U33: 541442286 | V33: 412069964 | W33: 29460762 | X33: 0 | Y33: 29460762 | Z33: 29460762 | AA33: 511981524
B34: 2.1.2.01 | C34: IMEB | D34: Adquisición de activos no financieros | F34: 32500000 | G34: 0 | H34: 0 | I34: 0 | J34: 0 | K34: 0 | L34: 0 | M34: 32500000 | N34: 0 | O34: 0 | P34: 0 | Q34: 0 | R34: 32500000 | S34: 0 | T34: 0 | U34: 0 | V34: 32500000 | W34: 0 | X34: 0 | Y34: 0 | Z34: 0 | AA34: 0
B35: 2.1.2.01.01 | C35: IMEB | D35: Activos Fijos | F35: 32500000 | G35: 0 | H35: 0 | I35: 0 | J35: 0 | K35: 0 | L35: 0 | M35: 32500000 | N35: 0 | O35: 0 | P35: 0 | Q35: 0 | R35: 32500000 | S35: 0 | T35: 0 | U35: 0 | V35: 32500000 | W35: 0 | X35: 0 | Y35: 0 | Z35: 0 | AA35: 0
B36: 2.1.2.01.01.005 | C36: IMEB | D36: Otros Activos Fijos | F36: 32500000 | G36: 0 | H36: 0 | I36: 0 | J36: 0 | K36: 0 | L36: 0 | M36: 32500000 | N36: 0 | O36: 0 | P36: 0 | Q36: 0 | R36: 32500000 | S36: 0 | T36: 0 | U36: 0 | V36: 32500000 | W36: 0 | X36: 0 | Y36: 0 | Z36: 0 | AA36: 0
B37: 2.1.2.01.01.005.02 | C37: IMEB | D37: Productos de la propiedad intelectual | F37: 32500000 | G37: 0 | H37: 0 | I37: 0 | J37: 0 | K37: 0 | L37: 0 | M37: 32500000 | N37: 0 | O37: 0 | P37: 0 | Q37: 0 | R37: 32500000 | S37: 0 | T37: 0 | U37: 0 | V37: 32500000 | W37: 0 | X37: 0 | Y37: 0 | Z37: 0 | AA37: 0
B38: 2.1.2.01.01.005.02.03 | C38: IMEB | D38: Programas de informática y bases de datos | F38: 32500000 | G38: 0 | H38: 0 | I38: 0 | J38: 0 | K38: 0 | L38: 0 | M38: 32500000 | N38: 0 | O38: 0 | P38: 0 | Q38: 0 | R38: 32500000 | S38: 0 | T38: 0 | U38: 0 | V38: 32500000 | W38: 0 | X38: 0 | Y38: 0 | Z38: 0 | AA38: 0
B39: 2.1.2.01.01.005.02.03.01 | C39: IMEB | D39: Programas de informática | F39: 32500000 | G39: 0 | H39: 0 | I39: 0 | J39: 0 | K39: 0 | L39: 0 | M39: 32500000 | N39: 0 | O39: 0 | P39: 0 | Q39: 0 | R39: 32500000 | S39: 0 | T39: 0 | U39: 0 | V39: 32500000 | W39: 0 | X39: 0 | Y39: 0 | Z39: 0 | AA39: 0
A40: 230017 | B40: 2.1.2.01.01.005.02.03.01.01 | C40: IMEB | D40: Paquetes de Software | E40: 1.2.1.0.0 | F40: 32500000 | G40: 0 | H40: 0 | I40: 0 | J40: 0 | K40: 0 | L40: 0 | M40: 32500000 | N40: 0 | O40: 0 | P40: 0 | Q40: 0 | R40: 32500000 | S40: 0 | T40: 0 | U40: 0 | V40: 32500000 | W40: 0 | X40: 0 | Y40: 0 | Z40: 0 | AA40: 0
B41: 2.1.2.02 | C41: IMEB | D41: Adquisiciones diferentes de activos | F41: 921012250 | G41: 0 | H41: 0 | I41: 0 | J41: 0 | K41: 0 | L41: 0 | M41: 921012250 | N41: 0 | O41: 541442286 | P41: 541442286 | Q41: 0 | R41: 379569964 | S41: 0 | T41: 541442286 | U41: 541442286 | V41: 379569964 | W41: 29460762 | X41: 0 | Y41: 29460762 | Z41: 29460762 | AA41: 511981524
B42: 2.1.2.02.01 | C42: IMEB | D42: Materiales y suministros | F42: 46032000 | G42: 0 | H42: 0 | I42: 0 | J42: 0 | K42: 0 | L42: 0 | M42: 46032000 | N42: 0 | O42: 4176000 | P42: 4176000 | Q42: 0 | R42: 41856000 | S42: 0 | T42: 4176000 | U42: 4176000 | V42: 41856000 | W42: 522000 | X42: 0 | Y42: 522000 | Z42: 522000 | AA42: 3654000
A43: 230018 | B43: 2.1.2.02.01.003 | C43: IMEB | D43: Otros bienes transportables (excepto productos metálicos, maquinaria y equipo) | E43: 1.2.1.0.0 | F43: 46032000 | G43: 0 | H43: 0 | I43: 0 | J43: 0 | K43: 0 | L43: 0 | M43: 46032000 | N43: 0 | O43: 4176000 | P43: 4176000 | Q43: 0 | R43: 41856000 | S43: 0 | T43: 4176000 | U43: 4176000 | V43: 41856000 | W43: 522000 | X43: 0 | Y43: 522000 | Z43: 522000 | AA43: 3654000
B44: 2.1.2.02.02 | C44: IMEB | D44: Adquisición de servicios | F44: 874980250 | G44: 0 | H44: 0 | I44: 0 | J44: 0 | K44: 0 | L44: 0 | M44: 874980250 | N44: 0 | O44: 537266286 | P44: 537266286 | Q44: 0 | R44: 337713964 | S44: 0 | T44: 537266286 | U44: 537266286 | V44: 337713964 | W44: 28938762 | X44: 0 | Y44: 28938762 | Z44: 28938762 | AA44: 508327524
B45: 2.1.2.02.02.006 | C45: IMEB | D45: Servicios de alojamiento; servicios de suministro de comidas y bebidas; servicios de transporte; y servicios de distribución de electricidad, gas y agua | F45: 33288000 | G45: 0 | H45: 0 | I45: 0 | J45: 0 | K45: 0 | L45: 0 | M45: 33288000 | N45: 0 | O45: 2837429 | P45: 2837429 | Q45: 0 | R45: 30450571 | S45: 0 | T45: 2837429 | U45: 2837429 | V45: 30450571 | W45: 401429 | X45: 0 | Y45: 401429 | Z45: 401429 | AA45: 2436000
A46: 230020 | B46: 2.1.2.02.02.006.01 | C46: IMEB | D46: Servicios de alojamiento; servicios de suministro de comidas y bebidas; servicios de transporte; y servicios de distribución de electricidad, gas y agua | E46: 1.2.1.0.0 | F46: 10188000 | G46: 0 | H46: 0 | I46: 0 | J46: 0 | K46: 0 | L46: 0 | M46: 10188000 | N46: 0 | O46: 2784000 | P46: 2784000 | Q46: 0 | R46: 7404000 | S46: 0 | T46: 2784000 | U46: 2784000 | V46: 7404000 | W46: 348000 | X46: 0 | Y46: 348000 | Z46: 348000 | AA46: 2436000
A47: 230019 | B47: 2.1.2.02.02.006.02 | C47: IMEB | D47: Servicios de alojamiento; servicios de suministro de comidas y bebidas; servicios de transporte; y servicios de distribución de electricidad, gas y agua - SOLERI KENNEDY | E47: 1.2.1.0.0 | F47: 23100000 | G47: 0 | H47: 0 | I47: 0 | J47: 0 | K47: 0 | L47: 0 | M47: 23100000 | N47: 0 | O47: 53429 | P47: 53429 | Q47: 0 | R47: 23046571 | S47: 0 | T47: 53429 | U47: 53429 | V47: 23046571 | W47: 53429 | X47: 0 | Y47: 53429 | Z47: 53429 | AA47: 0
B48: 2.1.2.02.02.007 | C48: IMEB | D48: Servicios financieros y servicios conexos, servicios inmobiliarios y servicios de leasing | F48: 348039290 | G48: 0 | H48: 0 | I48: 0 | J48: 0 | K48: 0 | L48: 0 | M48: 348039290 | N48: 0 | O48: 324818190 | P48: 324818190 | Q48: 0 | R48: 23221100 | S48: 0 | T48: 324818190 | U48: 324818190 | V48: 23221100 | W48: 0 | X48: 0 | Y48: 0 | Z48: 0 | AA48: 324818190
A49: 230021 | B49: 2.1.2.02.02.007.01 | C49: IMEB | D49: Servicios financieros y servicios conexos, servicios inmobiliarios y servicios de leasing - CEMPRENDE | E49: 1.2.1.0.0 | F49: 300062900 | G49: 0 | H49: 0 | I49: 0 | J49: 0 | K49: 0 | L49: 0 | M49: 300062900 | N49: 0 | O49: 300062900 | P49: 300062900 | Q49: 0 | R49: 0 | S49: 0 | T49: 300062900 | U49: 300062900 | V49: 0 | W49: 0 | X49: 0 | Y49: 0 | Z49: 0 | AA49: 300062900
A50: 230025 | B50: 2.1.2.02.02.007.02 | C50: IMEB | D50: Servicios financieros y servicios conexos, servicios inmobiliarios y servicios de leasing | E50: 1.2.1.0.0 | F50: 47976390 | G50: 0 | H50: 0 | I50: 0 | J50: 0 | K50: 0 | L50: 0 | M50: 47976390 | N50: 0 | O50: 24755290 | P50: 24755290 | Q50: 0 | R50: 23221100 | S50: 0 | T50: 24755290 | U50: 24755290 | V50: 23221100 | W50: 0 | X50: 0 | Y50: 0 | Z50: 0 | AA50: 24755290
A51: 230022 | B51: 2.1.2.02.02.008 | C51: IMEB | D51: Servicios prestados a las empresas y servicios de producción | E51: 1.2.1.0.0 | F51: 128071960 | G51: 0 | H51: 0 | I51: 0 | J51: 0 | K51: 0 | L51: 0 | M51: 128071960 | N51: 0 | O51: 10375600 | P51: 10375600 | Q51: 0 | R51: 117696360 | S51: 0 | T51: 10375600 | U51: 10375600 | V51: 117696360 | W51: 4285600 | X51: 0 | Y51: 4285600 | Z51: 4285600 | AA51: 6090000
B52: 2.1.2.02.02.009 | C52: IMEB | D52: Servicios para la comunidad, sociales y personales | F52: 358081000 | G52: 0 | H52: 0 | I52: 0 | J52: 0 | K52: 0 | L52: 0 | M52: 358081000 | N52: 0 | O52: 198080000 | P52: 198080000 | Q52: 0 | R52: 160001000 | S52: 0 | T52: 198080000 | U52: 198080000 | V52: 160001000 | W52: 23096666 | X52: 0 | Y52: 23096666 | Z52: 23096666 | AA52: 174983334
A53: 230023 | B53: 2.1.2.02.02.009.01 | C53: IMEB | D53: Servicios para la comunidad, sociales y personales | E53: 1.2.1.0.0 | F53: 284008943 | G53: 0 | H53: 0 | I53: 0 | J53: 0 | K53: 0 | L53: 0 | M53: 284008943 | N53: 0 | O53: 198080000 | P53: 198080000 | Q53: 0 | R53: 85928943 | S53: 0 | T53: 198080000 | U53: 198080000 | V53: 85928943 | W53: 23096666 | X53: 0 | Y53: 23096666 | Z53: 23096666 | AA53: 174983334
A54: 230038 | B54: 2.1.2.02.02.009.02 | C54: IMEB | D54: Servicios para la comunidad, sociales y personales | E54: 1.3.2.3.11 | F54: 74072057 | G54: 0 | H54: 0 | I54: 0 | J54: 0 | K54: 0 | L54: 0 | M54: 74072057 | N54: 0 | O54: 0 | P54: 0 | Q54: 0 | R54: 74072057 | S54: 0 | T54: 0 | U54: 0 | V54: 74072057 | W54: 0 | X54: 0 | Y54: 0 | Z54: 0 | AA54: 0
A55: 230077 | B55: 2.1.2.02.02.010 | C55: IMEB | D55: Viáticos de funcionarios en Comisión | E55: APM | F55: 7500000 | G55: 0 | H55: 0 | I55: 0 | J55: 0 | K55: 0 | L55: 0 | M55: 7500000 | N55: 0 | O55: 1155067 | P55: 1155067 | Q55: 0 | R55: 6344933 | S55: 0 | T55: 1155067 | U55: 1155067 | V55: 6344933 | W55: 1155067 | X55: 0 | Y55: 1155067 | Z55: 1155067 | AA55: 0
B56: 2.1.3 | C56: IMEB | D56: Transferencias corrientes | F56: 25927943 | G56: 0 | H56: 0 | I56: 0 | J56: 0 | K56: 0 | L56: 0 | M56: 25927943 | N56: 0 | O56: 0 | P56: 0 | Q56: 0 | R56: 25927943 | S56: 0 | T56: 0 | U56: 0 | V56: 25927943 | W56: 0 | X56: 0 | Y56: 0 | Z56: 0 | AA56: 0
B57: 2.1.3.13 | C57: IMEB | D57: Sentencias y Conciliaciones | F57: 25927943 | G57: 0 | H57: 0 | I57: 0 | J57: 0 | K57: 0 | L57: 0 | M57: 25927943 | N57: 0 | O57: 0 | P57: 0 | Q57: 0 | R57: 25927943 | S57: 0 | T57: 0 | U57: 0 | V57: 25927943 | W57: 0 | X57: 0 | Y57: 0 | Z57: 0 | AA57: 0
B58: 2.1.3.13.01 | C58: IMEB | D58: Fallos nacionales | F58: 25927943 | G58: 0 | H58: 0 | I58: 0 | J58: 0 | K58: 0 | L58: 0 | M58: 25927943 | N58: 0 | O58: 0 | P58: 0 | Q58: 0 | R58: 25927943 | S58: 0 | T58: 0 | U58: 0 | V58: 25927943 | W58: 0 | X58: 0 | Y58: 0 | Z58: 0 | AA58: 0
A59: 230024 | B59: 2.1.3.13.01.001 | C59: IMEB | D59: Sentencias | E59: 1.2.1.0.0 | F59: 25927943 | G59: 0 | H59: 0 | I59: 0 | J59: 0 | K59: 0 | L59: 0 | M59: 25927943 | N59: 0 | O59: 0 | P59: 0 | Q59: 0 | R59: 25927943 | S59: 0 | T59: 0 | U59: 0 | V59: 25927943 | W59: 0 | X59: 0 | Y59: 0 | Z59: 0 | AA59: 0
B60: 2.1.8 | C60: IMEB | D60: Gastos por tributos, multas, sanciones e intereses de mora | F60: 42616000 | G60: 0 | H60: 0 | I60: 0 | J60: 0 | K60: 0 | L60: 0 | M60: 42616000 | N60: 0 | O60: 42616000 | P60: 42616000 | Q60: 0 | R60: 0 | S60: 0 | T60: 42616000 | U60: 42616000 | V60: 0 | W60: 7102666.7 | X60: 0 | Y60: 7102666.7 | Z60: 7102666.7 | AA60: 35513333
B61: 2.1.8.04 | C61: IMEB | D61: Contribuciones | F61: 42616000 | G61: 0 | H61: 0 | I61: 0 | J61: 0 | K61: 0 | L61: 0 | M61: 42616000 | N61: 0 | O61: 42616000 | P61: 42616000 | Q61: 0 | R61: 0 | S61: 0 | T61: 42616000 | U61: 42616000 | V61: 0 | W61: 7102666.7 | X61: 0 | Y61: 7102666.7 | Z61: 7102666.7 | AA61: 35513333
A62: 230026 | B62: 2.1.8.04.01 | C62: IMEB | D62: Cuota de fiscalización y auditaje | E62: 1.2.1.0.0 | F62: 42616000 | G62: 0 | H62: 0 | I62: 0 | J62: 0 | K62: 0 | L62: 0 | M62: 42616000 | N62: 0 | O62: 42616000 | P62: 42616000 | Q62: 0 | R62: 0 | S62: 0 | T62: 42616000 | U62: 42616000 | V62: 0 | W62: 7102666.7 | X62: 0 | Y62: 7102666.7 | Z62: 7102666.7 | AA62: 35513333
B63: 2.3 | C63: IMEB | D63: Inversión | F63: 4364918051 | G63: 0 | H63: 0 | I63: 0 | J63: 0 | K63: 0 | L63: 0 | M63: 4364918051 | N63: 0 | O63: 2773571488 | P63: 2773571488 | Q63: 0 | R63: 1591346563 | S63: 0 | T63: 2513083988 | U63: 2513083988 | V63: 1851834063 | W63: 51325664 | X63: 0 | Y63: 49308998 | Z63: 49308998 | AA63: 2463774990
B64: 2.3.2 | C64: IMEB | D64: Adquisicion de bienes y servicios | F64: 4364918051 | G64: 0 | H64: 0 | I64: 0 | J64: 0 | K64: 0 | L64: 0 | M64: 4364918051 | N64: 0 | O64: 2773571488 | P64: 2773571488 | Q64: 0 | R64: 1591346563 | S64: 0 | T64: 2513083988 | U64: 2513083988 | V64: 1851834063 | W64: 51325664 | X64: 0 | Y64: 49308998 | Z64: 49308998 | AA64: 2463774990
B65: 2.3.2.02.02 | C65: IMEB | D65: Adquisición de servicios | F65: 4364918051 | G65: 0 | H65: 0 | I65: 0 | J65: 0 | K65: 0 | L65: 0 | M65: 4364918051 | N65: 0 | O65: 2773571488 | P65: 2773571488 | Q65: 0 | R65: 1591346563 | S65: 0 | T65: 2513083988 | U65: 2513083988 | V65: 1851834063 | W65: 51325664 | X65: 0 | Y65: 49308998 | Z65: 49308998 | AA65: 2463774990
B66: 2.3.2.02.02.006. | C66: IMEB | D66: Servicios de alojamiento; servicios de suministro de comidas y bebidas; servicios de transporte; y servicios de distribución de electricidad, gas y agua | F66: 50000000 | G66: 0 | H66: 0 | I66: 0 | J66: 0 | K66: 0 | L66: 0 | M66: 50000000 | N66: 0 | O66: 0 | P66: 0 | Q66: 0 | R66: 50000000 | S66: 0 | T66: 0 | U66: 0 | V66: 50000000 | W66: 0 | X66: 0 | Y66: 0 | Z66: 0 | AA66: 0
A67: 230027 | B67: 2.3.2.02.02.006.01 | C67: IMEB | D67: Servicios de alojamiento; servicios de suministro de comidas y bebidas; servicios de transporte; y servicios de distribución de electricidad, gas y agua-CDE | E67: 1.2.1.0.0 | F67: 50000000 | G67: 0 | H67: 0 | I67: 0 | J67: 0 | K67: 0 | L67: 0 | M67: 50000000 | N67: 0 | O67: 0 | P67: 0 | Q67: 0 | R67: 50000000 | S67: 0 | T67: 0 | U67: 0 | V67: 50000000 | W67: 0 | X67: 0 | Y67: 0 | Z67: 0 | AA67: 0
B68: 2.3.2.02.02.007. | C68: IMEB | D68: Servicios financieros y servicios conexos, servicios inmobiliarios y servicios de leasing | F68: 389441514 | G68: 0 | H68: 0 | I68: 0 | J68: 0 | K68: 0 | L68: 0 | M68: 389441514 | N68: 0 | O68: 309515500 | P68: 309515500 | Q68: 0 | R68: 79926014 | S68: 0 | T68: 309515500 | U68: 309515500 | V68: 79926014 | W68: 0 | X68: 0 | Y68: 0 | Z68: 0 | AA68: 309515500
A69: 230029 | B69: 2.3.2.02.02.007.02 | C69: IMEB | D69: Servicios financieros y servicios conexos, servicios inmobiliarios y servicios de leasing-CDE | E69: 1.2.1.0.0 | F69: 219441514 | G69: 0 | H69: 0 | I69: 0 | J69: 0 | K69: 0 | L69: 0 | M69: 219441514 | N69: 0 | O69: 139515500 | P69: 139515500 | Q69: 0 | R69: 79926014 | S69: 0 | T69: 139515500 | U69: 139515500 | V69: 79926014 | W69: 0 | X69: 0 | Y69: 0 | Z69: 0 | AA69: 139515500
B70: 2.3.2.02.02.009 | C70: IMEB | D70: Servicios para la comunidad, sociales y personales | F70: 3925476537 | G70: 0 | H70: 0 | I70: 0 | J70: 0 | K70: 0 | L70: 0 | M70: 3925476537 | N70: 0 | O70: 2464055988 | P70: 2464055988 | Q70: 0 | R70: 1461420549 | S70: 0 | T70: 2203568488 | U70: 2203568488 | V70: 1721908049 | W70: 51325664 | X70: 0 | Y70: 49308998 | Z70: 49308998 | AA70: 2154259490
A71: 230030 | B71: 2.3.2.02.02.009.01 | C71: IMEB | D71: Servicios para la comunidad, sociales y personales-BANCA | E71: 1.3.2.3.05 | F71: 4000000 | G71: 0 | H71: 0 | I71: 0 | J71: 0 | K71: 0 | L71: 0 | M71: 4000000 | N71: 0 | O71: 0 | P71: 0 | Q71: 0 | R71: 4000000 | S71: 0 | T71: 0 | U71: 0 | V71: 4000000 | W71: 0 | X71: 0 | Y71: 0 | Z71: 0 | AA71: 0
A72: 230031 | B72: 2.3.2.02.02.009.02 | C72: IMEB | D72: Servicios para la comunidad, sociales y personales-BANCA | E72: 1.2.1.0.0 | F72: 1230360000 | G72: 0 | H72: 0 | I72: 0 | J72: 0 | K72: 0 | L72: 0 | M72: 1230360000 | N72: 0 | O72: 171800000 | P72: 171800000 | Q72: 0 | R72: 1058560000 | S72: 0 | T72: 171800000 | U72: 171800000 | V72: 1058560000 | W72: 0 | X72: 0 | Y72: 0 | Z72: 0 | AA72: 171800000
A73: 230032 | B73: 2.3.2.02.02.009.03 | C73: IMEB | D73: Servicios para la comunidad, sociales y personales- CDE | E73: 1.2.1.0.0 | F73: 1384990486 | G73: 0 | H73: 0 | I73: 0 | J73: 0 | K73: 0 | L73: 0 | M73: 1384990486 | N73: 0 | O73: 1149557386 | P73: 1149557386 | Q73: 0 | R73: 235433100 | S73: 0 | T73: 889069886 | U73: 889069886 | V73: 495920600 | W73: 7657707 | X73: 0 | Y73: 5641041 | Z73: 5641041 | AA73: 883428845
A74: 230033 | B74: 2.3.2.02.02.009.04 | C74: IMEB | D74: Servicios para la comunidad, sociales y personales -EMPLEO | E74: 1.2.1.0.0 | F74: 238770000 | G74: 0 | H74: 0 | I74: 0 | J74: 0 | K74: 0 | L74: 0 | M74: 238770000 | N74: 0 | O74: 219610000 | P74: 219610000 | Q74: 0 | R74: 19160000 | S74: 0 | T74: 219610000 | U74: 219610000 | V74: 19160000 | W74: 9182958 | X74: 0 | Y74: 9182958 | Z74: 9182958 | AA74: 210427042
A75: 230034 | B75: 2.3.2.02.02.009.05 | C75: IMEB | D75: Servicios para la comunidad, sociales y personales-COWORKING | E75: 1.2.1.0.0 | F75: 525900000 | G75: 0 | H75: 0 | I75: 0 | J75: 0 | K75: 0 | L75: 0 | M75: 525900000 | N75: 0 | O75: 393825000 | P75: 393825000 | Q75: 0 | R75: 132075000 | S75: 0 | T75: 393825000 | U75: 393825000 | V75: 132075000 | W75: 4870000 | X75: 0 | Y75: 4870000 | Z75: 4870000 | AA75: 388955000
A76: 230035 | B76: 2.3.2.02.02.009.06 | C76: IMEB | D76: Servicios para la comunidad, sociales y personales-FORTALECIMIENTO | E76: 1.2.1.0.0 | F76: 541456051 | G76: 0 | H76: 0 | I76: 0 | J76: 0 | K76: 0 | L76: 0 | M76: 541456051 | N76: 0 | O76: 529263602 | P76: 529263602 | Q76: 0 | R76: 12192449 | S76: 0 | T76: 529263602 | U76: 529263602 | V76: 12192449 | W76: 29614999 | X76: 0 | Y76: 29614999 | Z76: 29614999 | AA76: 499648603
A77: 230028 | B77: 2.3.2.02.02.007.01 | C77: IMEB | D77: Servicios financieros y servicios conexos, servicios inmobiliarios y servicios de leasing-COWORKING | E77: 1.2.1.0.0 | F77: 170000000 | G77: 0 | H77: 0 | I77: 0 | J77: 0 | K77: 0 | L77: 0 | M77: 170000000 | N77: 0 | O77: 170000000 | P77: 170000000 | Q77: 0 | R77: 0 | S77: 0 | T77: 170000000 | U77: 170000000 | V77: 0 | W77: 0 | X77: 0 | Y77: 0 | Z77: 0 | AA77: 170000000
B80: CDE | K80: =+K62+K70+K72+K75 -> 0 | L80: =+L63+L70+L72+L75 -> 0 | M80: =M67+M69+M73 -> 1654432000 | P80: =P67+P69+P73 -> 1289072886 | U80: =U67+U69+U73 -> 1028585386 | V80: =+V63+V70+V72+V75 -> 4764377112 | W80: =W67+W69+W73 -> 7657707 | X80: =+X62+X70+X72+X75 -> 0 | Z80: =Z54+Z57+Z61+Z68 -> 7102666.7
B81: BANCA | K81: =+K68+K73+K74 -> 0 | L81: =+L68+L73+L74 -> 0 | M81: =M71+M72 -> 1234360000 | P81: =P71+P72 -> 171800000 | U81: =U71+U72 -> 171800000 | V81: =+V68+V73+V74 -> 595006614 | W81: =W71+W72 -> 0 | X81: =+X68+X73+X74 -> 0 | Z81: =Z66+Z67+Z77 -> 0
B82: COWORKING | K82: =+K61+K71+K77 -> 0 | L82: =+L62+L71+L77 -> 0 | M82: =M75+M77 -> 695900000 | P82: =P75+P77 -> 563825000 | U82: =U75+U77 -> 563825000 | V82: =+V62+V71+V77 -> 4000000 | W82: =W75+W77 -> 4870000 | X82: =+X61+X71+X77 -> 0 | Z82: =Z53+Z60+Z70 -> 79508331
B83: EMPLEO | K83: =+K76 -> 0 | L83: =+L76 -> 0 | M83: =M74 -> 238770000 | P83: =P74 -> 219610000 | U83: =U74 -> 219610000 | V83: =+V76 -> 12192449 | W83: =W74 -> 9182958 | X83: =+X76 -> 0 | Z83: =Z69 -> 0
B84: FORTALECIMIENTO | K84: =+K78 -> 0 | L84: =+L78 -> 0 | M84: =M76 -> 541456051 | P84: =P76 -> 529263602 | U84: =U76 -> 529263602 | V84: =+V78 -> 0 | W84: =W76 -> 29614999 | X84: =+X78 -> 0 | Z84: =Z71 -> 0
K86: =SUM(K80:K84) -> 0 | L86: =SUM(L80:L84) -> 0 | M86: =SUM(M80:M84) -> 4364918051 | N86: =SUM(N80:N84) -> 0 | O86: =SUM(O80:O84) -> 0 | P86: =SUM(P80:P84) -> 2773571488 | Q86: =SUM(Q80:Q84) -> 0 | R86: =SUM(R80:R84) -> 0 | S86: =SUM(S80:S84) -> 0 | U86: =U80+U81+U82+U83+U84 -> 2513083988 | W86: =W80+W81+W82+W83+W84 -> 51325664 | X86: =S86/K86 -> #DIV/0! | Z86: =U86/M86 -> 0.57574597

Sheet Gastos_Enero
A1: INSTITUTO MUNICIPAL DE EMPLEO Y FOMENTO EMPRESARIAL - IMEBU
A2: NIT: 00804014968 - 1
A3: EJECUCION PRESUPUESTAL DE GASTOS
A4: Periodo comprendido entre 01-01-2023 y 31-01-2023
A5: Fecha de Impresión: 06.02.2023 Hora: 02:27:pm
A6: Impreso por: GUSTAVO - GUSTAVO RAMIREZ BONELLS
A7: Codigo de Control | B7: Rubro Presupuestal | C7: Unidad Ejecutora | D7: Descripción | E7: Fuente | F7: Presupuesto Inicial | G7: Adiciones | H7: Aplazamientos | I7: Desaplazamiento | J7: Reducciones | K7: Créditos | L7: Contracréditos | M7: Presupuesto Definitivo | N7: Cdps Mes Anterior | O7: Cdps Mes Actual | P7: Total Ejecutado Segun Cdps | Q7: Cdps Vigencia Futura | R7: Saldo por Ejecutar | S7: Compromisos Mes Anterior | T7: Total Compromisos mes Actual | U7: Total Compromisos | V7: Saldo por Comprometer | W7: Total Obligaciones | X7: Pagos Mes Anterior | Y7: Total Pagos Periodo | Z7: Total Pagos | AA7: Saldo por Pagar
B8: 2 | C8: IMEB | D8: Gastos | F8: 6974000000 | G8: 0 | H8: 0 | I8: 0 | J8: 0 | K8: 0 | L8: 0 | M8: 6974000000 | N8: 0 | O8: 2737468245 | P8: 2737468245 | Q8: 0 | R8: 4236531755 | S8: 0 | T8: 1691906419 | U8: 1691906419 | V8: 5282093581 | W8: 90025769 | X8: 0 | Y8: 66256652 | Z8: 66256652 | AA8: 1625649767
B9: 2.1 | C9: IMEB | D9: Funcionamiento | F9: 2609081949 | G9: 0 | H9: 0 | I9: 0 | J9: 0 | K9: 0 | L9: 0 | M9: 2609081949 | N9: 0 | O9: 601183359 | P9: 601183359 | Q9: 0 | R9: 2007898590 | S9: 0 | T9: 276365169 | U9: 276365169 | V9: 2332716780 | W9: 90025769 | X9: 0 | Y9: 66256652 | Z9: 66256652 | AA9: 210108517
B10: 2.1.1 | C10: IMEB | D10: Gastos de personal | F10: 1587025756 | G10: 0 | H10: 0 | I10: 0 | J10: 0 | K10: 0 | L10: 0 | M10: 1587025756 | N10: 0 | O10: 86808152 | P10: 86808152 | Q10: 0 | R10: 1500217604 | S10: 0 | T10: 86808152 | U10: 86808152 | V10: 1500217604 | W10: 86728752 | X10: 0 | Y10: 66256652 | Z10: 66256652 | AA10: 20551500
B11: 2.1.1.01 | C11: IMEB | D11: Planta de personal permanente | F11: 1587025756 | G11: 0 | H11: 0 | I11: 0 | J11: 0 | K11: 0 | L11: 0 | M11: 1587025756 | N11: 0 | O11: 86808152 | P11: 86808152 | Q11: 0 | R11: 1500217604 | S11: 0 | T11: 86808152 | U11: 86808152 | V11: 1500217604 | W11: 86728752 | X11: 0 | Y11: 66256652 | Z11: 66256652 | AA11: 20551500
B12: 2.1.1.01.01 | C12: IMEB | D12: Factores constitutivos de salario | F12: 1107587483 | G12: 0 | H12: 0 | I12: 0 | J12: 0 | K12: 0 | L12: 0 | M12: 1107587483 | N12: 0 | O12: 66256652 | P12: 66256652 | Q12: 0 | R12: 1041330831 | S12: 0 | T12: 66256652 | U12: 66256652 | V12: 1041330831 | W12: 66256652 | X12: 0 | Y12: 66256652 | Z12: 66256652 | AA12: 0
B13: 2.1.1.01.01.001 | C13: IMEB | D13: Factores salariales comunes | F13: 1107587483 | G13: 0 | H13: 0 | I13: 0 | J13: 0 | K13: 0 | L13: 0 | M13: 1107587483 | N13: 0 | O13: 66256652 | P13: 66256652 | Q13: 0 | R13: 1041330831 | S13: 0 | T13: 66256652 | U13: 66256652 | V13: 1041330831 | W13: 66256652 | X13: 0 | Y13: 66256652 | Z13: 66256652 | AA13: 0
A14: 230001 | B14: 2.1.1.01.01.001.01 | C14: IMEB | D14: Sueldo básico | E14: 1.2.1.0.0 | F14: 880317528 | G14: 0 | H14: 0 | I14: 0 | J14: 0 | K14: 0 | L14: 0 | M14: 880317528 | N14: 0 | O14: 66256652 | P14: 66256652 | Q14: 0 | R14: 814060876 | S14: 0 | T14: 66256652 | U14: 66256652 | V14: 814060876 | W14: 66256652 | X14: 0 | Y14: 66256652 | Z14: 66256652 | AA14: 0
A15: 230002 | B15: 2.1.1.01.01.001.06 | C15: IMEB | D15: Prima de servicios | E15: 1.2.1.0.0 | F15: 75499453 | G15: 0 | H15: 0 | I15: 0 | J15: 0 | K15: 0 | L15: 0 | M15: 75499453 | N15: 0 | O15: 0 | P15: 0 | Q15: 0 | R15: 75499453 | S15: 0 | T15: 0 | U15: 0 | V15: 75499453 | W15: 0 | X15: 0 | Y15: 0 | Z15: 0 | AA15: 0
A16: 230003 | B16: 2.1.1.01.01.001.07 | C16: IMEB | D16: Bonificación por servicios prestados | E16: 1.2.1.0.0 | F16: 25675926 | G16: 0 | H16: 0 | I16: 0 | J16: 0 | K16: 0 | L16: 0 | M16: 25675926 | N16: 0 | O16: 0 | P16: 0 | Q16: 0 | R16: 25675926 | S16: 0 | T16: 0 | U16: 0 | V16: 25675926 | W16: 0 | X16: 0 | Y16: 0 | Z16: 0 | AA16: 0
B17: 2.1.1.01.01.001.08 | C17: IMEB | D17: Prestaciones sociales | F17: 126094576 | G17: 0 | H17: 0 | I17: 0 | J17: 0 | K17: 0 | L17: 0 | M17: 126094576 | N17: 0 | O17: 0 | P17: 0 | Q17: 0 | R17: 126094576 | S17: 0 | T17: 0 | U17: 0 | V17: 126094576 | W17: 0 | X17: 0 | Y17: 0 | Z17: 0 | AA17: 0
A18: 230004 | B18: 2.1.1.01.01.001.08.01 | C18: IMEB | D18: Prima de navidad | E18: 1.2.1.0.0 | F18: 85199034 | G18: 0 | H18: 0 | I18: 0 | J18: 0 | K18: 0 | L18: 0 | M18: 85199034 | N18: 0 | O18: 0 | P18: 0 | Q18: 0 | R18: 85199034 | S18: 0 | T18: 0 | U18: 0 | V18: 85199034 | W18: 0 | X18: 0 | Y18: 0 | Z18: 0 | AA18: 0
A19: 230005 | B19: 2.1.1.01.01.001.08.02 | C19: IMEB | D19: Prima de vacaciones | E19: 1.2.1.0.0 | F19: 40895542 | G19: 0 | H19: 0 | I19: 0 | J19: 0 | K19: 0 | L19: 0 | M19: 40895542 | N19: 0 | O19: 0 | P19: 0 | Q19: 0 | R19: 40895542 | S19: 0 | T19: 0 | U19: 0 | V19: 40895542 | W19: 0 | X19: 0 | Y19: 0 | Z19: 0 | AA19: 0
B20: 2.1.1.01.02 | C20: IMEB | D20: Contribuciones inherentes a la nómina | F20: 391841130 | G20: 0 | H20: 0 | I20: 0 | J20: 0 | K20: 0 | L20: 0 | M20: 391841130 | N20: 0 | O20: 20551500 | P20: 20551500 | Q20: 0 | R20: 371289630 | S20: 0 | T20: 20551500 | U20: 20551500 | V20: 371289630 | W20: 20472100 | X20: 0 | Y20: 0 | Z20: 0 | AA20: 20551500
A21: 230007 | B21: 2.1.1.01.02.001 | C21: IMEB | D21: Aportes a la seguridad social en pensiones | E21: 1.2.1.0.0 | F21: 108719214 | G21: 0 | H21: 0 | I21: 0 | J21: 0 | K21: 0 | L21: 0 | M21: 108719214 | N21: 0 | O21: 8056000 | P21: 8056000 | Q21: 0 | R21: 100663214 | S21: 0 | T21: 8056000 | U21: 8056000 | V21: 100663214 | W21: 8056000 | X21: 0 | Y21: 0 | Z21: 0 | AA21: 8056000
A22: 230008 | B22: 2.1.1.01.02.002 | C22: IMEB | D22: Aportes a la seguridad social en salud | E22: 1.2.1.0.0 | F22: 77009444 | G22: 0 | H22: 0 | I22: 0 | J22: 0 | K22: 0 | L22: 0 | M22: 77009444 | N22: 0 | O22: 5711100 | P22: 5711100 | Q22: 0 | R22: 71298344 | S22: 0 | T22: 5711100 | U22: 5711100 | V22: 71298344 | W22: 5631700 | X22: 0 | Y22: 0 | Z22: 0 | AA22: 5711100
A23: 230009 | B23: 2.1.1.01.02.003 | C23: IMEB | D23: Aportes de cesantías | E23: 1.2.1.0.0 | F23: 103374829 | G23: 0 | H23: 0 | I23: 0 | J23: 0 | K23: 0 | L23: 0 | M23: 103374829 | N23: 0 | O23: 0 | P23: 0 | Q23: 0 | R23: 103374829 | S23: 0 | T23: 0 | U23: 0 | V23: 103374829 | W23: 0 | X23: 0 | Y23: 0 | Z23: 0 | AA23: 0
A24: 230010 | B24: 2.1.1.01.02.004 | C24: IMEB | D24: Aportes a cajas de compensación familiar | E24: 1.2.1.0.0 | F24: 43403798 | G24: 0 | H24: 0 | I24: 0 | J24: 0 | K24: 0 | L24: 0 | M24: 43403798 | N24: 0 | O24: 2860900 | P24: 2860900 | Q24: 0 | R24: 40542898 | S24: 0 | T24: 2860900 | U24: 2860900 | V24: 40542898 | W24: 2860900 | X24: 0 | Y24: 0 | Z24: 0 | AA24: 2860900
A25: 230011 | B25: 2.1.1.01.02.005 | C25: IMEB | D25: Aportes generales al sistema de riesgos laborales | E25: 1.2.1.0.0 | F25: 5079098 | G25: 0 | H25: 0 | I25: 0 | J25: 0 | K25: 0 | L25: 0 | M25: 5079098 | N25: 0 | O25: 346600 | P25: 346600 | Q25: 0 | R25: 4732498 | S25: 0 | T25: 346600 | U25: 346600 | V25: 4732498 | W25: 346600 | X25: 0 | Y25: 0 | Z25: 0 | AA25: 346600
A26: 230012 | B26: 2.1.1.01.02.006 | C26: IMEB | D26: Aportes al ICBF | E26: 1.2.1.0.0 | F26: 32552848 | G26: 0 | H26: 0 | I26: 0 | J26: 0 | K26: 0 | L26: 0 | M26: 32552848 | N26: 0 | O26: 2146100 | P26: 2146100 | Q26: 0 | R26: 30406748 | S26: 0 | T26: 2146100 | U26: 2146100 | V26: 30406748 | W26: 2146100 | X26: 0 | Y26: 0 | Z26: 0 | AA26: 2146100
A27: 230013 | B27: 2.1.1.01.02.007 | C27: IMEB | D27: Aportes al SENA | E27: 1.2.1.0.0 | F27: 21701899 | G27: 0 | H27: 0 | I27: 0 | J27: 0 | K27: 0 | L27: 0 | M27: 21701899 | N27: 0 | O27: 1430800 | P27: 1430800 | Q27: 0 | R27: 20271099 | S27: 0 | T27: 1430800 | U27: 1430800 | V27: 20271099 | W27: 1430800 | X27: 0 | Y27: 0 | Z27: 0 | AA27: 1430800
B28: 2.1.1.01.03 | C28: IMEB | D28: Remuneraciones no constitutivas de factor salarial | F28: 87597143 | G28: 0 | H28: 0 | I28: 0 | J28: 0 | K28: 0 | L28: 0 | M28: 87597143 | N28: 0 | O28: 0 | P28: 0 | Q28: 0 | R28: 87597143 | S28: 0 | T28: 0 | U28: 0 | V28: 87597143 | W28: 0 | X28: 0 | Y28: 0 | Z28: 0 | AA28: 0
B29: 2.1.1.01.03.001 | C29: IMEB | D29: Prestaciones sociales | F29: 87597143 | G29: 0 | H29: 0 | I29: 0 | J29: 0 | K29: 0 | L29: 0 | M29: 87597143 | N29: 0 | O29: 0 | P29: 0 | Q29: 0 | R29: 87597143 | S29: 0 | T29: 0 | U29: 0 | V29: 87597143 | W29: 0 | X29: 0 | Y29: 0 | Z29: 0 | AA29: 0
A30: 230014 | B30: 2.1.1.01.03.001.01 | C30: IMEB | D30: Vacaciones | E30: 1.2.1.0.0 | F30: 62706489 | G30: 0 | H30: 0 | I30: 0 | J30: 0 | K30: 0 | L30: 0 | M30: 62706489 | N30: 0 | O30: 0 | P30: 0 | Q30: 0 | R30: 62706489 | S30: 0 | T30: 0 | U30: 0 | V30: 62706489 | W30: 0 | X30: 0 | Y30: 0 | Z30: 0 | AA30: 0
A31: 230015 | B31: 2.1.1.01.03.001.02 | C31: IMEB | D31: Indemnización por vacaciones | E31: 1.3.2.3.05 | F31: 20000000 | G31: 0 | H31: 0 | I31: 0 | J31: 0 | K31: 0 | L31: 0 | M31: 20000000 | N31: 0 | O31: 0 | P31: 0 | Q31: 0 | R31: 20000000 | S31: 0 | T31: 0 | U31: 0 | V31: 20000000 | W31: 0 | X31: 0 | Y31: 0 | Z31: 0 | AA31: 0
A32: 230016 | B32: 2.1.1.01.03.001.03 | C32: IMEB | D32: Bonificacion especial de recreación | E32: 1.2.1.0.0 | F32: 4890654 | G32: 0 | H32: 0 | I32: 0 | J32: 0 | K32: 0 | L32: 0 | M32: 4890654 | N32: 0 | O32: 0 | P32: 0 | Q32: 0 | R32: 4890654 | S32: 0 | T32: 0 | U32: 0 | V32: 4890654 | W32: 0 | X32: 0 | Y32: 0 | Z32: 0 | AA32: 0
B33: 2.1.2 | C33: IMEB | D33: Adquisición de bienes y servicios | F33: 953512250 | G33: 0 | H33: 0 | I33: 0 | J33: 0 | K33: 0 | L33: 0 | M33: 953512250 | N33: 0 | O33: 514375207 | P33: 514375207 | Q33: 0 | R33: 439137043 | S33: 0 | T33: 189557017 | U33: 189557017 | V33: 763955233 | W33: 3297017 | X33: 0 | Y33: 0 | Z33: 0 | AA33: 189557017
B34: 2.1.2.01 | C34: IMEB | D34: Adquisición de activos no financieros | F34: 32500000 | G34: 0 | H34: 0 | I34: 0 | J34: 0 | K34: 0 | L34: 0 | M34: 32500000 | N34: 0 | O34: 0 | P34: 0 | Q34: 0 | R34: 32500000 | S34: 0 | T34: 0 | U34: 0 | V34: 32500000 | W34: 0 | X34: 0 | Y34: 0 | Z34: 0 | AA34: 0
B35: 2.1.2.01.01 | C35: IMEB | D35: Activos Fijos | F35: 32500000 | G35: 0 | H35: 0 | I35: 0 | J35: 0 | K35: 0 | L35: 0 | M35: 32500000 | N35: 0 | O35: 0 | P35: 0 | Q35: 0 | R35: 32500000 | S35: 0 | T35: 0 | U35: 0 | V35: 32500000 | W35: 0 | X35: 0 | Y35: 0 | Z35: 0 | AA35: 0
B36: 2.1.2.01.01.005 | C36: IMEB | D36: Otros Activos Fijos | F36: 32500000 | G36: 0 | H36: 0 | I36: 0 | J36: 0 | K36: 0 | L36: 0 | M36: 32500000 | N36: 0 | O36: 0 | P36: 0 | Q36: 0 | R36: 32500000 | S36: 0 | T36: 0 | U36: 0 | V36: 32500000 | W36: 0 | X36: 0 | Y36: 0 | Z36: 0 | AA36: 0
B37: 2.1.2.01.01.005.02 | C37: IMEB | D37: Productos de la propiedad intelectual | F37: 32500000 | G37: 0 | H37: 0 | I37: 0 | J37: 0 | K37: 0 | L37: 0 | M37: 32500000 | N37: 0 | O37: 0 | P37: 0 | Q37: 0 | R37: 32500000 | S37: 0 | T37: 0 | U37: 0 | V37: 32500000 | W37: 0 | X37: 0 | Y37: 0 | Z37: 0 | AA37: 0
